Workbook
Name Print_Area: Resumo!$A$1:$H$131
Name Print_Area: 'Memória de Cálculo'!$A$1:$E$72
Name Print_Area_0_0: Resumo!$A$1:$H$131
Name Print_Area_0_0: 'Memória de Cálculo'!$A$1:$E$43
Name Print_Area_0_0_0: Resumo!$A$1:$H$89
Name Print_Area_0_0_0: 'Memória de Cálculo'!$A$1:$E$43

Sheet Resumo
A1: PLANILHA ESTIMATIVA
A2: Anexo IV - Planilha de Custos e Formação de Preços para Serviços de Vigilância - GEX Belém, Marabá e Santarém/PA
A4: INSS - GERÊNCIA EXECUTIVA EM BELÉM, MARABÁ E SANTARÉM / PA
A5: PREGÃO ELETRÔNICO Nº
A6: DATA DA ABERTURA: | G6: Hora:
A8: 1 - OBJETO:
A9: Contratação de serviços de segurança e vigilância orgânica e patrimonial desarmada, visando atender as demandas das Gerências Executivas vinculadas, conforme condições, quantidades e exigências estabelecidas neste instrumento convocatório.
A11: 2 - CONDIÇÕES GERAIS
A12: Conforme Termo de Referência.
A16: RESUMO GERAL
B17: DESCRIÇÃO | F17: POSTOS / HE | G17: VALOR MENSAL | H17: VALOR GLOBAL
B18: POSTO DE VIGILÂNCIA DESARMADA 44 HORAS SEMANAIS | F18: =E27+E31+E34+E38+E41+E44+E47+E50+E53+E56+E59+E63+E67+E71+E74+E77+E81+E84+E88+E91+E95+E98+E102+E105+E108+E111+E114+E117+E120+E123+E126+E129+E132+E135+E138+E141+E145+E149+E152+E155+E158+E161+E164+E167+E170+E174+E177+E180+E183+E187+E190+E194+E198+E202+E206+E210 -> 81 | G18: =G27+G31+G34+G38+G41+G44+G47+G50+G53+G56+G59+G63+G67+G71+G74+G77+G81+G84+G88+G91+G95+G98+G102+G105+G108+G111+G114+G117+G120+G123+G126+G129+G132+G135+G138+G141+G145+G149+G152+G155+G158+G161+G164+G167+G170+G174+G177+G180+G183+G187+G190+G194+G198+G202+G206+G210 -> 466837.14 | H18: =G18*12 -> 5602045.7
B19: POSTO DE VIGILÂNCIA DESARMADA 12x36 DIURNO | F19: =E28+E32+E35+E39+E42+E45+E48+E51+E54+E57+E60+E64+E68+E72+E75+E78+E82+E85+E89+E92+E96+E99+E103+E106+E109+E112+E115+E118+E121+E124+E127+E130+E133+E136+E139+E142+E146+E150+E153+E156+E159+E162+E165+E168+E171+E175+E178+E181+E184+E188+E191+E195+E199+E203+E207+E211 -> 21 | G19: =G28+G32+G35+G39+G42+G45+G48+G51+G54+G57+G60+G64+G68+G72+G75+G78+G82+G85+G89+G92+G96+G99+G103+G106+G109+G112+G115+G118+G121+G124+G127+G130+G133+G136+G139+G142+G146+G150+G153+G156+G159+G162+G165+G168+G171+G175+G178+G181+G184+G188+G191+G195+G199+G203+G207+G211 -> 230430.32 | H19: =G19*12 -> 2765163.8
B20: POSTO DE VIGILÂNCIA DESARMADA 12x36 NOTURNO | F20: =E29+E36+E61+E65+E69+E79+E86+E93+E100+E143+E147+E172+E185+E192+E196+E200+E204+E208 -> 26 | G20: =G29+G36+G61+G65+G69+G79+G86+G93+G100+G143+G147+G172+G185+G192+G196+G200+G204+G208 -> 328576.8 | H20: =G20*12 -> 3942921.6
B21: HORA EXTRA (Sábado) | F21: 250 | G21: =H21/12 -> 585.20833 | H21: =Horas_Extras!E130 -> 7022.5
B22: HORA EXTRA (Domingo e feriados) | F22: 50 | G22: =H22/12 -> 156.04167 | H22: =Horas_Extras!E131 -> 1872.5
B23: VALOR TOTAL: | F23: =SUM(F18:F20) -> 128 | G23: =SUM(G18:G22) -> 1026585.5 | H23: =SUM(H18:H22) -> 12319026
A25: PLANILHA 2023
A26: Item | B26: Município | C26: Descrição | E26: Quant. | F26: Valor do Posto | G26: Valor Mensal | H26: Valor 12 Meses
A27: 1 | B27: BELÉM | C27: POSTO DE VIGILÂNCIA DESARMADA 44 HORAS SEMANAIS | E27: 12 | F27: =Belém!E128 -> 5859.54 | G27: =F27*E27 -> 70314.48 | H27: =G27*12 -> 843773.76
C28: POSTO DE VIGILÂNCIA DESARMADA 12x36 DIURNO | E28: 8 | F28: =Belém!E129 -> 11012.84 | G28: =F28*E28 -> 88102.72 | H28: =G28*12 -> 1057232.6
C29: POSTO DE VIGILÂNCIA DESARMADA 12x36 NOTURNO | E29: 8 | F29: =Belém!E130 -> 12695.82 | G29: =F29*E29 -> 101566.56 | H29: =G29*12 -> 1218798.7
C30: VALOR TOTAL: | G30: =SUM(G27:G29) -> 259983.76 | H30: =SUM(H27:H29) -> 3119805.1
A31: 2 | B31: ACARÁ | C31: POSTO DE VIGILÂNCIA DESARMADA 44 HORAS SEMANAIS | E31: 1 | F31: =Acará!E128 -> 5724.59 | G31: =F31*E31 -> 5724.59 | H31: =G31*12 -> 68695.08
C32: POSTO DE VIGILÂNCIA DESARMADA 12x36 DIURNO | E32: 0 | F32: =Acará!E129 -> 10967.34 | G32: =F32*E32 -> 0 | H32: =G32*12 -> 0
C33: VALOR TOTAL: | G33: =SUM(G31:G32) -> 5724.59 | H33: =SUM(H31:H32) -> 68695.08
A34: 3 | B34: BARCARENA | C34: POSTO DE VIGILÂNCIA DESARMADA 44 HORAS SEMANAIS | E34: 0 | F34: =Barcarena!E128 -> 5724.59 | G34: =F34*E34 -> 0 | H34: =G34*12 -> 0
C35: POSTO DE VIGILÂNCIA DESARMADA 12x36 DIURNO | E35: 1 | F35: =Barcarena!E129 -> 10967.34 | G35: =F35*E35 -> 10967.34 | H35: =G35*12 -> 131608.08
C36: POSTO DE VIGILÂNCIA DESARMADA 12x36 NOTURNO | E36: 1 | F36: =Barcarena!E130 -> 12650.3 | G36: =F36*E36 -> 12650.3 | H36: =G36*12 -> 151803.6
C37: VALOR TOTAL: | G37: =SUM(G34:G36) -> 23617.64 | H37: =SUM(H34:H36) -> 283411.68
A38: 4 | B38: BENEVIDES | C38: POSTO DE VIGILÂNCIA DESARMADA 44 HORAS SEMANAIS | E38: 2 | F38: =Benevides!E128 -> 5833.03 | G38: =F38*E38 -> 11666.06 | H38: =G38*12 -> 139992.72
C39: POSTO DE VIGILÂNCIA DESARMADA 12x36 DIURNO | E39: 0 | F39: =Benevides!E129 -> 10982.26 | G39: =F39*E39 -> 0 | H39: =G39*12 -> 0
C40: VALOR TOTAL: | G40: =SUM(G38:G39) -> 11666.06 | H40: =SUM(H38:H39) -> 139992.72
A41: 5 | B41: CONCÓRDIA DO PARÁ | C41: POSTO DE VIGILÂNCIA DESARMADA 44 HORAS SEMANAIS | E41: 1 | F41: =Concórdia!E128 -> 5724.59 | G41: =F41*E41 -> 5724.59 | H41: =G41*12 -> 68695.08
C42: POSTO DE VIGILÂNCIA DESARMADA 12x36 DIURNO | E42: 0 | F42: =Concórdia!E129 -> 10967.34 | G42: =F42*E42 -> 0 | H42: =G42*12 -> 0
C43: VALOR TOTAL: | G43: =SUM(G41:G42) -> 5724.59 | H43: =SUM(H41:H42) -> 68695.08
A44: 6 | B44: DOM ELISEU | C44: POSTO DE VIGILÂNCIA DESARMADA 44 HORAS SEMANAIS | E44: 1 | F44: ='Dom Eliseu'!E128 -> 5724.59 | G44: =F44*E44 -> 5724.59 | H44: =G44*12 -> 68695.08
C45: POSTO DE VIGILÂNCIA DESARMADA 12x36 DIURNO | E45: 0 | F45: ='Dom Eliseu'!E129 -> 10967.34 | G45: =F45*E45 -> 0 | H45: =G45*12 -> 0
C46: VALOR TOTAL: | G46: =SUM(G44:G45) -> 5724.59 | H46: =SUM(H44:H45) -> 68695.08
A47: 7 | B47: IPIXUNA DO PARÁ | C47: POSTO DE VIGILÂNCIA DESARMADA 44 HORAS SEMANAIS | E47: 1 | F47: =Ipixuna!E128 -> 5724.59 | G47: =F47*E47 -> 5724.59 | H47: =G47*12 -> 68695.08
C48: POSTO DE VIGILÂNCIA DESARMADA 12x36 DIURNO | E48: 0 | F48: =Ipixuna!E129 -> 10967.34 | G48: =F48*E48 -> 0 | H48: =G48*12 -> 0
C49: VALOR TOTAL: | G49: =SUM(G47:G48) -> 5724.59 | H49: =SUM(H47:H48) -> 68695.08
A50: 8 | B50: MARAPANIM | C50: POSTO DE VIGILÂNCIA DESARMADA 44 HORAS SEMANAIS | E50: 1 | F50: =Marapanim!E128 -> 5724.59 | G50: =F50*E50 -> 5724.59 | H50: =G50*12 -> 68695.08
C51: POSTO DE VIGILÂNCIA DESARMADA 12x36 DIURNO | E51: 0 | F51: =Marapanim!E129 -> 10967.34 | G51: =F51*E51 -> 0 | H51: =G51*12 -> 0
C52: VALOR TOTAL: | G52: =SUM(G50:G51) -> 5724.59 | H52: =SUM(H50:H51) -> 68695.08
A53: 9 | B53: MOCAJUBA | C53: POSTO DE VIGILÂNCIA DESARMADA 44 HORAS SEMANAIS | E53: 1 | F53: =Mocajuba!E128 -> 5724.59 | G53: =F53*E53 -> 5724.59 | H53: =G53*12 -> 68695.08
C54: POSTO DE VIGILÂNCIA DESARMADA 12x36 DIURNO | E54: 0 | F54: =Mocajuba!E129 -> 10967.34 | G54: =F54*E54 -> 0 | H54: =G54*12 -> 0
C55: VALOR TOTAL: | G55: =SUM(G53:G54) -> 5724.59 | H55: =SUM(H53:H54) -> 68695.08
A56: 10 | B56: NOVA ESPERANÇA DO PIRIÁ | C56: POSTO DE VIGILÂNCIA DESARMADA 44 HORAS SEMANAIS | E56: 1 | F56: ='Nova Esperança'!E128 -> 5601.94 | G56: =F56*E56 -> 5601.94 | H56: =G56*12 -> 67223.28
C57: POSTO DE VIGILÂNCIA DESARMADA 12x36 DIURNO | E57: 0 | F57: ='Nova Esperança'!E129 -> 10732.36 | G57: =F57*E57 -> 0 | H57: =G57*12 -> 0
C58: VALOR TOTAL: | G58: =SUM(G56:G57) -> 5601.94 | H58: =SUM(H56:H57) -> 67223.28
A59: 11 | B59: ABAETETUBA | C59: POSTO DE VIGILÂNCIA DESARMADA 44 HORAS SEMANAIS | E59: 1 | F59: =Abaetetuba!E128 -> 5601.94 | G59: =F59*E59 -> 5601.94 | H59: =G59*12 -> 67223.28
C60: POSTO DE VIGILÂNCIA DESARMADA 12x36 DIURNO | E60: 1 | F60: =Abaetetuba!E129 -> 10732.36 | G60: =F60*E60 -> 10732.36 | H60: =G60*12 -> 128788.32
C61: POSTO DE VIGILÂNCIA DESARMADA 12x36 NOTURNO | E61: 1 | F61: =Abaetetuba!E130 -> 12379.26 | G61: =F61*E61 -> 12379.26 | H61: =G61*12 -> 148551.12
C62: VALOR TOTAL: | G62: =SUM(G59:G61) -> 28713.56 | H62: =SUM(H59:H61) -> 344562.72
A63: 12 | B63: ICOARACÍ | C63: POSTO DE VIGILÂNCIA DESARMADA 44 HORAS SEMANAIS | E63: 2 | F63: =Icoarací!E128 -> 5724.59 | G63: =F63*E63 -> 11449.18 | H63: =G63*12 -> 137390.16
C64: POSTO DE VIGILÂNCIA DESARMADA 12x36 DIURNO | E64: 1 | F64: =Icoarací!E129 -> 10967.34 | G64: =F64*E64 -> 10967.34 | H64: =G64*12 -> 131608.08
C65: POSTO DE VIGILÂNCIA DESARMADA 12x36 NOTURNO | E65: 1 | F65: =Icoarací!E130 -> 12650.3 | G65: =F65*E65 -> 12650.3 | H65: =G65*12 -> 151803.6
C66: VALOR TOTAL: | G66: =SUM(G63:G65) -> 35066.82 | H66: =SUM(H63:H65) -> 420801.84
A67: 13 | B67: BRAGANÇA | C67: POSTO DE VIGILÂNCIA DESARMADA 44 HORAS SEMANAIS | E67: 1 | F67: =Bragança!E128 -> 5724.59 | G67: =F67*E67 -> 5724.59 | H67: =G67*12 -> 68695.08
C68: POSTO DE VIGILÂNCIA DESARMADA 12x36 DIURNO | E68: 1 | F68: =Bragança!E129 -> 10967.34 | G68: =F68*E68 -> 10967.34 | H68: =G68*12 -> 131608.08
C69: POSTO DE VIGILÂNCIA DESARMADA 12x36 NOTURNO | E69: 1 | F69: =Bragança!E130 -> 12650.3 | G69: =F69*E69 -> 12650.3 | H69: =G69*12 -> 151803.6
C70: VALOR TOTAL: | G70: =SUM(G67:G69) -> 29342.23 | H70: =SUM(H67:H69) -> 352106.76
A71: 14 | B71: CAMETÁ | C71: POSTO DE VIGILÂNCIA DESARMADA 44 HORAS SEMANAIS | E71: 2 | F71: =Cametá!E128 -> 5724.59 | G71: =F71*E71 -> 11449.18 | H71: =G71*12 -> 137390.16
C72: POSTO DE VIGILÂNCIA DESARMADA 12x36 DIURNO | E72: 0 | F72: =Cametá!E129 -> 10967.34 | G72: =F72*E72 -> 0 | H72: =G72*12 -> 0
C73: VALOR TOTAL: | G73: =SUM(G71:G72) -> 11449.18 | H73: =SUM(H71:H72) -> 137390.16
A74: 15 | B74: CAPANEMA | C74: POSTO DE VIGILÂNCIA DESARMADA 44 HORAS SEMANAIS | E74: 2 | F74: =Capanema!E128 -> 5724.59 | G74: =F74*E74 -> 11449.18 | H74: =G74*12 -> 137390.16
C75: POSTO DE VIGILÂNCIA DESARMADA 12x36 DIURNO | E75: 0 | F75: =Capanema!E129 -> 10967.34 | G75: =F75*E75 -> 0 | H75: =G75*12 -> 0
C76: VALOR TOTAL: | G76: =SUM(G74:G75) -> 11449.18 | H76: =SUM(H74:H75) -> 137390.16
A77: 16 | B77: CASTANHAL | C77: POSTO DE VIGILÂNCIA DESARMADA 44 HORAS SEMANAIS | E77: 1 | F77: =Castanhal!E128 -> 5793.25 | G77: =F77*E77 -> 5793.25 | H77: =G77*12 -> 69519
C78: POSTO DE VIGILÂNCIA DESARMADA 12x36 DIURNO | E78: 1 | F78: =Castanhal!E129 -> 10967.34 | G78: =F78*E78 -> 10967.34 | H78: =G78*12 -> 131608.08
C79: POSTO DE VIGILÂNCIA DESARMADA 12x36 NOTURNO | E79: 1 | F79: =Castanhal!E130 -> 12650.3 | G79: =F79*E79 -> 12650.3 | H79: =G79*12 -> 151803.6
C80: VALOR TOTAL: | G80: =SUM(G77:G79) -> 29410.89 | H80: =SUM(H77:H79) -> 352930.68
A81: 17 | B81: BREVES | C81: POSTO DE VIGILÂNCIA DESARMADA 44 HORAS SEMANAIS | E81: 1 | F81: =Breves!E128 -> 5724.59 | G81: =F81*E81 -> 5724.59 | H81: =G81*12 -> 68695.08
C82: POSTO DE VIGILÂNCIA DESARMADA 12x36 DIURNO | E82: 0 | F82: =Breves!E129 -> 10967.34 | G82: =F82*E82 -> 0 | H82: =G82*12 -> 0
C83: VALOR TOTAL: | G83: =SUM(G81:G82) -> 5724.59 | H83: =SUM(H81:H82) -> 68695.08
A84: 18 | B84: PARAGOMINAS | C84: POSTO DE VIGILÂNCIA DESARMADA 44 HORAS SEMANAIS | E84: 1 | F84: =Paragominas!E128 -> 5724.59 | G84: =F84*E84 -> 5724.59 | H84: =G84*12 -> 68695.08
C85: POSTO DE VIGILÂNCIA DESARMADA 12x36 DIURNO | E85: 1 | F85: =Paragominas!E129 -> 10967.34 | G85: =F85*E85 -> 10967.34 | H85: =G85*12 -> 131608.08
C86: POSTO DE VIGILÂNCIA DESARMADA 12x36 NOTURNO | E86: 1 | F86: =Paragominas!E130 -> 12650.3 | G86: =F86*E86 -> 12650.3 | H86: =G86*12 -> 151803.6
C87: VALOR TOTAL: | G87: =SUM(G84:G86) -> 29342.23 | H87: =SUM(H84:H86) -> 352106.76
A88: 19 | B88: SANTA IZABEL | C88: POSTO DE VIGILÂNCIA DESARMADA 44 HORAS SEMANAIS | E88: 2 | F88: ='Santa Izabel'!E128 -> 5724.59 | G88: =F88*E88 -> 11449.18 | H88: =G88*12 -> 137390.16
C89: POSTO DE VIGILÂNCIA DESARMADA 12x36 DIURNO | E89: 0 | F89: ='Santa Izabel'!E129 -> 10967.34 | G89: =F89*E89 -> 0 | H89: =G89*12 -> 0
C90: VALOR TOTAL: | G90: =SUM(G88:G89) -> 11449.18 | H90: =SUM(H88:H89) -> 137390.16
A91: 20 | B91: ANANINDEUA | C91: POSTO DE VIGILÂNCIA DESARMADA 44 HORAS SEMANAIS | E91: 2 | F91: =Ananindeua!E128 -> 5833.03 | G91: =F91*E91 -> 11666.06 | H91: =G91*12 -> 139992.72
C92: POSTO DE VIGILÂNCIA DESARMADA 12x36 DIURNO | E92: 1 | F92: =Ananindeua!E129 -> 10982.26 | G92: =F92*E92 -> 10982.26 | H92: =G92*12 -> 131787.12
C93: POSTO DE VIGILÂNCIA DESARMADA 12x36 NOTURNO | E93: 1 | F93: =Ananindeua!E130 -> 12665.22 | G93: =F93*E93 -> 12665.22 | H93: =G93*12 -> 151982.64
C94: VALOR TOTAL: | G94: =SUM(G91:G93) -> 35313.54 | H94: =SUM(H91:H93) -> 423762.48
A95: 21 | B95: VIGIA | C95: POSTO DE VIGILÂNCIA DESARMADA 44 HORAS SEMANAIS | E95: 1 | F95: =Vigia!E128 -> 5724.59 | G95: =F95*E95 -> 5724.59 | H95: =G95*12 -> 68695.08
C96: POSTO DE VIGILÂNCIA DESARMADA 12x36 DIURNO | E96: 0 | F96: =Vigia!E129 -> 10967.34 | G96: =F96*E96 -> 0 | H96: =G96*12 -> 0
C97: VALOR TOTAL: | G97: =SUM(G95:G96) -> 5724.59 | H97: =SUM(H95:H96) -> 68695.08
A98: 22 | B98: VISEU | C98: POSTO DE VIGILÂNCIA DESARMADA 44 HORAS SEMANAIS | E98: 0 | F98: =Viseu!E128 -> 5724.59 | G98: =F98*E98 -> 0 | H98: =G98*12 -> 0
C99: POSTO DE VIGILÂNCIA DESARMADA 12x36 DIURNO | E99: 1 | F99: =Viseu!E129 -> 10967.34 | G99: =F99*E99 -> 10967.34 | H99: =G99*12 -> 131608.08
C100: POSTO DE VIGILÂNCIA DESARMADA 12x36 NOTURNO | E100: 1 | F100: =Viseu!E130 -> 12650.3 | G100: =F100*E100 -> 12650.3 | H100: =G100*12 -> 151803.6
C101: VALOR TOTAL: | G101: =SUM(G98:G100) -> 23617.64 | H101: =SUM(H98:H100) -> 283411.68
A102: 23 | B102: SÃO SEBASTIÃO DA BOA VISTA | C102: POSTO DE VIGILÂNCIA DESARMADA 44 HORAS SEMANAIS | E102: 1 | F102: ='São Sebastião'!E128 -> 5724.59 | G102: =F102*E102 -> 5724.59 | H102: =G102*12 -> 68695.08
C103: POSTO DE VIGILÂNCIA DESARMADA 12x36 DIURNO | E103: 0 | F103: ='São Sebastião'!E129 -> 10967.34 | G103: =F103*E103 -> 0 | H103: =G103*12 -> 0
C104: VALOR TOTAL: | G104: =SUM(G102:G103) -> 5724.59 | H104: =SUM(H102:H103) -> 68695.08
A105: 24 | B105: CURUÇÁ | C105: POSTO DE VIGILÂNCIA DESARMADA 44 HORAS SEMANAIS | E105: 1 | F105: =Curuçá!E128 -> 5724.59 | G105: =F105*E105 -> 5724.59 | H105: =G105*12 -> 68695.08
C106: POSTO DE VIGILÂNCIA DESARMADA 12x36 DIURNO | E106: 0 | F106: =Curuçá!E129 -> 10967.34 | G106: =F106*E106 -> 0 | H106: =G106*12 -> 0
C107: VALOR TOTAL: | G107: =SUM(G105:G106) -> 5724.59 | H107: =SUM(H105:H106) -> 68695.08
...

Sheet Insumos
A1: CÁLCULO DOS INSUMOS
A3: ESTIMATIVA ANUAL DE UNIFORMES POR VIGILANTE
A4: ITEM | B4: DISCRIMINAÇÃO | C4: UNIDADE | D4: QTDE | E4: Preço 1 R$ | F4: Preço 2 | G4: Preço 3 | H4: Média Painel de Preços | I4: VALOR MÉDIO | J4: VALOR MENSAL
A5: 1 | B5: Calça | C5: unid | D5: 2 | E5: 85 | F5: 65 | G5: 99 | H5: 83.27 | I5: 65.77 | J5: =D5*I5/12 -> 10.961667
A6: 2 | B6: Camisa de mangas curtas | C6: unid | D6: 2 | E6: 59.99 | F6: 71 | G6: 78.9 | H6: 63.39 | I6: 41.64 | J6: =D6*I6/12 -> 6.94
A7: 3 | B7: Cinto de nylon | C7: unid | D7: 1 | E7: 32.72 | F7: 59.9 | G7: 45 | H7: 37.99 | I7: 21.81 | J7: =D7*I7/12 -> 1.8175
A8: 4 | B8: Coturno | C8: par | D8: 1 | E8: 152 | F8: 169.9 | G8: 99.9 | H8: 162.44 | I8: 109.31 | J8: =D8*I8/12 -> 9.1091667
A9: 5 | B9: Meia | C9: par | D9: 2 | E9: 10 | F9: 13.35 | G9: 8.31 | H9: 9.05 | I9: 13.19 | J9: =D9*I9/12 -> 2.1983333
A10: 6 | B10: Blusa de frio - japona | C10: unid | D10: 1 | E10: 147.3 | F10: 180 | G10: 173.5 | H10: 119.82 | I10: 114.05 | J10: =D10*I10/12 -> 9.5041667
A11: 7 | B11: Crachá | C11: unid | D11: 1 | E11: 9.92 | F11: 5.9 | G11: 6.45 | H11: 10.8 | I11: 2.99 | J11: =D11*I11/12 -> 0.24916667
A12: 8 | B12: Apito de metal com cordão | C12: unid | D12: 1 | E12: 11.86 | F12: 5.88 | G12: 19.9 | H12: 8.91 | I12: 10.84 | J12: =I12*D12/12 -> 0.90333333
A13: CUSTO MENSAL DE UNIFORMES | J13: =SUM(J5:J12) -> 41.683333
A15: MATERIAIS POR POSTO
A16: ITEM | B16: DISCRIMINAÇÃO | C16: UNIDADE | D16: QTDE | E16: Preço 1 | F16: Preço 2 | G16: Preço 3 | H16: Média Painel de Preços | I16: VALOR MÉDIO | J16: VALOR MENSAL
A17: 1 | B17: Livro de ocorrência | C17: unid | D17: 2 | E17: 12.94 | F17: 10.57 | G17: 11.25 | H17: 15.5 | I17: 11.86 | J17: =(I17*D17)/12 -> 1.9766667
A18: 1 | B18: Tonfa (cassetete) | C18: unid | D18: 1 | E18: 46 | F18: 54 | G18: 59.9 | H18: 22.8 | I18: 25.41 | J18: =I18*D18/12 -> 2.1175
A19: 2 | B19: Porta tonfa (Cassetete) | C19: unid | D19: 1 | E19: 39.9 | F19: 29.9 | G19: 25.9 | H19: 59.48 | I19: 16.52 | J19: =I19*D19/12 -> 1.3766667
A20: 4 | B20: Lanterna tática recarregável | C20: unid | D20: 1 | E20: 46.8 | F20: 58.49 | G20: 58.88 | H20: 47.68 | I20: 56.79 | J20: =I20*D20/12 -> 4.7325
A21: CUSTO MENSAL DE MATERIAIS E EQUIPAMENTOS | J21: =SUM(J17:J20) -> 10.203333

Sheet Memória de Cálculo
A1: Memória de Cálculo
A5: AUXÍLIO REFEIÇÃO | B5: QTDE DE TICKETS | C5: VALOR UNITÁRIO | D5: DESCONTO (1% valor do Auxílio) | E5: VALOR MENSAL
A6: POSTOS 44h | B6: 26 | C6: 36 | D6: =(B6*C6)*0.01 -> 9.36 | E6: =(C6*B6)-D6 -> 926.64
A7: POSTOS 12x36h Diurno | B7: 15 | C7: 36 | D7: =(B7*C7)*0.01 -> 5.4 | E7: =(C7*B7)-D7 -> 534.6
A8: POSTOS 12x36h Noturno | B8: 15 | C8: 36 | D8: =(B8*C8)*0.01 -> 5.4 | E8: =(C8*B8)-D8 -> 534.6
A11: Média de faltas anuais por motivos legais
A12: Ausências legais: Art. 473 da CLT. Considerando que em média se falta 2 dias por ano com esse tipo de ausência e que apenas 3% dos profissionais se beneficiarão com tal ausência. Índice que demonstra o custo estimado com a substituição na cobertura de ausência legal. Esse índice BCCPA = deverá ser aplicado sobre (Módulo 1 + Módulo 2 + Módulo 3). % Ausências legais = Cálculo do valor = [(BCCPA/30)x1dia]/12 = 0,28%
A21: Total | C21: 0.0028
A24: Licença Paternidade
A25: Percentual de Homens: | D25: 0.5167
A26: Expectativa anual de nascimento de filhos dos trabalhadores (IBGE): | D26: 0.015
A27: Percentual de homens no serviço: | D27: 0.8988
A28: Duração da Licença Paternidade (em dias) | D28: 5
A31: Ausências por acidente de trabalho
A32: Média de faltas anuais por acidente de trabalho: | D32: 0.6913
A35: Afastamento Maternidade
A36: Discriminação do Item | D36: Valor (R$)
A37: 13º Salário + Férias + Adicional Férias | D37: =Belém!D38+Belém!D38+(Belém!D38/3) -> 5164.2197
A38: GPS + FGTS | D38: =Belém!D54 -> 904.96802
A39: Assistência Médica e Familiar | D39: =Belém!C58 -> 0
A40: Base de Cálculo | D40: =SUM(D37:D39) -> 6069.1877
A42: Percentual de Mulheres: | D42: 0.1012
A43: Expectativa mensal Afastamento Maternidade (Censo IBGE): | D43: 0.0032
A46: * NOTA INFORMATIVA
A47: ITENS QUE NÃO PODERÃO SER COTADOS NA PLANILHA DE CUSTOS E FORMAÇÃO DE PREÇOS À LUZ DA JURISPRUDÊNCIA CONSOLIDADA DO TCU:
A48: 1. A ADMINISTRAÇÃO NÃO PODERÁ DESCLASSIFICAR PROPOSTAS QUE APRESENTEM COTAÇÕES PARA RESERVA TÉCNICA, IRPJ, CSLL, SUPERVISÃO/FISCALIZAÇÃO E RECICLAGEM/TREINAMENTO, NEM PODERÁ DESCLASSIFICAR EMPRESAS QUE APRESENTEM PLANILHAS COM COTAÇÕES INCORRETAS PARA OS ENCARGOS TRIBUTÁRIOS.
A49: ADVERTE-SE, CONTUDO, QUE, DE ACORDO COM A JURISPRUDÊNCIA CONSOLIDADA DO TCU, É INDEVIDA A COTAÇÃO, COMO ITEM ESPECÍFICO DA PLANILHA, DE CUSTOS RELATIVOS A:
A50: A) RESERVA TÉCNICA, POIS JÁ ESTARIAM COMPREENDIDOS NAS FALTAS LEGAIS (ACÓRDÃOS TCU Nº 1.696/2010-2ª CÂMARA E Nº 1.319/2010-2ª CÂMARA);
A51: B) TREINAMENTO/RECICLAGEM/CAPACITAÇÃO OU ITEM CONGÊNERE, UMA VEZ QUE ESSES CUSTOS JÁ ESTÃO ENGLOBADOS NAS DESPESAS ADMINISTRATIVAS DA CONTRATADA, SENDO DE SUA EXCLUSIVA RESPONSABILIDADE (ACÓRDÃOS TCU Nº 592/2010-PLENÁRIO, Nº 1.696/2010-2ª CÂMARA E Nº 592/2010-PLENÁRIO);
A52: C) SUPERVISÃO E FISCALIZAÇÃO, UMA VEZ QUE ESSES CUSTOS JÁ ESTÃO ENGLOBADOS NAS DESPESAS ADMINISTRATIVAS DA CONTRATADA (ACÓRDÃO Nº 592/2010-PLENÁRIO);*
A53: D) IRPJ E CSLL, POR SE CONSTITUÍREM EM TRIBUTOS DE NATUREZA DIRETA E PERSONALÍSTICA, QUE ONERAM PESSOALMENTE O CONTRATADO, NÃO DEVEM SER REPASSADOS À CONTRATANTE, NÃO PODENDO, AINDA, SEREM COTADOS NO ITEM REFERENTE AO LUCRO E DESPESAS ADMINISTRATIVAS/OPERACIONAIS (ACÓRDÃOS TCU N° 1.595/2006 - PLENÁRIO, N° 325/2009 - PLENÁRIO E N° 2.354/2010 - 2ª CÂMARA). *
A54: DESSE MODO, SE A EMPRESA OS COTAR, HAVERÁ SUPRESSÃO UNILATERAL DO ITEM DA PLANILHA E DEDUÇÃO/GLOSA, NO VALOR TOTAL DO DÉBITO, QUANDO DO PAGAMENTO MENSAL OU DA REPACTUAÇÃO. A EMPRESA QUE OS TENHA COTADO INCORRETAMENTE PODERÁ CORRIGIR A PLANILHA DE CUSTOS E FORMAÇÃO DOS PREÇOS ATÉ O MOMENTO DA ACEITABILIDADE DA PROPOSTA PELO PREGOEIRO, OPORTUNIDADE NA QUAL PRECLUIRÁ SEU DIREITO A CORREÇÕES.
A56: 2. COTAÇÃO DE ENCARGOS TRIBUTÁRIOS - CUIDADOS E CONSEQUÊNCIAS À LUZ DA JURISPRUDÊNCIA DO TCU:
A57: A EMPRESA É A ÚNICA RESPONSÁVEL PELA COTAÇÃO CORRETA DOS ENCARGOS TRIBUTÁRIOS. EM CASO DE ERRO OU COTAÇÃO INCOMPATÍVEL COM O REGIME TRIBUTÁRIO A QUE SE SUBMETE, SERÃO ADOTADAS AS ORIENTAÇÕES A SEGUIR:*
A58: A) COTAÇÃO DE PERCENTUAL MENOR QUE O ADEQUADO: O PERCENTUAL SERÁ MANTIDO DURANTE TODA A EXECUÇÃO CONTRATUAL;
... A69: OBS: Em conformidade com a IN N° 05 DE 26/05/2017 e alteração acrescentada pela IN N° 07 de 20/09/2018, e em referência a Nota 3 do Módulo 2 do Anexo VII-D, resaltamos o texto a seguir "Levando em consideração a vigência contratual prevista no art. 57 da Lei nº 8.666, de 23 de junho de 1993, a rubrica férias do subítem 2.1 tem como objetivo principal suprir a necessidade do pagamento das férias remuneradas ao final do contrato de 12 meses. Esta rubrica, quando da prorrogação contratual, torna-se custo não renovável".

Sheet Horas_Extras
B1: PLANILHA ESTIMATIVA
B2: Planilha de Custos e Formação de Preços para Serviços de Vigilância - GEX - Campo Grande-MS
B4: Nº do Processo: | C4: 35014.499513/2022-13
B5: Pregão Eletrônico nº
B6: Data:
B8: Discriminação dos Serviços (dados referentes à contratação)
B9: A – Data de apresentação da proposta (dia/mês/ano)
B10: B – Município/UF | C10: Pará
B11: C – Ano Acordo, Convenção ou Sentença Normativa em Dissídio Coletivo | C11: 2023
B12: D – Nº de meses de execução contratual | C12: 12
B14: Identificação do Serviço
B15: Tipo de Serviço | C15: Unid. de Medida | D15: Hora Extra Sábado | E15: Hora Extra Domingo
B16: Contratação de serviços de segurança e vigilância orgânica e patrimonial desarmada, visando atender as demandas das Gerências Executivas de Belém, Marabá e Santarém-PA, conforme condições, quantidades e exigências estabelecidas no instrumento convocatório. | C16: Hora | D16: =Resumo!F21 -> 250 | E16: =Resumo!F22 -> 50
B19: Mão de obra vinculada à execução contratual
B20: Dados para composição dos custos referente à mão de obra
B21: 1 – Tipo de serviço (mesmo serviço com características distintas) | C21: Vigilância
B22: 2 – Classificação Brasileira de Ocupações (CBO) | C22: 517330
B23: 3 – Salário Normativo da Categoria Profissional | C23: 1567.82
B24: 4 – Categoria profissional (vinculada à execução contratual) | C24: Vigilante
B25: 5 – Data base da categoria (dia/mês/ano) | C25: 01 de março
B26: 6 – Numero de registro da convenção coletiva no MTE:
B28: CUSTOS | C28: Percentuais e Valores de Referência | D28: Hora Extra Sábado | E28: Hora Extra Domingo
B29: MÓDULO 1: COMPOSIÇÃO DA REMUNERAÇÃO
B30: 1 - Composição da Remuneração | C30: Valores/ Percentuais | D30: Valor (R$) | E30: Valor (R$)
B31: A – Salário Base (conforme Cláusula Terceira da CCT) | C31: =C23 -> 1567.82 | D31: =C31 -> 1567.82 | E31: =C31 -> 1567.82
B32: B - Adicional de Periculosidade (conforme Cláusula Décima Quarta da CCT) | C32: 0.3 | D32: =D31*C32 -> 470.346 | E32: =E31*C32 -> 470.346
B33: C - Adicional de Insalubridade
B34: D - Adicional Noturno | D34: 0 | E34: 0
B35: E - Adicional de Hora Noturna Reduzida | D35: 0 | E35: 0
B36: F - Penosidade | D36: 0 | E36: 0
B37: G - Outros | D37: =(SUM(D31:D36))/220*1.5 -> 13.896586 | E37: =(SUM(E31:E36))/220*2 -> 18.528782
B38: Total | D38: =D37 -> 13.896586 | E38: =E37 -> 18.528782
B40: MÓDULO 2: ENCARGOS E BENEFÍCIOS ANUAIS, MENSAIS E DIÁRIOS
B41: 2.1 - 13º Salário, Férias e Adicional de Férias | C41: Percentuais | D41: Valor (R$) | E41: Valor (R$)
B42: A - 13º salário | C42: =1/12 -> 0.083333333 | D42: =C42*D38 -> 1.1580489 | E42: =C42*E38 -> 1.5440652
B43: B - Férias e Adicional de Férias (O custo com o valor pago ao substituto durante as férias do empregado consta na letra "A" do submódulo 4.1), (custo não renovável). | C43: =C42/3 -> 0.027777778 | D43: =C43*D38 -> 0.38601629 | E43: =C43*E38 -> 0.51468838
B44: Total | C44: =SUM(C42:C43) -> 0.11111111 | D44: =SUM(D42:D43) -> 1.5440652 | E44: =SUM(E42:E43) -> 2.0587535
B45: 2.2 - GPS, FGTS e outras contribuições (Incide sobre os Módulos 1 e 2.1) | C45: Percentuais | D45: Valor (R$) | E45: Valor (R$)
B46: A - INSS | C46: 0.2 | D46: =C46*(D38+D44) -> 3.0881303 | E46: =C46*(E38+E44) -> 4.1175071
B47: B - Salário Educação | C47: 0.025 | D47: =C47*(D38+D44) -> 0.38601629 | E47: =C47*(E38+E44) -> 0.51468838
B48: C - SAT (Utilizar o RAT Ajustado conforme GFIP: RAT x FAP) | C48: 0.03 | D48: =C48*(D38+D44) -> 0.46321955 | E48: =C48*(E38+E44) -> 0.61762606
B49: D - SESI ou SESC | C49: 0.015 | D49: =C49*(D38+D44) -> 0.23160977 | E49: =C49*(E38+E44) -> 0.30881303
B50: E - SENAI ou SENAC | C50: 0.01 | D50: =C50*(D38+D44) -> 0.15440652 | E50: =C50*(E38+E44) -> 0.20587535
B51: F - SEBRAE | C51: 0.006 | D51: =C51*(D38+D44) -> 0.092643909 | E51: =C51*(E38+E44) -> 0.12352521
B52: G - INCRA | C52: 0.002 | D52: =C52*(D38+D44) -> 0.030881303 | E52: =C52*(E38+E44) -> 0.041175071
B53: F - FGTS | C53: 0.08 | D53: =C53*(D38+D44) -> 1.2352521 | E53: =C53*(E38+E44) -> 1.6470028
B54: Total | C54: =SUM(C46:C53) -> 0.368 | D54: =SUM(D46:D53) -> 5.6821598 | E54: =SUM(E46:E53) -> 7.576213
B55: 2.3 - Benefícios Mensais e Diários | C55: Valores/ Percentuais | D55: Valor (R$) | E55: Valor (R$)
B56: A – Transporte (Devido por dia trabalhado) | C56: 0 | D56: 0 | E56: 0
B57: B – Auxílio-Refeição/Alimentação (Devido por dia trabalhado) | C57: 0 | D57: 0 | E57: 0
B58: C - Assistência Médica e Familiar (Conforme CCT) | C58: 0 | D58: =C58 -> 0 | E58: =C58 -> 0
B59: D – Auxílio Creche | C59: 0 | D59: =C59 -> 0 | E59: =D59 -> 0
B60: E – Auxílio Morte/Funeral (Conforme CCT) | C60: 0 | D60: =D31*C60*2.5 -> 0 | E60: =E31*C60*2.5 -> 0
B61: F – Outros (Seguro de Vida) - Conforme CCT) | C61: 0 | D61: =(69926+(69926*0.062163))*C61 -> 0 | E61: =(69926+(69926*0.062163))*C61 -> 0
B62: Total | D62: =SUM(D56:D61) -> 0 | E62: =SUM(E56:E61) -> 0
B63: 2 - Encargos e Benefícios Anuais, Mensais e Diários | C63: Percentuais | D63: Valor (R$) | E63: Valor (R$)
B64: 2.1 - 13º Salário, Férias e Adicional de Férias | C64: =C44 -> 0.11111111 | D64: =D44 -> 1.5440652 | E64: =E44 -> 2.0587535
B65: 2.2 - GPS, FGTS e outras contribuições | C65: =C54 -> 0.368 | D65: =D54 -> 5.6821598 | E65: =E54 -> 7.576213
B66: 2.3 - Benefícios Mensais e Diários | C66: 0 | D66: =D62 -> 0 | E66: =E62 -> 0
B67: Total | D67: =SUM(D64:D66) -> 7.2262249 | E67: =SUM(E64:E66) -> 9.6349665
B69: MÓDULO 3: PROVISÃO PARA RESCISÃO
B70: 3 - Provisão para Rescisão | C70: Percentuais | D70: Valor (R$) | E70: Valor (R$)
B71: A - Aviso Prévio Indenizado (Esta parcela deverá ser reduzida após o primeiro ano da contratação para o percentual máximo de 0,042%: Acórdão 1.186/2017-P) | C71: =1/12*0.05 -> 0.0041666667 | D71: =C71*D38 -> 0.057902443 | E71: =C71*E38 -> 0.077203258
B72: B - Incidência do FGTS sobre Aviso Prévio Indenizado | C72: =C53*C71 -> 0.00033333333 | D72: =C72*D38 -> 0.0046321955 | E72: =C72*E38 -> 0.0061762606
B73: C - Multa do FGTS e contribuições sociais sobre o Aviso Prévio Indenizado | C73: 0 | D73: =C73*D38 -> 0 | E73: =C73*E38 -> 0
B74: D - Aviso Prévio Trabalhado (Esta parcela deverá ser reduzida após o primeiro ano da contratação para o percentual máximo de 0,194%: Acórdão 1.186/2017-P) | C74: =1/30*7/12 -> 0.019444444 | D74: =C74*D38 -> 0.2702114 | E74: =C74*E38 -> 0.36028187
B75: E - Incidência de GPS, FGTS e outras contribuições (submódulo 2.2) sobre o Aviso Prévio Trabalhado | C75: =C54*C74 -> 0.0071555556 | D75: =C75*D38 -> 0.099437796 | E75: =C75*E38 -> 0.13258373
B76: F - Multa do FGTS sobre o Aviso Prévio Trabalhado (Rescisões sem justa causa) | C76: =0.08*0.4*0.9*(1+1/12+1/12+1/3*1/12) -> 0.0344 | D76: =C76*D38 -> 0.47804257 | E76: =C76*E38 -> 0.63739009
B77: Total | C77: =SUM(C71:C76) -> 0.0655 | D77: =SUM(D71:D76) -> 0.91022641 | E77: =SUM(E71:E76) -> 1.2136352
B79: MÓDULO 4: CUSTO DE REPOSIÇÃO DO PROFISSIONAL AUSENTE
B80: 4.1 – Substituto nas Ausências Legais | C80: Percentuais | D80: Valor (R$) | E80: Valor (R$)
B81: A – Substituto na cobertura de Férias | C81: =1/12 -> 0.083333333 | D81: =C81*(D38+D67+D77) -> 1.8360865 | E81: =C81*(E38+E67+E77) -> 2.4481153
B82: B – Substituto na cobertura de ausências Legais | C82: ='Memória de Cálculo'!C21 -> 0.0028 | D82: =C82*(D38+D67+D77) -> 0.061692506 | E82: =C82*(E38+E67+E77) -> 0.082256674
B83: C - Substituto na cobertura na licença-paternidade | C83: ='Memória de Cálculo'!D28/30/12*'Memória de Cálculo'!D26*'Memória de Cálculo'!D27 -> 0.00018725 | D83: =C83*(D38+D67+D77) -> 0.0041256863 | E83: =C83*(E38+E67+E77) -> 0.0055009151
B84: D - Substituto na cobertura na ausências por acidente de trabalho | C84: ='Memória de Cálculo'!D32/30/12 -> 0.0019202778 | D84: =C84*(D38+D67+D77) -> 0.042309553 | E84: =C84*(E38+E67+E77) -> 0.056412737
B85: E - Substituto na cobertura de afastamento maternidade | C85: =120/30*'Memória de Cálculo'!D42*'Memória de Cálculo'!D43 -> 0.00129536 | D85: =C85*(D38+D67+D77) -> 0.028540716 | E85: =C85*(E38+E67+E77) -> 0.038054288
B86: F - Substituto na cobertura de outras ausências (especificar) | C86: 0 | D86: =C86*(D38+D67+D77) -> 0 | E86: =C86*(E38+E67+E77) -> 0
B87: Total | C87: =SUM(C81:C86) -> 0.089536221 | D87: =SUM(D81:D86) -> 1.9727549 | E87: =SUM(E81:E86) -> 2.6303399
B88: 4.2 - Substituto na Intrajornada (Indenizada) | C88: Percentuais | D88: Valor (R$) | E88: Valor (R$)
B89: A - Substituto na cobertura de intervalo para repouso ou alimentação (Intrajornada indenizada de 1 hora, conforme CCT) | C89: 0.5 | D89: 0 | E89: 0
B90: Total | D90: =SUM(D89:D89) -> 0 | E90: =SUM(E89:E89) -> 0
B92: 4 - Custo de Reposição do Profissional Ausente | C92: Percentuais | D92: Valor (R$) | E92: Valor (R$)
B93: 4.1 - Substituto nas ausências Legais | C93: =C87 -> 0.089536221 | D93: =D87 -> 1.9727549 | E93: =E87 -> 2.6303399
B94: 4.2 - Intrajornada indenizada | C94: =C89 -> 0.5 | D94: =D90 -> 0 | E94: =E90 -> 0
B95: Total | D95: =SUM(D93:D94) -> 1.9727549 | E95: =SUM(E93:E94) -> 2.6303399
B97: MÓDULO 5: INSUMOS DIVERSOS
B98: 5 - Insumos Diversos | C98: Valores/ Percentuais | D98: Valor (R$) | E98: Valor (R$)
B99: A - Uniformes | C99: 0 | D99: =C99 -> 0 | E99: =C99 -> 0
B100: B - Materiais | C100: 0 | D100: =C100 -> 0 | E100: =C100 -> 0
B101: C – Equipamentos | C101: 0 | D101: =C101 -> 0 | E101: =C101 -> 0
B102: D - Outros (especificar) | C102: 0 | D102: =C102 -> 0 | E102: =C102 -> 0
B103: Total | C103: =SUM(C99:C102) -> 0 | D103: =SUM(D99:D102) -> 0 | E103: =SUM(E99:E102) -> 0
B105: MÓDULO 6: CUSTOS INDIRETOS, TRIBUTOS E LUCRO
B106: 6 - Custos Indiretos, Tributos e Lucro | C106: Percentuais | D106: Valor (R$) | E106: Valor (R$)
B107: A - Custos Indiretos | C107: 0.032 | D107: =C107*(D38+D67+D77+D95+D103) -> 0.76818536 | E107: =C107*(E38+E67+E77+E95+E103) -> 1.0242472
B108: B - Lucro | C108: 0.0358 | D108: =C108*(D38+D67+D77+D95+D103+D107) -> 0.88690841 | E108: =C108*(E38+E67+E77+E95+E103+E107) -> 1.1825445
B109: C - Tributos (De acordo com o regime tributário a que estiver sujeito) | C109: =SUM(C110:C114) -> 0.0865 | D109: =((D38+D67+D77+D95+D103+D107+D108)/(1-C109))*C109 -> 2.4298486 | E109: =((E38+E67+E77+E95+E103+E107+E108)/(1-C109))*C109 -> 3.2397981
B110: C.1.1 - Tributos Federais (COFINS) | C110: =0.03 -> 0.03 | D110: =((D38+D67+D77+D95+D103+D107+D108)/(1-C109))*C110 -> 0.84272205 | E110: =((E38+E67+E77+E95+E103+E107+E108)/(1-C109))*C110 -> 1.1236294
B111: C.1.2 - Tributos Federais (PIS) | C111: =0.0065 -> 0.0065 | D111: =((D38+D67+D77+D95+D103+D107+D108)/(1-C109))*C111 -> 0.18258978 | E111: =((E38+E67+E77+E95+E103+E107+E108)/(1-C109))*C111 -> 0.24345304
B112: C.2 - Tributos Estaduais (especificar)
...

Sheet Belém
B1: PLANILHA ESTIMATIVA
B2: Planilha de Custos e Formação de Preços para Serviços de Vigilância - GEX – Belém, Marabá e Santarém-PA
B4: Nº do Processo: | C4: 35014.499513/2022-13
B5: Pregão Eletrônico nº
B6: Data:
B8: Discriminação dos Serviços (dados referentes à contratação)
B9: A – Data de apresentação da proposta (dia/mês/ano)
B10: B – Município/UF | C10: Belém – PA
B11: C – Ano Acordo, Convenção ou Sentença Normativa em Dissídio Coletivo | C11: 2023
B12: D – Nº de meses de execução contratual | C12: 12
B14: Identificação do Serviço
B15: Tipo de Serviço | C15: Unid. de Medida | D15: Posto de 44 h semanais (Qtde) | E15: Posto 12X36 Diurnas (Qtde) | F15: Posto 12X36 Noturno (Qtde)
B16: Contratação de serviços de segurança e vigilância orgânica e patrimonial desarmada, visando atender as demandas das Gerências Executivas de Belém, Marabá e Santarém-PA, conforme condições, quantidades e exigências estabelecidas no instrumento convocatório. | C16: Posto | D16: =Resumo!E27 -> 12 | E16: =Resumo!E28 -> 8 | F16: =Resumo!E29 -> 8
B19: Mão de obra vinculada à execução contratual
B20: Dados para composição dos custos referente à mão de obra
B21: 1 – Tipo de serviço (mesmo serviço com características distintas) | C21: Vigilância
B22: 2 – Classificação Brasileira de Ocupações (CBO) | C22: 517330
B23: 3 – Salário Normativo da Categoria Profissional | C23: 1702.49
B24: 4 – Categoria profissional (vinculada à execução contratual) | C24: Vigilante
B25: 5 – Data base da categoria (dia/mês/ano) | C25: 01 de janeiro
B26: 6 – Numero de registro da convenção coletiva no MTE | C26: PA000985/2022
B28: CUSTOS | C28: Percentuais e Valores de Referência | D28: 44 horas semanais | E28: 12X36 Diurnas | F28: 12X36 Noturnas
B29: MÓDULO 1: COMPOSIÇÃO DA REMUNERAÇÃO
B30: 1 - Composição da Remuneração | C30: Valores/ Percentuais | D30: Valor (R$) | E30: Valor (R$) | F30: Valor (R$)
B31: A – Salário Normativo | C31: =C23 -> 1702.49 | D31: =C31 -> 1702.49 | E31: =C31 -> 1702.49 | F31: =C31 -> 1702.49
B32: B - Adicional de Periculosidade | C32: 0.3 | D32: =D31*C32 -> 510.747 | E32: =E31*C32 -> 510.747 | F32: =F31*C32 -> 510.747
B33: C - Adicional de Insalubridade
B34: D - Adicional Noturno | C34: 0.2 | D34: 0 | E34: 0 | F34: =((F31+F32)/220)*C34*7*15 -> 211.26353
B35: E - Adicional de Hora Noturna Reduzida | D35: 0 | E35: 0 | F35: =((F31+F32)/220)*1.2*15 -> 181.08303
B36: F - Penosidade | D36: 0 | E36: 0 | F36: 0
B37: G - Outros | D37: 0 | E37: 0 | F37: 0
B38: Total | D38: =SUM(D31:D37) -> 2213.237 | E38: =SUM(E31:E37) -> 2213.237 | F38: =SUM(F31:F37) -> 2605.5836
B40: MÓDULO 2: ENCARGOS E BENEFÍCIOS ANUAIS, MENSAIS E DIÁRIOS
B41: 2.1 - 13º Salário, Férias e Adicional de Férias | C41: Percentuais | D41: Valor (R$) | E41: Valor (R$) | F41: Valor (R$)
B42: A - 13º salário | C42: =1/12 -> 0.083333333 | D42: =C42*D38 -> 184.43642 | E42: =C42*E38 -> 184.43642 | F42: =C42*F38 -> 217.13196
B43: B - Férias e Adicional de Férias (O custo com o valor pago ao substituto durante as férias do empregado consta na letra "A" do submódulo 4.1), (custo não renovável). | C43: =C42/3 -> 0.027777778 | D43: =C43*D38 -> 61.478806 | E43: =C43*E38 -> 61.478806 | F43: =C43*F38 -> 72.377321
B44: Total | C44: =SUM(C42:C43) -> 0.11111111 | D44: =SUM(D42:D43) -> 245.91522 | E44: =SUM(E42:E43) -> 245.91522 | F44: =SUM(F42:F43) -> 289.50928
B45: 2.2 - GPS, FGTS e outras contribuições (Incide sobre os Módulos 1 e 2.1) | C45: Percentuais | D45: Valor (R$) | E45: Valor (R$) | F45: Valor (R$)
B46: A - INSS | C46: 0.2 | D46: =C46*(D38+D44) -> 491.83044 | E46: =C46*(E38+E44) -> 491.83044 | F46: =C46*(F38+F44) -> 579.01857
B47: B - Salário Educação | C47: 0.025 | D47: =C47*(D38+D44) -> 61.478806 | E47: =C47*(E38+E44) -> 61.478806 | F47: =C47*(F38+F44) -> 72.377321
B48: C - SAT (Utilizar o RAT Ajustado conforme GFIP: RAT x FAP) | C48: 0.03 | D48: =C48*(D38+D44) -> 73.774567 | E48: =C48*(E38+E44) -> 73.774567 | F48: =C48*(F38+F44) -> 86.852785
B49: D - SESI ou SESC | C49: 0.015 | D49: =C49*(D38+D44) -> 36.887283 | E49: =C49*(E38+E44) -> 36.887283 | F49: =C49*(F38+F44) -> 43.426393
B50: E - SENAI ou SENAC | C50: 0.01 | D50: =C50*(D38+D44) -> 24.591522 | E50: =C50*(E38+E44) -> 24.591522 | F50: =C50*(F38+F44) -> 28.950928
B51: F - SEBRAE | C51: 0.006 | D51: =C51*(D38+D44) -> 14.754913 | E51: =C51*(E38+E44) -> 14.754913 | F51: =C51*(F38+F44) -> 17.370557
B52: G - INCRA | C52: 0.002 | D52: =C52*(D38+D44) -> 4.9183044 | E52: =C52*(E38+E44) -> 4.9183044 | F52: =C52*(F38+F44) -> 5.7901857
B53: F - FGTS | C53: 0.08 | D53: =C53*(D38+D44) -> 196.73218 | E53: =C53*(E38+E44) -> 196.73218 | F53: =C53*(F38+F44) -> 231.60743
B54: Total | C54: =SUM(C46:C53) -> 0.368 | D54: =SUM(D46:D53) -> 904.96802 | E54: =SUM(E46:E53) -> 904.96802 | F54: =SUM(F46:F53) -> 1065.3942
B55: 2.3 - Benefícios Mensais e Diários | C55: Valores/ Percentuais | D55: Valor (R$) | E55: Valor (R$) | F55: Valor (R$)
B56: A – Auxílio Transporte (Por dia trabalhado) | C56: 4 | D56: =(C56*26*2)-(D31*0.06) -> 105.8506 | E56: =(C56*15*2)-(E31*0.06) -> 17.8506 | F56: =(C56*15*2)-(F31*0.06) -> 17.8506
B57: B – Auxílio Alimentação (Jornada igual ou superior a 6 horas) | C57: ='Memória de Cálculo'!C6 -> 36 | D57: ='Memória de Cálculo'!E6 -> 926.64 | E57: ='Memória de Cálculo'!E7 -> 534.6 | F57: ='Memória de Cálculo'!E8 -> 534.6
B58: C – Assistência Médica | C58: 0 | D58: =C58 -> 0 | E58: =C58 -> 0 | F58: =C58 -> 0
B59: D – Auxílio Creche | C59: 0 | D59: =C59 -> 0 | E59: =D59 -> 0 | F59: =E59 -> 0
B60: E – Auxílio Morte/Funeral | C60: 9.55e-05 | D60: =D31*C60*2.5 -> 0.40646949 | E60: =E31*C60*2.5 -> 0.40646949 | F60: =F31*C60*2.5 -> 0.40646949
B61: F – Seguro de Vida | C61: 9.55e-05 | D61: =D38*C61*30 -> 6.340924 | E61: =E38*C61*30 -> 6.340924 | F61: =F38*C61*30 -> 7.4649969
B62: Total | D62: =SUM(D56:D61) -> 1039.238 | E62: =SUM(E56:E61) -> 559.19799 | F62: =SUM(F56:F61) -> 560.32207
B63: 2 - Encargos e Benefícios Anuais, Mensais e Diários | C63: Percentuais | D63: Valor (R$) | E63: Valor (R$) | F63: Valor (R$)
B64: 2.1 - 13º Salário, Férias e Adicional de Férias | C64: =C44 -> 0.11111111 | D64: =D44 -> 245.91522 | E64: =E44 -> 245.91522 | F64: =F44 -> 289.50928
B65: 2.2 - GPS, FGTS e outras contribuições | C65: =C54 -> 0.368 | D65: =D54 -> 904.96802 | E65: =E54 -> 904.96802 | F65: =F54 -> 1065.3942
B66: 2.3 - Benefícios Mensais e Diários | C66: 0 | D66: =D62 -> 1039.238 | E66: =E62 -> 559.19799 | F66: =F62 -> 560.32207
B67: Total | D67: =SUM(D64:D66) -> 2190.1212 | E67: =SUM(E64:E66) -> 1710.0812 | F67: =SUM(F64:F66) -> 1915.2255
B69: MÓDULO 3: PROVISÃO PARA RESCISÃO
B70: 3 - Provisão para Rescisão | C70: Percentuais | D70: Valor (R$) | E70: Valor (R$) | F70: Valor (R$)
B71: A - Aviso Prévio Indenizado (Esta parcela deverá ser reduzida após o primeiro ano da contratação para o percentual máximo de 0,042%: Acórdão 1.186/2017-P) | C71: =1/12*0.05 -> 0.0041666667 | D71: =C71*D38 -> 9.2218208 | E71: =C71*E38 -> 9.2218208 | F71: =C71*F38 -> 10.856598
B72: B - Incidência do FGTS sobre Aviso Prévio Indenizado | C72: =C53*C71 -> 0.00033333333 | D72: =C72*D38 -> 0.73774567 | E72: =C72*E38 -> 0.73774567 | F72: =C72*F38 -> 0.86852785
B73: C - Multa do FGTS e contribuições sociais sobre o Aviso Prévio Indenizado | C73: 0 | D73: =C73*D38 -> 0 | E73: =C73*E38 -> 0 | F73: =C73*F38 -> 0
B74: D - Aviso Prévio Trabalhado (Esta parcela deverá ser reduzida após o primeiro ano da contratação para o percentual máximo de 0,194%: Acórdão 1.186/2017-P) | C74: =1/30*7/12 -> 0.019444444 | D74: =C74*D38 -> 43.035164 | E74: =C74*E38 -> 43.035164 | F74: =C74*F38 -> 50.664125
B75: E - Incidência de GPS, FGTS e outras contribuições (submódulo 2.2) sobre o Aviso Prévio Trabalhado | C75: =C54*C74 -> 0.0071555556 | D75: =C75*D38 -> 15.83694 | E75: =C75*E38 -> 15.83694 | F75: =C75*F38 -> 18.644398
B76: F - Multa do FGTS sobre o Aviso Prévio Trabalhado (Rescisões sem justa causa) | C76: =0.08*0.4*0.9*(1+1/12+1/12+1/3*1/12) -> 0.0344 | D76: =C76*D38 -> 76.135353 | E76: =C76*E38 -> 76.135353 | F76: =C76*F38 -> 89.632074
B77: Total | C77: =SUM(C71:C76) -> 0.0655 | D77: =SUM(D71:D76) -> 144.96702 | E77: =SUM(E71:E76) -> 144.96702 | F77: =SUM(F71:F76) -> 170.66572
B79: MÓDULO 4: CUSTO DE REPOSIÇÃO DO PROFISSIONAL AUSENTE
B80: 4.1 – Substituto nas Ausências Legais | C80: Percentuais | D80: Valor (R$) | E80: Valor (R$) | F80: Valor (R$)
B81: A – Substituto na cobertura de Férias | C81: =1/12 -> 0.083333333 | D81: =C81*(D38+D67+D77) -> 379.0271 | E81: =C81*(E38+E67+E77) -> 339.02377 | F81: =C81*(F38+F67+F77) -> 390.95623
B82: B – Substituto na cobertura de ausências Legais | C82: ='Memória de Cálculo'!C21 -> 0.0028 | D82: =C82*(D38+D67+D77) -> 12.735311 | E82: =C82*(E38+E67+E77) -> 11.391199 | F82: =C82*(F38+F67+F77) -> 13.136129
B83: C - Substituto na cobertura na licença-paternidade | C83: ='Memória de Cálculo'!D28/30/12*'Memória de Cálculo'!D26*'Memória de Cálculo'!D27 -> 0.00018725 | D83: =C83*(D38+D67+D77) -> 0.8516739 | E83: =C83*(E38+E67+E77) -> 0.76178641 | F83: =C83*(F38+F67+F77) -> 0.87847866
B84: D - Substituto na cobertura na ausências por acidente de trabalho | C84: ='Memória de Cálculo'!D32/30/12 -> 0.0019202778 | D84: =C84*(D38+D67+D77) -> 8.7340479 | E84: =C84*(E38+E67+E77) -> 7.8122378 | F84: =C84*(F38+F67+F77) -> 9.0089348
B85: E - Substituto na cobertura de afastamento maternidade | C85: =120/30*'Memória de Cálculo'!D42*'Memória de Cálculo'!D43 -> 0.00129536 | D85: =C85*(D38+D67+D77) -> 5.8917186 | E85: =C85*(E38+E67+E77) -> 5.269894 | F85: =C85*(F38+F67+F77) -> 6.0771488
B86: F - Substituto na cobertura de outras ausências (especificar) | C86: 0 | D86: =C86*(D38+D67+D77) -> 0 | E86: =C86*(E38+E67+E77) -> 0 | F86: =C86*(F38+F67+F77) -> 0
B87: Total | C87: =SUM(C81:C86) -> 0.089536221 | D87: =SUM(D81:D86) -> 407.23986 | E87: =SUM(E81:E86) -> 364.25889 | F87: =SUM(F81:F86) -> 420.05692
B88: 4.2 - Substituto na Intrajornada (Indenizada) | C88: Percentuais | D88: Valor (R$) | E88: Valor (R$) | F88: Valor (R$)
B89: A - Substituto na cobertura de intervalo para repouso ou alimentação (Intrajornada indenizada de 1 hora, conforme CCT) | C89: 0.5 | D89: 0 | E89: =(E38/220)*15*1.5 -> 226.35378 | F89: =(F38/220)*15*1.5 -> 266.48014
B90: Total | D90: =SUM(D89:D89) -> 0 | E90: =SUM(E89:E89) -> 226.35378 | F90: =SUM(F89:F89) -> 266.48014
B92: 4 - Custo de Reposição do Profissional Ausente | C92: Percentuais | D92: Valor (R$) | E92: Valor (R$) | F92: Valor (R$)
B93: 4.1 - Substituto nas ausências Legais | C93: =C87 -> 0.089536221 | D93: =D87 -> 407.23986 | E93: =E87 -> 364.25889 | F93: =F87 -> 420.05692
B94: 4.2 - Intrajornada indenizada | C94: =C89 -> 0.5 | D94: =D90 -> 0 | E94: =E90 -> 226.35378 | F94: =F90 -> 266.48014
B95: Total | D95: =SUM(D93:D94) -> 407.23986 | E95: =SUM(E93:E94) -> 590.61267 | F95: =SUM(F93:F94) -> 686.53706
B97: MÓDULO 5: INSUMOS DIVERSOS
B98: 5 - Insumos Diversos | C98: Valores | D98: Valor (R$) | E98: Valor (R$) | F98: Valor (R$)
B99: A - Uniformes | C99: =Insumos!J13 -> 41.683333 | D99: =C99 -> 41.683333 | E99: =C99 -> 41.683333 | F99: =C99 -> 41.683333
B100: B - Materiais (Valor por posto) | C100: =Insumos!J21 -> 10.203333 | D100: =C100 -> 10.203333 | E100: =C100/2 -> 5.1016667 | F100: =C100/2 -> 5.1016667
B101: C - Outros (especificar) | C101: 0 | D101: =C101 -> 0 | E101: =C101 -> 0 | F101: =C101 -> 0
B102: Total | C102: =SUM(C99:C101) -> 51.886667 | D102: =SUM(D99:D101) -> 51.886667 | E102: =SUM(E99:E101) -> 46.785 | F102: =SUM(F99:F101) -> 46.785
B104: MÓDULO 6: CUSTOS INDIRETOS, TRIBUTOS E LUCRO
B105: 6 - Custos Indiretos, Tributos e Lucro | C105: Percentuais | D105: Valor (R$) | E105: Valor (R$) | F105: Valor (R$)
B106: A - Custos Indiretos | C106: 0.032 | D106: =C106*(D38+D67+D77+D95+D102) -> 160.23846 | E106: =C106*(E38+E67+E77+E95+E102) -> 150.58185 | F106: =C106*(F38+F67+F77+F95+F102) -> 173.5935
B107: B - Lucro | C107: 0.0358 | D107: =C107*(D38+D67+D77+D95+D102+D106) -> 185.00331 | E107: =C107*(E38+E67+E77+E95+E102+E106) -> 173.85428 | F107: =C107*(F38+F67+F77+F95+F102+F106) -> 200.42237
B108: C - Tributos (Percentuais de acordo com o regime tributário da empresa) | C108: =SUM(C109:C112) -> 0.0865 | D108: =((D38+D67+D77+D95+D102+D106+D107)/(1-C108))*C108 -> 506.85057 | E108: =((E38+E67+E77+E95+E102+E106+E107)/(1-C108))*C108 -> 476.30575 | F108: =((F38+F67+F77+F95+F102+F106+F107)/(1-C108))*C108 -> 549.09393
B109: C.1.1 - Tributos Federais (COFINS) | C109: =0.03 -> 0.03 | D109: =((D38+D67+D77+D95+D102+D106+D107)/(1-C108))*C109 -> 175.78632 | E109: =((E38+E67+E77+E95+E102+E106+E107)/(1-C108))*C109 -> 165.19274 | F109: =((F38+F67+F77+F95+F102+F106+F107)/(1-C108))*C109 -> 190.4372
B110: C.1.1 - Tributos Federais (PIS) | C110: =0.0065 -> 0.0065 | D110: =((D38+D67+D77+D95+D102+D106+D107)/(1-C108))*C110 -> 38.087037 | E110: =((E38+E67+E77+E95+E102+E106+E107)/(1-C108))*C110 -> 35.791761 | F110: =((F38+F67+F77+F95+F102+F106+F107)/(1-C108))*C110 -> 41.261393
B111: C.3 - Tributos Municipais (ISSQN do município de prestação do serviço (art. 3º, XVI, LC nº 116/2003)) | C111: 0.05 | D111: =((D38+D67+D77+D95+D102+D106+D107)/(1-C108))*C111 -> 292.97721 | E111: =((E38+E67+E77+E95+E102+E106+E107)/(1-C108))*C111 -> 275.32124 | F111: =((F38+F67+F77+F95+F102+F106+F107)/(1-C108))*C111 -> 317.39533
B112: C.4 - Outros Tributos (especificar)
...

Sheet Acará
B1: PLANILHA ESTIMATIVA
B2: Planilha de Custos e Formação de Preços para Serviços de Vigilância - GEX – Belém, Marabá e Santarém-PA
B4: Nº do Processo: | C4: 35014.499513/2022-13
B5: Pregão Eletrônico nº
B6: Data:
B8: Discriminação dos Serviços (dados referentes à contratação)
B9: A – Data de apresentação da proposta (dia/mês/ano)
B10: B – Município/UF | C10: Acará – PA
B11: C – Ano Acordo, Convenção ou Sentença Normativa em Dissídio Coletivo | C11: 2023
B12: D – Nº de meses de execução contratual | C12: 12
B14: Identificação do Serviço
B15: Tipo de Serviço | C15: Unid. de Medida | D15: Posto de 44 h semanais (Qtde) | E15: Posto 12X36 Diurnas (Qtde) | F15: Posto 12X36 Noturno (Qtde)
B16: Contratação de serviços de segurança e vigilância orgânica e patrimonial desarmada, visando atender as demandas das Gerências Executivas de Belém, Marabá e Santarém-PA, conforme condições, quantidades e exigências estabelecidas no instrumento convocatório. | C16: Posto | D16: =Resumo!E31 -> 1 | E16: =Resumo!E32 -> 0
B19: Mão de obra vinculada à execução contratual
B20: Dados para composição dos custos referente à mão de obra
B21: 1 – Tipo de serviço (mesmo serviço com características distintas) | C21: Vigilância
B22: 2 – Classificação Brasileira de Ocupações (CBO) | C22: 517330
B23: 3 – Salário Normativo da Categoria Profissional | C23: 1702.49
B24: 4 – Categoria profissional (vinculada à execução contratual) | C24: Vigilante
B25: 5 – Data base da categoria (dia/mês/ano) | C25: 01 de janeiro
B26: 6 – Numero de registro da convenção coletiva no MTE | C26: PA000985/2022
B28: CUSTOS | C28: Percentuais e Valores de Referência | D28: 44 horas semanais | E28: 12X36 Diurnas | F28: 12X36 Noturnas
B29: MÓDULO 1: COMPOSIÇÃO DA REMUNERAÇÃO
B30: 1 - Composição da Remuneração | C30: Valores/ Percentuais | D30: Valor (R$) | E30: Valor (R$) | F30: Valor (R$)
B31: A – Salário Normativo | C31: =C23 -> 1702.49 | D31: =C31 -> 1702.49 | E31: =C31 -> 1702.49 | F31: =C31 -> 1702.49
B32: B - Adicional de Periculosidade | C32: 0.3 | D32: =D31*C32 -> 510.747 | E32: =E31*C32 -> 510.747 | F32: =F31*C32 -> 510.747
B33: C - Adicional de Insalubridade
B34: D - Adicional Noturno | C34: 0.2 | D34: 0 | E34: 0 | F34: =((F31+F32)/220)*C34*7*15 -> 211.26353
B35: E - Adicional de Hora Noturna Reduzida | D35: 0 | E35: 0 | F35: =((F31+F32)/220)*1.2*15 -> 181.08303
B36: F - Penosidade | D36: 0 | E36: 0 | F36: 0
B37: G - Outros | D37: 0 | E37: 0 | F37: 0
B38: Total | D38: =SUM(D31:D37) -> 2213.237 | E38: =SUM(E31:E37) -> 2213.237 | F38: =SUM(F31:F37) -> 2605.5836
B40: MÓDULO 2: ENCARGOS E BENEFÍCIOS ANUAIS, MENSAIS E DIÁRIOS
B41: 2.1 - 13º Salário, Férias e Adicional de Férias | C41: Percentuais | D41: Valor (R$) | E41: Valor (R$) | F41: Valor (R$)
B42: A - 13º salário | C42: =1/12 -> 0.083333333 | D42: =C42*D38 -> 184.43642 | E42: =C42*E38 -> 184.43642 | F42: =C42*F38 -> 217.13196
B43: B - Férias e Adicional de Férias (O custo com o valor pago ao substituto durante as férias do empregado consta na letra "A" do submódulo 4.1), (custo não renovável). | C43: =C42/3 -> 0.027777778 | D43: =C43*D38 -> 61.478806 | E43: =C43*E38 -> 61.478806 | F43: =C43*F38 -> 72.377321
B44: Total | C44: =SUM(C42:C43) -> 0.11111111 | D44: =SUM(D42:D43) -> 245.91522 | E44: =SUM(E42:E43) -> 245.91522 | F44: =SUM(F42:F43) -> 289.50928
B45: 2.2 - GPS, FGTS e outras contribuições (Incide sobre os Módulos 1 e 2.1) | C45: Percentuais | D45: Valor (R$) | E45: Valor (R$) | F45: Valor (R$)
B46: A - INSS | C46: 0.2 | D46: =C46*(D38+D44) -> 491.83044 | E46: =C46*(E38+E44) -> 491.83044 | F46: =C46*(F38+F44) -> 579.01857
B47: B - Salário Educação | C47: 0.025 | D47: =C47*(D38+D44) -> 61.478806 | E47: =C47*(E38+E44) -> 61.478806 | F47: =C47*(F38+F44) -> 72.377321
B48: C - SAT (Utilizar o RAT Ajustado conforme GFIP: RAT x FAP) | C48: 0.03 | D48: =C48*(D38+D44) -> 73.774567 | E48: =C48*(E38+E44) -> 73.774567 | F48: =C48*(F38+F44) -> 86.852785
B49: D - SESI ou SESC | C49: 0.015 | D49: =C49*(D38+D44) -> 36.887283 | E49: =C49*(E38+E44) -> 36.887283 | F49: =C49*(F38+F44) -> 43.426393
B50: E - SENAI ou SENAC | C50: 0.01 | D50: =C50*(D38+D44) -> 24.591522 | E50: =C50*(E38+E44) -> 24.591522 | F50: =C50*(F38+F44) -> 28.950928
B51: F - SEBRAE | C51: 0.006 | D51: =C51*(D38+D44) -> 14.754913 | E51: =C51*(E38+E44) -> 14.754913 | F51: =C51*(F38+F44) -> 17.370557
B52: G - INCRA | C52: 0.002 | D52: =C52*(D38+D44) -> 4.9183044 | E52: =C52*(E38+E44) -> 4.9183044 | F52: =C52*(F38+F44) -> 5.7901857
B53: F - FGTS | C53: 0.08 | D53: =C53*(D38+D44) -> 196.73218 | E53: =C53*(E38+E44) -> 196.73218 | F53: =C53*(F38+F44) -> 231.60743
B54: Total | C54: =SUM(C46:C53) -> 0.368 | D54: =SUM(D46:D53) -> 904.96802 | E54: =SUM(E46:E53) -> 904.96802 | F54: =SUM(F46:F53) -> 1065.3942
B55: 2.3 - Benefícios Mensais e Diários | C55: Valores/ Percentuais | D55: Valor (R$) | E55: Valor (R$) | F55: Valor (R$)
B56: A – Auxílio Transporte (Por dia trabalhado) | C56: 0
B57: B – Auxílio Alimentação (Jornada igual ou superior a 6 horas) | C57: ='Memória de Cálculo'!C6 -> 36 | D57: ='Memória de Cálculo'!E6 -> 926.64 | E57: ='Memória de Cálculo'!E7 -> 534.6 | F57: ='Memória de Cálculo'!E8 -> 534.6
B58: C – Assistência Médica | C58: 0 | D58: =C58 -> 0 | E58: =C58 -> 0 | F58: =C58 -> 0
B59: D – Auxílio Creche | C59: 0 | D59: =C59 -> 0 | E59: =D59 -> 0 | F59: =E59 -> 0
B60: E – Auxílio Morte/Funeral | C60: 9.55e-05 | D60: =D31*C60*2.5 -> 0.40646949 | E60: =E31*C60*2.5 -> 0.40646949 | F60: =F31*C60*2.5 -> 0.40646949
B61: F – Seguro de Vida | C61: 9.55e-05 | D61: =D38*C61*30 -> 6.340924 | E61: =E38*C61*30 -> 6.340924 | F61: =F38*C61*30 -> 7.4649969
B62: Total | D62: =SUM(D56:D61) -> 933.38739 | E62: =SUM(E56:E61) -> 541.34739 | F62: =SUM(F56:F61) -> 542.47147
B63: 2 - Encargos e Benefícios Anuais, Mensais e Diários | C63: Percentuais | D63: Valor (R$) | E63: Valor (R$) | F63: Valor (R$)
B64: 2.1 - 13º Salário, Férias e Adicional de Férias | C64: =C44 -> 0.11111111 | D64: =D44 -> 245.91522 | E64: =E44 -> 245.91522 | F64: =F44 -> 289.50928
B65: 2.2 - GPS, FGTS e outras contribuições | C65: =C54 -> 0.368 | D65: =D54 -> 904.96802 | E65: =E54 -> 904.96802 | F65: =F54 -> 1065.3942
B66: 2.3 - Benefícios Mensais e Diários | C66: 0 | D66: =D62 -> 933.38739 | E66: =E62 -> 541.34739 | F66: =F62 -> 542.47147
B67: Total | D67: =SUM(D64:D66) -> 2084.2706 | E67: =SUM(E64:E66) -> 1692.2306 | F67: =SUM(F64:F66) -> 1897.3749
B69: MÓDULO 3: PROVISÃO PARA RESCISÃO
B70: 3 - Provisão para Rescisão | C70: Percentuais | D70: Valor (R$) | E70: Valor (R$) | F70: Valor (R$)
B71: A - Aviso Prévio Indenizado (Esta parcela deverá ser reduzida após o primeiro ano da contratação para o percentual máximo de 0,042%: Acórdão 1.186/2017-P) | C71: =1/12*0.05 -> 0.0041666667 | D71: =C71*D38 -> 9.2218208 | E71: =C71*E38 -> 9.2218208 | F71: =C71*F38 -> 10.856598
B72: B - Incidência do FGTS sobre Aviso Prévio Indenizado | C72: =C53*C71 -> 0.00033333333 | D72: =C72*D38 -> 0.73774567 | E72: =C72*E38 -> 0.73774567 | F72: =C72*F38 -> 0.86852785
B73: C - Multa do FGTS e contribuições sociais sobre o Aviso Prévio Indenizado | C73: 0 | D73: =C73*D38 -> 0 | E73: =C73*E38 -> 0 | F73: =C73*F38 -> 0
B74: D - Aviso Prévio Trabalhado (Esta parcela deverá ser reduzida após o primeiro ano da contratação para o percentual máximo de 0,194%: Acórdão 1.186/2017-P) | C74: =1/30*7/12 -> 0.019444444 | D74: =C74*D38 -> 43.035164 | E74: =C74*E38 -> 43.035164 | F74: =C74*F38 -> 50.664125
B75: E - Incidência de GPS, FGTS e outras contribuições (submódulo 2.2) sobre o Aviso Prévio Trabalhado | C75: =C54*C74 -> 0.0071555556 | D75: =C75*D38 -> 15.83694 | E75: =C75*E38 -> 15.83694 | F75: =C75*F38 -> 18.644398
B76: F - Multa do FGTS sobre o Aviso Prévio Trabalhado (Rescisões sem justa causa) | C76: =0.08*0.4*0.9*(1+1/12+1/12+1/3*1/12) -> 0.0344 | D76: =C76*D38 -> 76.135353 | E76: =C76*E38 -> 76.135353 | F76: =C76*F38 -> 89.632074
B77: Total | C77: =SUM(C71:C76) -> 0.0655 | D77: =SUM(D71:D76) -> 144.96702 | E77: =SUM(E71:E76) -> 144.96702 | F77: =SUM(F71:F76) -> 170.66572
B79: MÓDULO 4: CUSTO DE REPOSIÇÃO DO PROFISSIONAL AUSENTE
B80: 4.1 – Substituto nas Ausências Legais | C80: Percentuais | D80: Valor (R$) | E80: Valor (R$) | F80: Valor (R$)
B81: A – Substituto na cobertura de Férias | C81: =1/12 -> 0.083333333 | D81: =C81*(D38+D67+D77) -> 370.20622 | E81: =C81*(E38+E67+E77) -> 337.53622 | F81: =C81*(F38+F67+F77) -> 389.46868
B82: B – Substituto na cobertura de ausências Legais | C82: ='Memória de Cálculo'!C21 -> 0.0028 | D82: =C82*(D38+D67+D77) -> 12.438929 | E82: =C82*(E38+E67+E77) -> 11.341217 | F82: =C82*(F38+F67+F77) -> 13.086148
B83: C - Substituto na cobertura na licença-paternidade | C83: ='Memória de Cálculo'!D28/30/12*'Memória de Cálculo'!D26*'Memória de Cálculo'!D27 -> 0.00018725 | D83: =C83*(D38+D67+D77) -> 0.83185338 | E83: =C83*(E38+E67+E77) -> 0.75844389 | F83: =C83*(F38+F67+F77) -> 0.87513613
B84: D - Substituto na cobertura na ausências por acidente de trabalho | C84: ='Memória de Cálculo'!D32/30/12 -> 0.0019202778 | D84: =C84*(D38+D67+D77) -> 8.5307854 | E84: =C84*(E38+E67+E77) -> 7.7779597 | F84: =C84*(F38+F67+F77) -> 8.9746567
B85: E - Substituto na cobertura de afastamento maternidade | C85: =120/30*'Memória de Cálculo'!D42*'Memória de Cálculo'!D43 -> 0.00129536 | D85: =C85*(D38+D67+D77) -> 5.754604 | E85: =C85*(E38+E67+E77) -> 5.246771 | F85: =C85*(F38+F67+F77) -> 6.0540258
B86: F - Substituto na cobertura de outras ausências (especificar) | C86: 0 | D86: =C86*(D38+D67+D77) -> 0 | E86: =C86*(E38+E67+E77) -> 0 | F86: =C86*(F38+F67+F77) -> 0
B87: Total | C87: =SUM(C81:C86) -> 0.089536221 | D87: =SUM(D81:D86) -> 397.76239 | E87: =SUM(E81:E86) -> 362.66061 | F87: =SUM(F81:F86) -> 418.45865
B88: 4.2 - Substituto na Intrajornada (Indenizada) | C88: Percentuais | D88: Valor (R$) | E88: Valor (R$) | F88: Valor (R$)
B89: A - Substituto na cobertura de intervalo para repouso ou alimentação (Intrajornada indenizada de 1 hora, conforme CCT) | C89: 0.5 | D89: 0 | E89: =(E38/220)*15*1.5 -> 226.35378 | F89: =(F38/220)*15*1.5 -> 266.48014
B90: Total | D90: =SUM(D89:D89) -> 0 | E90: =SUM(E89:E89) -> 226.35378 | F90: =SUM(F89:F89) -> 266.48014
B92: 4 - Custo de Reposição do Profissional Ausente | C92: Percentuais | D92: Valor (R$) | E92: Valor (R$) | F92: Valor (R$)
B93: 4.1 - Substituto nas ausências Legais | C93: =C87 -> 0.089536221 | D93: =D87 -> 397.76239 | E93: =E87 -> 362.66061 | F93: =F87 -> 418.45865
B94: 4.2 - Intrajornada indenizada | C94: =C89 -> 0.5 | D94: =D90 -> 0 | E94: =E90 -> 226.35378 | F94: =F90 -> 266.48014
B95: Total | D95: =SUM(D93:D94) -> 397.76239 | E95: =SUM(E93:E94) -> 589.0144 | F95: =SUM(F93:F94) -> 684.93879
B97: MÓDULO 5: INSUMOS DIVERSOS
B98: 5 - Insumos Diversos | C98: Valores | D98: Valor (R$) | E98: Valor (R$) | F98: Valor (R$)
B99: A - Uniformes | C99: =Insumos!J13 -> 41.683333 | D99: =C99 -> 41.683333 | E99: =C99 -> 41.683333 | F99: =C99 -> 41.683333
B100: B - Materiais (Valor por posto) | C100: =Insumos!J21 -> 10.203333 | D100: =C100 -> 10.203333 | E100: =C100/2 -> 5.1016667 | F100: =C100/2 -> 5.1016667
B101: C - Outros (especificar) | C101: 0 | D101: =C101 -> 0 | E101: =C101 -> 0 | F101: =C101 -> 0
B102: Total | C102: =SUM(C99:C101) -> 51.886667 | D102: =SUM(D99:D101) -> 51.886667 | E102: =SUM(E99:E101) -> 46.785 | F102: =SUM(F99:F101) -> 46.785
B104: MÓDULO 6: CUSTOS INDIRETOS, TRIBUTOS E LUCRO
B105: 6 - Custos Indiretos, Tributos e Lucro | C105: Percentuais | D105: Valor (R$) | E105: Valor (R$) | F105: Valor (R$)
B106: A - Custos Indiretos | C106: 0.032 | D106: =C106*(D38+D67+D77+D95+D102) -> 156.54796 | E106: =C106*(E38+E67+E77+E95+E102) -> 149.95949 | F106: =C106*(F38+F67+F77+F95+F102) -> 172.97114
B107: B - Lucro | C107: 0.0358 | D107: =C107*(D38+D67+D77+D95+D102+D106) -> 180.74245 | E107: =C107*(E38+E67+E77+E95+E102+E106) -> 173.13573 | F107: =C107*(F38+F67+F77+F95+F102+F106) -> 199.70382
B108: C - Tributos (Percentuais de acordo com o regime tributário da empresa) | C108: =SUM(C109:C112) -> 0.0865 | D108: =((D38+D67+D77+D95+D102+D106+D107)/(1-C108))*C108 -> 495.17714 | E108: =((E38+E67+E77+E95+E102+E106+E107)/(1-C108))*C108 -> 474.33715 | F108: =((F38+F67+F77+F95+F102+F106+F107)/(1-C108))*C108 -> 547.12533
B109: C.1.1 - Tributos Federais (COFINS) | C109: =0.03 -> 0.03 | D109: =((D38+D67+D77+D95+D102+D106+D107)/(1-C108))*C109 -> 171.73774 | E109: =((E38+E67+E77+E95+E102+E106+E107)/(1-C108))*C109 -> 164.50999 | F109: =((F38+F67+F77+F95+F102+F106+F107)/(1-C108))*C109 -> 189.75445
B110: C.1.1 - Tributos Federais (PIS) | C110: =0.0065 -> 0.0065 | D110: =((D38+D67+D77+D95+D102+D106+D107)/(1-C108))*C110 -> 37.209843 | E110: =((E38+E67+E77+E95+E102+E106+E107)/(1-C108))*C110 -> 35.643832 | F110: =((F38+F67+F77+F95+F102+F106+F107)/(1-C108))*C110 -> 41.113464
B111: C.3 - Tributos Municipais (ISSQN do município de prestação do serviço (art. 3º, XVI, LC nº 116/2003)) | C111: 0.05 | D111: =((D38+D67+D77+D95+D102+D106+D107)/(1-C108))*C111 -> 286.22956 | E111: =((E38+E67+E77+E95+E102+E106+E107)/(1-C108))*C111 -> 274.18332 | F111: =((F38+F67+F77+F95+F102+F106+F107)/(1-C108))*C111 -> 316.25741
B112: C.4 - Outros Tributos (especificar)
...

Sheet Barcarena
B1: PLANILHA ESTIMATIVA
B2: Planilha de Custos e Formação de Preços para Serviços de Vigilância - GEX – Belém, Marabá e Santarém-PA
B4: Nº do Processo: | C4: 35014.499513/2022-13
B5: Pregão Eletrônico nº
B6: Data:
B8: Discriminação dos Serviços (dados referentes à contratação)
B9: A – Data de apresentação da proposta (dia/mês/ano)
B10: B – Município/UF | C10: Barcarena – PA
B11: C – Ano Acordo, Convenção ou Sentença Normativa em Dissídio Coletivo | C11: 2023
B12: D – Nº de meses de execução contratual | C12: 12
B14: Identificação do Serviço
B15: Tipo de Serviço | C15: Unid. de Medida | D15: Posto de 44 h semanais (Qtde) | E15: Posto 12X36 Diurnas (Qtde) | F15: Posto 12X36 Noturno (Qtde)
B16: Contratação de serviços de segurança e vigilância orgânica e patrimonial desarmada, visando atender as demandas das Gerências Executivas de Belém, Marabá e Santarém-PA, conforme condições, quantidades e exigências estabelecidas no instrumento convocatório. | C16: Posto | D16: =Resumo!E34 -> 0 | E16: =Resumo!E35 -> 1 | F16: =Resumo!E36 -> 1
B19: Mão de obra vinculada à execução contratual
B20: Dados para composição dos custos referente à mão de obra
B21: 1 – Tipo de serviço (mesmo serviço com características distintas) | C21: Vigilância
B22: 2 – Classificação Brasileira de Ocupações (CBO) | C22: 517330
B23: 3 – Salário Normativo da Categoria Profissional | C23: 1702.49
B24: 4 – Categoria profissional (vinculada à execução contratual) | C24: Vigilante
B25: 5 – Data base da categoria (dia/mês/ano) | C25: 01 de janeiro
B26: 6 – Numero de registro da convenção coletiva no MTE | C26: PA000985/2022
B28: CUSTOS | C28: Percentuais e Valores de Referência | D28: 44 horas semanais | E28: 12X36 Diurnas | F28: 12X36 Noturnas
B29: MÓDULO 1: COMPOSIÇÃO DA REMUNERAÇÃO
B30: 1 - Composição da Remuneração | C30: Valores/ Percentuais | D30: Valor (R$) | E30: Valor (R$) | F30: Valor (R$)
B31: A – Salário Normativo | C31: =C23 -> 1702.49 | D31: =C31 -> 1702.49 | E31: =C31 -> 1702.49 | F31: =C31 -> 1702.49
B32: B - Adicional de Periculosidade | C32: 0.3 | D32: =D31*C32 -> 510.747 | E32: =E31*C32 -> 510.747 | F32: =F31*C32 -> 510.747
B33: C - Adicional de Insalubridade
B34: D - Adicional Noturno | C34: 0.2 | D34: 0 | E34: 0 | F34: =((F31+F32)/220)*C34*7*15 -> 211.26353
B35: E - Adicional de Hora Noturna Reduzida | D35: 0 | E35: 0 | F35: =((F31+F32)/220)*1.2*15 -> 181.08303
B36: F - Penosidade | D36: 0 | E36: 0 | F36: 0
B37: G - Outros | D37: 0 | E37: 0 | F37: 0
B38: Total | D38: =SUM(D31:D37) -> 2213.237 | E38: =SUM(E31:E37) -> 2213.237 | F38: =SUM(F31:F37) -> 2605.5836
B40: MÓDULO 2: ENCARGOS E BENEFÍCIOS ANUAIS, MENSAIS E DIÁRIOS
B41: 2.1 - 13º Salário, Férias e Adicional de Férias | C41: Percentuais | D41: Valor (R$) | E41: Valor (R$) | F41: Valor (R$)
B42: A - 13º salário | C42: =1/12 -> 0.083333333 | D42: =C42*D38 -> 184.43642 | E42: =C42*E38 -> 184.43642 | F42: =C42*F38 -> 217.13196
B43: B - Férias e Adicional de Férias (O custo com o valor pago ao substituto durante as férias do empregado consta na letra "A" do submódulo 4.1), (custo não renovável). | C43: =C42/3 -> 0.027777778 | D43: =C43*D38 -> 61.478806 | E43: =C43*E38 -> 61.478806 | F43: =C43*F38 -> 72.377321
B44: Total | C44: =SUM(C42:C43) -> 0.11111111 | D44: =SUM(D42:D43) -> 245.91522 | E44: =SUM(E42:E43) -> 245.91522 | F44: =SUM(F42:F43) -> 289.50928
B45: 2.2 - GPS, FGTS e outras contribuições (Incide sobre os Módulos 1 e 2.1) | C45: Percentuais | D45: Valor (R$) | E45: Valor (R$) | F45: Valor (R$)
B46: A - INSS | C46: 0.2 | D46: =C46*(D38+D44) -> 491.83044 | E46: =C46*(E38+E44) -> 491.83044 | F46: =C46*(F38+F44) -> 579.01857
B47: B - Salário Educação | C47: 0.025 | D47: =C47*(D38+D44) -> 61.478806 | E47: =C47*(E38+E44) -> 61.478806 | F47: =C47*(F38+F44) -> 72.377321
B48: C - SAT (Utilizar o RAT Ajustado conforme GFIP: RAT x FAP) | C48: 0.03 | D48: =C48*(D38+D44) -> 73.774567 | E48: =C48*(E38+E44) -> 73.774567 | F48: =C48*(F38+F44) -> 86.852785
B49: D - SESI ou SESC | C49: 0.015 | D49: =C49*(D38+D44) -> 36.887283 | E49: =C49*(E38+E44) -> 36.887283 | F49: =C49*(F38+F44) -> 43.426393
B50: E - SENAI ou SENAC | C50: 0.01 | D50: =C50*(D38+D44) -> 24.591522 | E50: =C50*(E38+E44) -> 24.591522 | F50: =C50*(F38+F44) -> 28.950928
B51: F - SEBRAE | C51: 0.006 | D51: =C51*(D38+D44) -> 14.754913 | E51: =C51*(E38+E44) -> 14.754913 | F51: =C51*(F38+F44) -> 17.370557
B52: G - INCRA | C52: 0.002 | D52: =C52*(D38+D44) -> 4.9183044 | E52: =C52*(E38+E44) -> 4.9183044 | F52: =C52*(F38+F44) -> 5.7901857
B53: F - FGTS | C53: 0.08 | D53: =C53*(D38+D44) -> 196.73218 | E53: =C53*(E38+E44) -> 196.73218 | F53: =C53*(F38+F44) -> 231.60743
B54: Total | C54: =SUM(C46:C53) -> 0.368 | D54: =SUM(D46:D53) -> 904.96802 | E54: =SUM(E46:E53) -> 904.96802 | F54: =SUM(F46:F53) -> 1065.3942
B55: 2.3 - Benefícios Mensais e Diários | C55: Valores/ Percentuais | D55: Valor (R$) | E55: Valor (R$) | F55: Valor (R$)
B56: A – Auxílio Transporte (Por dia trabalhado) | C56: 0
B57: B – Auxílio Alimentação (Jornada igual ou superior a 6 horas) | C57: ='Memória de Cálculo'!C6 -> 36 | D57: ='Memória de Cálculo'!E6 -> 926.64 | E57: ='Memória de Cálculo'!E7 -> 534.6 | F57: ='Memória de Cálculo'!E8 -> 534.6
B58: C – Assistência Médica | C58: 0 | D58: =C58 -> 0 | E58: =C58 -> 0 | F58: =C58 -> 0
B59: D – Auxílio Creche | C59: 0 | D59: =C59 -> 0 | E59: =D59 -> 0 | F59: =E59 -> 0
B60: E – Auxílio Morte/Funeral | C60: 9.55e-05 | D60: =D31*C60*2.5 -> 0.40646949 | E60: =E31*C60*2.5 -> 0.40646949 | F60: =F31*C60*2.5 -> 0.40646949
B61: F – Seguro de Vida | C61: 9.55e-05 | D61: =D38*C61*30 -> 6.340924 | E61: =E38*C61*30 -> 6.340924 | F61: =F38*C61*30 -> 7.4649969
B62: Total | D62: =SUM(D56:D61) -> 933.38739 | E62: =SUM(E56:E61) -> 541.34739 | F62: =SUM(F56:F61) -> 542.47147
B63: 2 - Encargos e Benefícios Anuais, Mensais e Diários | C63: Percentuais | D63: Valor (R$) | E63: Valor (R$) | F63: Valor (R$)
B64: 2.1 - 13º Salário, Férias e Adicional de Férias | C64: =C44 -> 0.11111111 | D64: =D44 -> 245.91522 | E64: =E44 -> 245.91522 | F64: =F44 -> 289.50928
B65: 2.2 - GPS, FGTS e outras contribuições | C65: =C54 -> 0.368 | D65: =D54 -> 904.96802 | E65: =E54 -> 904.96802 | F65: =F54 -> 1065.3942
B66: 2.3 - Benefícios Mensais e Diários | C66: 0 | D66: =D62 -> 933.38739 | E66: =E62 -> 541.34739 | F66: =F62 -> 542.47147
B67: Total | D67: =SUM(D64:D66) -> 2084.2706 | E67: =SUM(E64:E66) -> 1692.2306 | F67: =SUM(F64:F66) -> 1897.3749
B69: MÓDULO 3: PROVISÃO PARA RESCISÃO
B70: 3 - Provisão para Rescisão | C70: Percentuais | D70: Valor (R$) | E70: Valor (R$) | F70: Valor (R$)
B71: A - Aviso Prévio Indenizado (Esta parcela deverá ser reduzida após o primeiro ano da contratação para o percentual máximo de 0,042%: Acórdão 1.186/2017-P) | C71: =1/12*0.05 -> 0.0041666667 | D71: =C71*D38 -> 9.2218208 | E71: =C71*E38 -> 9.2218208 | F71: =C71*F38 -> 10.856598
B72: B - Incidência do FGTS sobre Aviso Prévio Indenizado | C72: =C53*C71 -> 0.00033333333 | D72: =C72*D38 -> 0.73774567 | E72: =C72*E38 -> 0.73774567 | F72: =C72*F38 -> 0.86852785
B73: C - Multa do FGTS e contribuições sociais sobre o Aviso Prévio Indenizado | C73: 0 | D73: =C73*D38 -> 0 | E73: =C73*E38 -> 0 | F73: =C73*F38 -> 0
B74: D - Aviso Prévio Trabalhado (Esta parcela deverá ser reduzida após o primeiro ano da contratação para o percentual máximo de 0,194%: Acórdão 1.186/2017-P) | C74: =1/30*7/12 -> 0.019444444 | D74: =C74*D38 -> 43.035164 | E74: =C74*E38 -> 43.035164 | F74: =C74*F38 -> 50.664125
B75: E - Incidência de GPS, FGTS e outras contribuições (submódulo 2.2) sobre o Aviso Prévio Trabalhado | C75: =C54*C74 -> 0.0071555556 | D75: =C75*D38 -> 15.83694 | E75: =C75*E38 -> 15.83694 | F75: =C75*F38 -> 18.644398
B76: F - Multa do FGTS sobre o Aviso Prévio Trabalhado (Rescisões sem justa causa) | C76: =0.08*0.4*0.9*(1+1/12+1/12+1/3*1/12) -> 0.0344 | D76: =C76*D38 -> 76.135353 | E76: =C76*E38 -> 76.135353 | F76: =C76*F38 -> 89.632074
B77: Total | C77: =SUM(C71:C76) -> 0.0655 | D77: =SUM(D71:D76) -> 144.96702 | E77: =SUM(E71:E76) -> 144.96702 | F77: =SUM(F71:F76) -> 170.66572
B79: MÓDULO 4: CUSTO DE REPOSIÇÃO DO PROFISSIONAL AUSENTE
B80: 4.1 – Substituto nas Ausências Legais | C80: Percentuais | D80: Valor (R$) | E80: Valor (R$) | F80: Valor (R$)
B81: A – Substituto na cobertura de Férias | C81: =1/12 -> 0.083333333 | D81: =C81*(D38+D67+D77) -> 370.20622 | E81: =C81*(E38+E67+E77) -> 337.53622 | F81: =C81*(F38+F67+F77) -> 389.46868
B82: B – Substituto na cobertura de ausências Legais | C82: ='Memória de Cálculo'!C21 -> 0.0028 | D82: =C82*(D38+D67+D77) -> 12.438929 | E82: =C82*(E38+E67+E77) -> 11.341217 | F82: =C82*(F38+F67+F77) -> 13.086148
B83: C - Substituto na cobertura na licença-paternidade | C83: ='Memória de Cálculo'!D28/30/12*'Memória de Cálculo'!D26*'Memória de Cálculo'!D27 -> 0.00018725 | D83: =C83*(D38+D67+D77) -> 0.83185338 | E83: =C83*(E38+E67+E77) -> 0.75844389 | F83: =C83*(F38+F67+F77) -> 0.87513613
B84: D - Substituto na cobertura na ausências por acidente de trabalho | C84: ='Memória de Cálculo'!D32/30/12 -> 0.0019202778 | D84: =C84*(D38+D67+D77) -> 8.5307854 | E84: =C84*(E38+E67+E77) -> 7.7779597 | F84: =C84*(F38+F67+F77) -> 8.9746567
B85: E - Substituto na cobertura de afastamento maternidade | C85: =120/30*'Memória de Cálculo'!D42*'Memória de Cálculo'!D43 -> 0.00129536 | D85: =C85*(D38+D67+D77) -> 5.754604 | E85: =C85*(E38+E67+E77) -> 5.246771 | F85: =C85*(F38+F67+F77) -> 6.0540258
B86: F - Substituto na cobertura de outras ausências (especificar) | C86: 0 | D86: =C86*(D38+D67+D77) -> 0 | E86: =C86*(E38+E67+E77) -> 0 | F86: =C86*(F38+F67+F77) -> 0
B87: Total | C87: =SUM(C81:C86) -> 0.089536221 | D87: =SUM(D81:D86) -> 397.76239 | E87: =SUM(E81:E86) -> 362.66061 | F87: =SUM(F81:F86) -> 418.45865
B88: 4.2 - Substituto na Intrajornada (Indenizada) | C88: Percentuais | D88: Valor (R$) | E88: Valor (R$) | F88: Valor (R$)
B89: A - Substituto na cobertura de intervalo para repouso ou alimentação (Intrajornada indenizada de 1 hora, conforme CCT) | C89: 0.5 | D89: 0 | E89: =(E38/220)*15*1.5 -> 226.35378 | F89: =(F38/220)*15*1.5 -> 266.48014
B90: Total | D90: =SUM(D89:D89) -> 0 | E90: =SUM(E89:E89) -> 226.35378 | F90: =SUM(F89:F89) -> 266.48014
B92: 4 - Custo de Reposição do Profissional Ausente | C92: Percentuais | D92: Valor (R$) | E92: Valor (R$) | F92: Valor (R$)
B93: 4.1 - Substituto nas ausências Legais | C93: =C87 -> 0.089536221 | D93: =D87 -> 397.76239 | E93: =E87 -> 362.66061 | F93: =F87 -> 418.45865
B94: 4.2 - Intrajornada indenizada | C94: =C89 -> 0.5 | D94: =D90 -> 0 | E94: =E90 -> 226.35378 | F94: =F90 -> 266.48014
B95: Total | D95: =SUM(D93:D94) -> 397.76239 | E95: =SUM(E93:E94) -> 589.0144 | F95: =SUM(F93:F94) -> 684.93879
B97: MÓDULO 5: INSUMOS DIVERSOS
B98: 5 - Insumos Diversos | C98: Valores | D98: Valor (R$) | E98: Valor (R$) | F98: Valor (R$)
B99: A - Uniformes | C99: =Insumos!J13 -> 41.683333 | D99: =C99 -> 41.683333 | E99: =C99 -> 41.683333 | F99: =C99 -> 41.683333
B100: B - Materiais (Valor por posto) | C100: =Insumos!J21 -> 10.203333 | D100: =C100 -> 10.203333 | E100: =C100/2 -> 5.1016667 | F100: =C100/2 -> 5.1016667
B101: C - Outros (especificar) | C101: 0 | D101: =C101 -> 0 | E101: =C101 -> 0 | F101: =C101 -> 0
B102: Total | C102: =SUM(C99:C101) -> 51.886667 | D102: =SUM(D99:D101) -> 51.886667 | E102: =SUM(E99:E101) -> 46.785 | F102: =SUM(F99:F101) -> 46.785
B104: MÓDULO 6: CUSTOS INDIRETOS, TRIBUTOS E LUCRO
B105: 6 - Custos Indiretos, Tributos e Lucro | C105: Percentuais | D105: Valor (R$) | E105: Valor (R$) | F105: Valor (R$)
B106: A - Custos Indiretos | C106: 0.032 | D106: =C106*(D38+D67+D77+D95+D102) -> 156.54796 | E106: =C106*(E38+E67+E77+E95+E102) -> 149.95949 | F106: =C106*(F38+F67+F77+F95+F102) -> 172.97114
B107: B - Lucro | C107: 0.0358 | D107: =C107*(D38+D67+D77+D95+D102+D106) -> 180.74245 | E107: =C107*(E38+E67+E77+E95+E102+E106) -> 173.13573 | F107: =C107*(F38+F67+F77+F95+F102+F106) -> 199.70382
B108: C - Tributos (Percentuais de acordo com o regime tributário da empresa) | C108: =SUM(C109:C112) -> 0.0865 | D108: =((D38+D67+D77+D95+D102+D106+D107)/(1-C108))*C108 -> 495.17714 | E108: =((E38+E67+E77+E95+E102+E106+E107)/(1-C108))*C108 -> 474.33715 | F108: =((F38+F67+F77+F95+F102+F106+F107)/(1-C108))*C108 -> 547.12533
B109: C.1.1 - Tributos Federais (COFINS) | C109: =0.03 -> 0.03 | D109: =((D38+D67+D77+D95+D102+D106+D107)/(1-C108))*C109 -> 171.73774 | E109: =((E38+E67+E77+E95+E102+E106+E107)/(1-C108))*C109 -> 164.50999 | F109: =((F38+F67+F77+F95+F102+F106+F107)/(1-C108))*C109 -> 189.75445
B110: C.1.1 - Tributos Federais (PIS) | C110: =0.0065 -> 0.0065 | D110: =((D38+D67+D77+D95+D102+D106+D107)/(1-C108))*C110 -> 37.209843 | E110: =((E38+E67+E77+E95+E102+E106+E107)/(1-C108))*C110 -> 35.643832 | F110: =((F38+F67+F77+F95+F102+F106+F107)/(1-C108))*C110 -> 41.113464
B111: C.3 - Tributos Municipais (ISSQN do município de prestação do serviço (art. 3º, XVI, LC nº 116/2003)) | C111: 0.05 | D111: =((D38+D67+D77+D95+D102+D106+D107)/(1-C108))*C111 -> 286.22956 | E111: =((E38+E67+E77+E95+E102+E106+E107)/(1-C108))*C111 -> 274.18332 | F111: =((F38+F67+F77+F95+F102+F106+F107)/(1-C108))*C111 -> 316.25741
B112: C.4 - Outros Tributos (especificar)
...

Sheet Benevides
B1: PLANILHA ESTIMATIVA
B2: Planilha de Custos e Formação de Preços para Serviços de Vigilância - GEX – Belém, Marabá e Santarém-PA
B4: Nº do Processo: | C4: 35014.499513/2022-13
B5: Pregão Eletrônico nº
B6: Data:
B8: Discriminação dos Serviços (dados referentes à contratação)
B9: A – Data de apresentação da proposta (dia/mês/ano)
B10: B – Município/UF | C10: Benevides – PA
B11: C – Ano Acordo, Convenção ou Sentença Normativa em Dissídio Coletivo | C11: 2023
B12: D – Nº de meses de execução contratual | C12: 12
B14: Identificação do Serviço
B15: Tipo de Serviço | C15: Unid. de Medida | D15: Posto de 44 h semanais (Qtde) | E15: Posto 12X36 Diurnas (Qtde) | F15: Posto 12X36 Noturno (Qtde)
B16: Contratação de serviços de segurança e vigilância orgânica e patrimonial desarmada, visando atender as demandas das Gerências Executivas de Belém, Marabá e Santarém-PA, conforme condições, quantidades e exigências estabelecidas no instrumento convocatório. | C16: Posto | D16: =Resumo!E38 -> 2 | E16: =Resumo!E39 -> 0 | F16: 0
B19: Mão de obra vinculada à execução contratual
B20: Dados para composição dos custos referente à mão de obra
B21: 1 – Tipo de serviço (mesmo serviço com características distintas) | C21: Vigilância
B22: 2 – Classificação Brasileira de Ocupações (CBO) | C22: 517330
B23: 3 – Salário Normativo da Categoria Profissional | C23: 1702.49
B24: 4 – Categoria profissional (vinculada à execução contratual) | C24: Vigilante
B25: 5 – Data base da categoria (dia/mês/ano) | C25: 01 de janeiro
B26: 6 – Numero de registro da convenção coletiva no MTE | C26: PA000985/2022
B28: CUSTOS | C28: Percentuais e Valores de Referência | D28: 44 horas semanais | E28: 12X36 Diurnas | F28: 12X36 Noturnas
B29: MÓDULO 1: COMPOSIÇÃO DA REMUNERAÇÃO
B30: 1 - Composição da Remuneração | C30: Valores/ Percentuais | D30: Valor (R$) | E30: Valor (R$) | F30: Valor (R$)
B31: A – Salário Normativo | C31: =C23 -> 1702.49 | D31: =C31 -> 1702.49 | E31: =C31 -> 1702.49 | F31: =C31 -> 1702.49
B32: B - Adicional de Periculosidade | C32: 0.3 | D32: =D31*C32 -> 510.747 | E32: =E31*C32 -> 510.747 | F32: =F31*C32 -> 510.747
B33: C - Adicional de Insalubridade
B34: D - Adicional Noturno | C34: 0.2 | D34: 0 | E34: 0 | F34: =((F31+F32)/220)*C34*7*15 -> 211.26353
B35: E - Adicional de Hora Noturna Reduzida | D35: 0 | E35: 0 | F35: =((F31+F32)/220)*1.2*15 -> 181.08303
B36: F - Penosidade | D36: 0 | E36: 0 | F36: 0
B37: G - Outros | D37: 0 | E37: 0 | F37: 0
B38: Total | D38: =SUM(D31:D37) -> 2213.237 | E38: =SUM(E31:E37) -> 2213.237 | F38: =SUM(F31:F37) -> 2605.5836
B40: MÓDULO 2: ENCARGOS E BENEFÍCIOS ANUAIS, MENSAIS E DIÁRIOS
B41: 2.1 - 13º Salário, Férias e Adicional de Férias | C41: Percentuais | D41: Valor (R$) | E41: Valor (R$) | F41: Valor (R$)
B42: A - 13º salário | C42: =1/12 -> 0.083333333 | D42: =C42*D38 -> 184.43642 | E42: =C42*E38 -> 184.43642 | F42: =C42*F38 -> 217.13196
B43: B - Férias e Adicional de Férias (O custo com o valor pago ao substituto durante as férias do empregado consta na letra "A" do submódulo 4.1), (custo não renovável). | C43: =C42/3 -> 0.027777778 | D43: =C43*D38 -> 61.478806 | E43: =C43*E38 -> 61.478806 | F43: =C43*F38 -> 72.377321
B44: Total | C44: =SUM(C42:C43) -> 0.11111111 | D44: =SUM(D42:D43) -> 245.91522 | E44: =SUM(E42:E43) -> 245.91522 | F44: =SUM(F42:F43) -> 289.50928
B45: 2.2 - GPS, FGTS e outras contribuições (Incide sobre os Módulos 1 e 2.1) | C45: Percentuais | D45: Valor (R$) | E45: Valor (R$) | F45: Valor (R$)
B46: A - INSS | C46: 0.2 | D46: =C46*(D38+D44) -> 491.83044 | E46: =C46*(E38+E44) -> 491.83044 | F46: =C46*(F38+F44) -> 579.01857
B47: B - Salário Educação | C47: 0.025 | D47: =C47*(D38+D44) -> 61.478806 | E47: =C47*(E38+E44) -> 61.478806 | F47: =C47*(F38+F44) -> 72.377321
B48: C - SAT (Utilizar o RAT Ajustado conforme GFIP: RAT x FAP) | C48: 0.03 | D48: =C48*(D38+D44) -> 73.774567 | E48: =C48*(E38+E44) -> 73.774567 | F48: =C48*(F38+F44) -> 86.852785
B49: D - SESI ou SESC | C49: 0.015 | D49: =C49*(D38+D44) -> 36.887283 | E49: =C49*(E38+E44) -> 36.887283 | F49: =C49*(F38+F44) -> 43.426393
B50: E - SENAI ou SENAC | C50: 0.01 | D50: =C50*(D38+D44) -> 24.591522 | E50: =C50*(E38+E44) -> 24.591522 | F50: =C50*(F38+F44) -> 28.950928
B51: F - SEBRAE | C51: 0.006 | D51: =C51*(D38+D44) -> 14.754913 | E51: =C51*(E38+E44) -> 14.754913 | F51: =C51*(F38+F44) -> 17.370557
B52: G - INCRA | C52: 0.002 | D52: =C52*(D38+D44) -> 4.9183044 | E52: =C52*(E38+E44) -> 4.9183044 | F52: =C52*(F38+F44) -> 5.7901857
B53: F - FGTS | C53: 0.08 | D53: =C53*(D38+D44) -> 196.73218 | E53: =C53*(E38+E44) -> 196.73218 | F53: =C53*(F38+F44) -> 231.60743
B54: Total | C54: =SUM(C46:C53) -> 0.368 | D54: =SUM(D46:D53) -> 904.96802 | E54: =SUM(E46:E53) -> 904.96802 | F54: =SUM(F46:F53) -> 1065.3942
B55: 2.3 - Benefícios Mensais e Diários | C55: Valores/ Percentuais | D55: Valor (R$) | E55: Valor (R$) | F55: Valor (R$)
B56: A – Auxílio Transporte (Por dia trabalhado) | C56: 3.6 | D56: =(C56*26*2)-(D31*0.06) -> 85.0506 | E56: =(C56*15*2)-(E31*0.06) -> 5.8506 | F56: =(C56*15*2)-(F31*0.06) -> 5.8506
B57: B – Auxílio Alimentação (Jornada igual ou superior a 6 horas) | C57: ='Memória de Cálculo'!C6 -> 36 | D57: ='Memória de Cálculo'!E6 -> 926.64 | E57: ='Memória de Cálculo'!E7 -> 534.6 | F57: ='Memória de Cálculo'!E8 -> 534.6
B58: C – Assistência Médica | C58: 0 | D58: =C58 -> 0 | E58: =C58 -> 0 | F58: =C58 -> 0
B59: D – Auxílio Creche | C59: 0 | D59: =C59 -> 0 | E59: =D59 -> 0 | F59: =E59 -> 0
B60: E – Auxílio Morte/Funeral | C60: 9.55e-05 | D60: =D31*C60*2.5 -> 0.40646949 | E60: =E31*C60*2.5 -> 0.40646949 | F60: =F31*C60*2.5 -> 0.40646949
B61: F – Seguro de Vida | C61: 9.55e-05 | D61: =D38*C61*30 -> 6.340924 | E61: =E38*C61*30 -> 6.340924 | F61: =F38*C61*30 -> 7.4649969
B62: Total | D62: =SUM(D56:D61) -> 1018.438 | E62: =SUM(E56:E61) -> 547.19799 | F62: =SUM(F56:F61) -> 548.32207
B63: 2 - Encargos e Benefícios Anuais, Mensais e Diários | C63: Percentuais | D63: Valor (R$) | E63: Valor (R$) | F63: Valor (R$)
B64: 2.1 - 13º Salário, Férias e Adicional de Férias | C64: =C44 -> 0.11111111 | D64: =D44 -> 245.91522 | E64: =E44 -> 245.91522 | F64: =F44 -> 289.50928
B65: 2.2 - GPS, FGTS e outras contribuições | C65: =C54 -> 0.368 | D65: =D54 -> 904.96802 | E65: =E54 -> 904.96802 | F65: =F54 -> 1065.3942
B66: 2.3 - Benefícios Mensais e Diários | C66: 0 | D66: =D62 -> 1018.438 | E66: =E62 -> 547.19799 | F66: =F62 -> 548.32207
B67: Total | D67: =SUM(D64:D66) -> 2169.3212 | E67: =SUM(E64:E66) -> 1698.0812 | F67: =SUM(F64:F66) -> 1903.2255
B69: MÓDULO 3: PROVISÃO PARA RESCISÃO
B70: 3 - Provisão para Rescisão | C70: Percentuais | D70: Valor (R$) | E70: Valor (R$) | F70: Valor (R$)
B71: A - Aviso Prévio Indenizado (Esta parcela deverá ser reduzida após o primeiro ano da contratação para o percentual máximo de 0,042%: Acórdão 1.186/2017-P) | C71: =1/12*0.05 -> 0.0041666667 | D71: =C71*D38 -> 9.2218208 | E71: =C71*E38 -> 9.2218208 | F71: =C71*F38 -> 10.856598
B72: B - Incidência do FGTS sobre Aviso Prévio Indenizado | C72: =C53*C71 -> 0.00033333333 | D72: =C72*D38 -> 0.73774567 | E72: =C72*E38 -> 0.73774567 | F72: =C72*F38 -> 0.86852785
B73: C - Multa do FGTS e contribuições sociais sobre o Aviso Prévio Indenizado | C73: 0 | D73: =C73*D38 -> 0 | E73: =C73*E38 -> 0 | F73: =C73*F38 -> 0
B74: D - Aviso Prévio Trabalhado (Esta parcela deverá ser reduzida após o primeiro ano da contratação para o percentual máximo de 0,194%: Acórdão 1.186/2017-P) | C74: =1/30*7/12 -> 0.019444444 | D74: =C74*D38 -> 43.035164 | E74: =C74*E38 -> 43.035164 | F74: =C74*F38 -> 50.664125
B75: E - Incidência de GPS, FGTS e outras contribuições (submódulo 2.2) sobre o Aviso Prévio Trabalhado | C75: =C54*C74 -> 0.0071555556 | D75: =C75*D38 -> 15.83694 | E75: =C75*E38 -> 15.83694 | F75: =C75*F38 -> 18.644398
B76: F - Multa do FGTS sobre o Aviso Prévio Trabalhado (Rescisões sem justa causa) | C76: =0.08*0.4*0.9*(1+1/12+1/12+1/3*1/12) -> 0.0344 | D76: =C76*D38 -> 76.135353 | E76: =C76*E38 -> 76.135353 | F76: =C76*F38 -> 89.632074
B77: Total | C77: =SUM(C71:C76) -> 0.0655 | D77: =SUM(D71:D76) -> 144.96702 | E77: =SUM(E71:E76) -> 144.96702 | F77: =SUM(F71:F76) -> 170.66572
B79: MÓDULO 4: CUSTO DE REPOSIÇÃO DO PROFISSIONAL AUSENTE
B80: 4.1 – Substituto nas Ausências Legais | C80: Percentuais | D80: Valor (R$) | E80: Valor (R$) | F80: Valor (R$)
B81: A – Substituto na cobertura de Férias | C81: =1/12 -> 0.083333333 | D81: =C81*(D38+D67+D77) -> 377.29377 | E81: =C81*(E38+E67+E77) -> 338.02377 | F81: =C81*(F38+F67+F77) -> 389.95623
B82: B – Substituto na cobertura de ausências Legais | C82: ='Memória de Cálculo'!C21 -> 0.0028 | D82: =C82*(D38+D67+D77) -> 12.677071 | E82: =C82*(E38+E67+E77) -> 11.357599 | F82: =C82*(F38+F67+F77) -> 13.102529
B83: C - Substituto na cobertura na licença-paternidade | C83: ='Memória de Cálculo'!D28/30/12*'Memória de Cálculo'!D26*'Memória de Cálculo'!D27 -> 0.00018725 | D83: =C83*(D38+D67+D77) -> 0.8477791 | E83: =C83*(E38+E67+E77) -> 0.75953941 | F83: =C83*(F38+F67+F77) -> 0.87623166
B84: D - Substituto na cobertura na ausências por acidente de trabalho | C84: ='Memória de Cálculo'!D32/30/12 -> 0.0019202778 | D84: =C84*(D38+D67+D77) -> 8.6941061 | E84: =C84*(E38+E67+E77) -> 7.7891944 | F84: =C84*(F38+F67+F77) -> 8.9858915
B85: E - Substituto na cobertura de afastamento maternidade | C85: =120/30*'Memória de Cálculo'!D42*'Memória de Cálculo'!D43 -> 0.00129536 | D85: =C85*(D38+D67+D77) -> 5.8647751 | E85: =C85*(E38+E67+E77) -> 5.2543497 | F85: =C85*(F38+F67+F77) -> 6.0616045
B86: F - Substituto na cobertura de outras ausências (especificar) | C86: 0 | D86: =C86*(D38+D67+D77) -> 0 | E86: =C86*(E38+E67+E77) -> 0 | F86: =C86*(F38+F67+F77) -> 0
B87: Total | C87: =SUM(C81:C86) -> 0.089536221 | D87: =SUM(D81:D86) -> 405.3775 | E87: =SUM(E81:E86) -> 363.18445 | F87: =SUM(F81:F86) -> 418.98249
B88: 4.2 - Substituto na Intrajornada (Indenizada) | C88: Percentuais | D88: Valor (R$) | E88: Valor (R$) | F88: Valor (R$)
B89: A - Substituto na cobertura de intervalo para repouso ou alimentação (Intrajornada indenizada de 1 hora, conforme CCT) | C89: 0.5 | D89: 0 | E89: =(E38/220)*15*1.5 -> 226.35378 | F89: =(F38/220)*15*1.5 -> 266.48014
B90: Total | D90: =SUM(D89:D89) -> 0 | E90: =SUM(E89:E89) -> 226.35378 | F90: =SUM(F89:F89) -> 266.48014
B92: 4 - Custo de Reposição do Profissional Ausente | C92: Percentuais | D92: Valor (R$) | E92: Valor (R$) | F92: Valor (R$)
B93: 4.1 - Substituto nas ausências Legais | C93: =C87 -> 0.089536221 | D93: =D87 -> 405.3775 | E93: =E87 -> 363.18445 | F93: =F87 -> 418.98249
B94: 4.2 - Intrajornada indenizada | C94: =C89 -> 0.5 | D94: =D90 -> 0 | E94: =E90 -> 226.35378 | F94: =F90 -> 266.48014
B95: Total | D95: =SUM(D93:D94) -> 405.3775 | E95: =SUM(E93:E94) -> 589.53824 | F95: =SUM(F93:F94) -> 685.46263
B97: MÓDULO 5: INSUMOS DIVERSOS
B98: 5 - Insumos Diversos | C98: Valores | D98: Valor (R$) | E98: Valor (R$) | F98: Valor (R$)
B99: A - Uniformes | C99: =Insumos!J13 -> 41.683333 | D99: =C99 -> 41.683333 | E99: =C99 -> 41.683333 | F99: =C99 -> 41.683333
B100: B - Materiais (Valor por posto) | C100: =Insumos!J21 -> 10.203333 | D100: =C100 -> 10.203333 | E100: =C100/2 -> 5.1016667 | F100: =C100/2 -> 5.1016667
B101: C - Outros (especificar) | C101: 0 | D101: =C101 -> 0 | E101: =C101 -> 0 | F101: =C101 -> 0
B102: Total | C102: =SUM(C99:C101) -> 51.886667 | D102: =SUM(D99:D101) -> 51.886667 | E102: =SUM(E99:E101) -> 46.785 | F102: =SUM(F99:F101) -> 46.785
B104: MÓDULO 6: CUSTOS INDIRETOS, TRIBUTOS E LUCRO
B105: 6 - Custos Indiretos, Tributos e Lucro | C105: Percentuais | D105: Valor (R$) | E105: Valor (R$) | F105: Valor (R$)
B106: A - Custos Indiretos | C106: 0.032 | D106: =C106*(D38+D67+D77+D95+D102) -> 159.51326 | E106: =C106*(E38+E67+E77+E95+E102) -> 150.16347 | F106: =C106*(F38+F67+F77+F95+F102) -> 173.17512
B107: B - Lucro | C107: 0.0358 | D107: =C107*(D38+D67+D77+D95+D102+D106) -> 184.16604 | E107: =C107*(E38+E67+E77+E95+E102+E106) -> 173.37124 | F107: =C107*(F38+F67+F77+F95+F102+F106) -> 199.93933
B108: C - Tributos (Percentuais de acordo com o regime tributário da empresa) | C108: =SUM(C109:C112) -> 0.0865 | D108: =((D38+D67+D77+D95+D102+D106+D107)/(1-C108))*C108 -> 504.5567 | E108: =((E38+E67+E77+E95+E102+E106+E107)/(1-C108))*C108 -> 474.98236 | F108: =((F38+F67+F77+F95+F102+F106+F107)/(1-C108))*C108 -> 547.77054
B109: C.1.1 - Tributos Federais (COFINS) | C109: =0.03 -> 0.03 | D109: =((D38+D67+D77+D95+D102+D106+D107)/(1-C108))*C109 -> 174.99076 | E109: =((E38+E67+E77+E95+E102+E106+E107)/(1-C108))*C109 -> 164.73377 | F109: =((F38+F67+F77+F95+F102+F106+F107)/(1-C108))*C109 -> 189.97822
B110: C.1.1 - Tributos Federais (PIS) | C110: =0.0065 -> 0.0065 | D110: =((D38+D67+D77+D95+D102+D106+D107)/(1-C108))*C110 -> 37.914665 | E110: =((E38+E67+E77+E95+E102+E106+E107)/(1-C108))*C110 -> 35.692316 | F110: =((F38+F67+F77+F95+F102+F106+F107)/(1-C108))*C110 -> 41.161948
B111: C.3 - Tributos Municipais (ISSQN do município de prestação do serviço (art. 3º, XVI, LC nº 116/2003)) | C111: 0.05 | D111: =((D38+D67+D77+D95+D102+D106+D107)/(1-C108))*C111 -> 291.65127 | E111: =((E38+E67+E77+E95+E102+E106+E107)/(1-C108))*C111 -> 274.55628 | F111: =((F38+F67+F77+F95+F102+F106+F107)/(1-C108))*C111 -> 316.63037
B112: C.4 - Outros Tributos (especificar)
...

Sheet Concórdia
B1: PLANILHA ESTIMATIVA
B2: Planilha de Custos e Formação de Preços para Serviços de Vigilância - GEX – Belém, Marabá e Santarém-PA
B4: Nº do Processo: | C4: 35014.499513/2022-13
B5: Pregão Eletrônico nº
B6: Data:
B8: Discriminação dos Serviços (dados referentes à contratação)
B9: A – Data de apresentação da proposta (dia/mês/ano)
B10: B – Município/UF | C10: Concórdia do Pará – PA
B11: C – Ano Acordo, Convenção ou Sentença Normativa em Dissídio Coletivo | C11: 2023
B12: D – Nº de meses de execução contratual | C12: 12
B14: Identificação do Serviço
B15: Tipo de Serviço | C15: Unid. de Medida | D15: Posto de 44 h semanais (Qtde) | E15: Posto 12X36 Diurnas (Qtde) | F15: Posto 12X36 Noturno (Qtde)
B16: Contratação de serviços de segurança e vigilância orgânica e patrimonial desarmada, visando atender as demandas das Gerências Executivas de Belém, Marabá e Santarém-PA, conforme condições, quantidades e exigências estabelecidas no instrumento convocatório. | C16: Posto | D16: =Resumo!E41 -> 1 | E16: =Resumo!E42 -> 0 | F16: 0
B19: Mão de obra vinculada à execução contratual
B20: Dados para composição dos custos referente à mão de obra
B21: 1 – Tipo de serviço (mesmo serviço com características distintas) | C21: Vigilância
B22: 2 – Classificação Brasileira de Ocupações (CBO) | C22: 517330
B23: 3 – Salário Normativo da Categoria Profissional | C23: 1702.49
B24: 4 – Categoria profissional (vinculada à execução contratual) | C24: Vigilante
B25: 5 – Data base da categoria (dia/mês/ano) | C25: 01 de janeiro
B26: 6 – Numero de registro da convenção coletiva no MTE | C26: PA000985/2022
B28: CUSTOS | C28: Percentuais e Valores de Referência | D28: 44 horas semanais | E28: 12X36 Diurnas | F28: 12X36 Noturnas
B29: MÓDULO 1: COMPOSIÇÃO DA REMUNERAÇÃO
B30: 1 - Composição da Remuneração | C30: Valores/ Percentuais | D30: Valor (R$) | E30: Valor (R$) | F30: Valor (R$)
B31: A – Salário Normativo | C31: =C23 -> 1702.49 | D31: =C31 -> 1702.49 | E31: =C31 -> 1702.49 | F31: =C31 -> 1702.49
B32: B - Adicional de Periculosidade | C32: 0.3 | D32: =D31*C32 -> 510.747 | E32: =E31*C32 -> 510.747 | F32: =F31*C32 -> 510.747
B33: C - Adicional de Insalubridade
B34: D - Adicional Noturno | C34: 0.2 | D34: 0 | E34: 0 | F34: =((F31+F32)/220)*C34*7*15 -> 211.26353
B35: E - Adicional de Hora Noturna Reduzida | D35: 0 | E35: 0 | F35: =((F31+F32)/220)*1.2*15 -> 181.08303
B36: F - Penosidade | D36: 0 | E36: 0 | F36: 0
B37: G - Outros | D37: 0 | E37: 0 | F37: 0
B38: Total | D38: =SUM(D31:D37) -> 2213.237 | E38: =SUM(E31:E37) -> 2213.237 | F38: =SUM(F31:F37) -> 2605.5836
B40: MÓDULO 2: ENCARGOS E BENEFÍCIOS ANUAIS, MENSAIS E DIÁRIOS
B41: 2.1 - 13º Salário, Férias e Adicional de Férias | C41: Percentuais | D41: Valor (R$) | E41: Valor (R$) | F41: Valor (R$)
B42: A - 13º salário | C42: =1/12 -> 0.083333333 | D42: =C42*D38 -> 184.43642 | E42: =C42*E38 -> 184.43642 | F42: =C42*F38 -> 217.13196
B43: B - Férias e Adicional de Férias (O custo com o valor pago ao substituto durante as férias do empregado consta na letra "A" do submódulo 4.1), (custo não renovável). | C43: =C42/3 -> 0.027777778 | D43: =C43*D38 -> 61.478806 | E43: =C43*E38 -> 61.478806 | F43: =C43*F38 -> 72.377321
B44: Total | C44: =SUM(C42:C43) -> 0.11111111 | D44: =SUM(D42:D43) -> 245.91522 | E44: =SUM(E42:E43) -> 245.91522 | F44: =SUM(F42:F43) -> 289.50928
B45: 2.2 - GPS, FGTS e outras contribuições (Incide sobre os Módulos 1 e 2.1) | C45: Percentuais | D45: Valor (R$) | E45: Valor (R$) | F45: Valor (R$)
B46: A - INSS | C46: 0.2 | D46: =C46*(D38+D44) -> 491.83044 | E46: =C46*(E38+E44) -> 491.83044 | F46: =C46*(F38+F44) -> 579.01857
B47: B - Salário Educação | C47: 0.025 | D47: =C47*(D38+D44) -> 61.478806 | E47: =C47*(E38+E44) -> 61.478806 | F47: =C47*(F38+F44) -> 72.377321
B48: C - SAT (Utilizar o RAT Ajustado conforme GFIP: RAT x FAP) | C48: 0.03 | D48: =C48*(D38+D44) -> 73.774567 | E48: =C48*(E38+E44) -> 73.774567 | F48: =C48*(F38+F44) -> 86.852785
B49: D - SESI ou SESC | C49: 0.015 | D49: =C49*(D38+D44) -> 36.887283 | E49: =C49*(E38+E44) -> 36.887283 | F49: =C49*(F38+F44) -> 43.426393
B50: E - SENAI ou SENAC | C50: 0.01 | D50: =C50*(D38+D44) -> 24.591522 | E50: =C50*(E38+E44) -> 24.591522 | F50: =C50*(F38+F44) -> 28.950928
B51: F - SEBRAE | C51: 0.006 | D51: =C51*(D38+D44) -> 14.754913 | E51: =C51*(E38+E44) -> 14.754913 | F51: =C51*(F38+F44) -> 17.370557
B52: G - INCRA | C52: 0.002 | D52: =C52*(D38+D44) -> 4.9183044 | E52: =C52*(E38+E44) -> 4.9183044 | F52: =C52*(F38+F44) -> 5.7901857
B53: F - FGTS | C53: 0.08 | D53: =C53*(D38+D44) -> 196.73218 | E53: =C53*(E38+E44) -> 196.73218 | F53: =C53*(F38+F44) -> 231.60743
B54: Total | C54: =SUM(C46:C53) -> 0.368 | D54: =SUM(D46:D53) -> 904.96802 | E54: =SUM(E46:E53) -> 904.96802 | F54: =SUM(F46:F53) -> 1065.3942
B55: 2.3 - Benefícios Mensais e Diários | C55: Valores/ Percentuais | D55: Valor (R$) | E55: Valor (R$) | F55: Valor (R$)
B56: A – Auxílio Transporte (Por dia trabalhado) | C56: 0
B57: B – Auxílio Alimentação (Jornada igual ou superior a 6 horas) | C57: ='Memória de Cálculo'!C6 -> 36 | D57: ='Memória de Cálculo'!E6 -> 926.64 | E57: ='Memória de Cálculo'!E7 -> 534.6 | F57: ='Memória de Cálculo'!E8 -> 534.6
B58: C – Assistência Médica | C58: 0 | D58: =C58 -> 0 | E58: =C58 -> 0 | F58: =C58 -> 0
B59: D – Auxílio Creche | C59: 0 | D59: =C59 -> 0 | E59: =D59 -> 0 | F59: =E59 -> 0
B60: E – Auxílio Morte/Funeral | C60: 9.55e-05 | D60: =D31*C60*2.5 -> 0.40646949 | E60: =E31*C60*2.5 -> 0.40646949 | F60: =F31*C60*2.5 -> 0.40646949
B61: F – Seguro de Vida | C61: 9.55e-05 | D61: =D38*C61*30 -> 6.340924 | E61: =E38*C61*30 -> 6.340924 | F61: =F38*C61*30 -> 7.4649969
B62: Total | D62: =SUM(D56:D61) -> 933.38739 | E62: =SUM(E56:E61) -> 541.34739 | F62: =SUM(F56:F61) -> 542.47147
B63: 2 - Encargos e Benefícios Anuais, Mensais e Diários | C63: Percentuais | D63: Valor (R$) | E63: Valor (R$) | F63: Valor (R$)
B64: 2.1 - 13º Salário, Férias e Adicional de Férias | C64: =C44 -> 0.11111111 | D64: =D44 -> 245.91522 | E64: =E44 -> 245.91522 | F64: =F44 -> 289.50928
B65: 2.2 - GPS, FGTS e outras contribuições | C65: =C54 -> 0.368 | D65: =D54 -> 904.96802 | E65: =E54 -> 904.96802 | F65: =F54 -> 1065.3942
B66: 2.3 - Benefícios Mensais e Diários | C66: 0 | D66: =D62 -> 933.38739 | E66: =E62 -> 541.34739 | F66: =F62 -> 542.47147
B67: Total | D67: =SUM(D64:D66) -> 2084.2706 | E67: =SUM(E64:E66) -> 1692.2306 | F67: =SUM(F64:F66) -> 1897.3749
B69: MÓDULO 3: PROVISÃO PARA RESCISÃO
B70: 3 - Provisão para Rescisão | C70: Percentuais | D70: Valor (R$) | E70: Valor (R$) | F70: Valor (R$)
B71: A - Aviso Prévio Indenizado (Esta parcela deverá ser reduzida após o primeiro ano da contratação para o percentual máximo de 0,042%: Acórdão 1.186/2017-P) | C71: =1/12*0.05 -> 0.0041666667 | D71: =C71*D38 -> 9.2218208 | E71: =C71*E38 -> 9.2218208 | F71: =C71*F38 -> 10.856598
B72: B - Incidência do FGTS sobre Aviso Prévio Indenizado | C72: =C53*C71 -> 0.00033333333 | D72: =C72*D38 -> 0.73774567 | E72: =C72*E38 -> 0.73774567 | F72: =C72*F38 -> 0.86852785
B73: C - Multa do FGTS e contribuições sociais sobre o Aviso Prévio Indenizado | C73: 0 | D73: =C73*D38 -> 0 | E73: =C73*E38 -> 0 | F73: =C73*F38 -> 0
B74: D - Aviso Prévio Trabalhado (Esta parcela deverá ser reduzida após o primeiro ano da contratação para o percentual máximo de 0,194%: Acórdão 1.186/2017-P) | C74: =1/30*7/12 -> 0.019444444 | D74: =C74*D38 -> 43.035164 | E74: =C74*E38 -> 43.035164 | F74: =C74*F38 -> 50.664125
B75: E - Incidência de GPS, FGTS e outras contribuições (submódulo 2.2) sobre o Aviso Prévio Trabalhado | C75: =C54*C74 -> 0.0071555556 | D75: =C75*D38 -> 15.83694 | E75: =C75*E38 -> 15.83694 | F75: =C75*F38 -> 18.644398
B76: F - Multa do FGTS sobre o Aviso Prévio Trabalhado (Rescisões sem justa causa) | C76: =0.08*0.4*0.9*(1+1/12+1/12+1/3*1/12) -> 0.0344 | D76: =C76*D38 -> 76.135353 | E76: =C76*E38 -> 76.135353 | F76: =C76*F38 -> 89.632074
B77: Total | C77: =SUM(C71:C76) -> 0.0655 | D77: =SUM(D71:D76) -> 144.96702 | E77: =SUM(E71:E76) -> 144.96702 | F77: =SUM(F71:F76) -> 170.66572
B79: MÓDULO 4: CUSTO DE REPOSIÇÃO DO PROFISSIONAL AUSENTE
B80: 4.1 – Substituto nas Ausências Legais | C80: Percentuais | D80: Valor (R$) | E80: Valor (R$) | F80: Valor (R$)
B81: A – Substituto na cobertura de Férias | C81: =1/12 -> 0.083333333 | D81: =C81*(D38+D67+D77) -> 370.20622 | E81: =C81*(E38+E67+E77) -> 337.53622 | F81: =C81*(F38+F67+F77) -> 389.46868
B82: B – Substituto na cobertura de ausências Legais | C82: ='Memória de Cálculo'!C21 -> 0.0028 | D82: =C82*(D38+D67+D77) -> 12.438929 | E82: =C82*(E38+E67+E77) -> 11.341217 | F82: =C82*(F38+F67+F77) -> 13.086148
B83: C - Substituto na cobertura na licença-paternidade | C83: ='Memória de Cálculo'!D28/30/12*'Memória de Cálculo'!D26*'Memória de Cálculo'!D27 -> 0.00018725 | D83: =C83*(D38+D67+D77) -> 0.83185338 | E83: =C83*(E38+E67+E77) -> 0.75844389 | F83: =C83*(F38+F67+F77) -> 0.87513613
B84: D - Substituto na cobertura na ausências por acidente de trabalho | C84: ='Memória de Cálculo'!D32/30/12 -> 0.0019202778 | D84: =C84*(D38+D67+D77) -> 8.5307854 | E84: =C84*(E38+E67+E77) -> 7.7779597 | F84: =C84*(F38+F67+F77) -> 8.9746567
B85: E - Substituto na cobertura de afastamento maternidade | C85: =120/30*'Memória de Cálculo'!D42*'Memória de Cálculo'!D43 -> 0.00129536 | D85: =C85*(D38+D67+D77) -> 5.754604 | E85: =C85*(E38+E67+E77) -> 5.246771 | F85: =C85*(F38+F67+F77) -> 6.0540258
B86: F - Substituto na cobertura de outras ausências (especificar) | C86: 0 | D86: =C86*(D38+D67+D77) -> 0 | E86: =C86*(E38+E67+E77) -> 0 | F86: =C86*(F38+F67+F77) -> 0
B87: Total | C87: =SUM(C81:C86) -> 0.089536221 | D87: =SUM(D81:D86) -> 397.76239 | E87: =SUM(E81:E86) -> 362.66061 | F87: =SUM(F81:F86) -> 418.45865
B88: 4.2 - Substituto na Intrajornada (Indenizada) | C88: Percentuais | D88: Valor (R$) | E88: Valor (R$) | F88: Valor (R$)
B89: A - Substituto na cobertura de intervalo para repouso ou alimentação (Intrajornada indenizada de 1 hora, conforme CCT) | C89: 0.5 | D89: 0 | E89: =(E38/220)*15*1.5 -> 226.35378 | F89: =(F38/220)*15*1.5 -> 266.48014
B90: Total | D90: =SUM(D89:D89) -> 0 | E90: =SUM(E89:E89) -> 226.35378 | F90: =SUM(F89:F89) -> 266.48014
B92: 4 - Custo de Reposição do Profissional Ausente | C92: Percentuais | D92: Valor (R$) | E92: Valor (R$) | F92: Valor (R$)
B93: 4.1 - Substituto nas ausências Legais | C93: =C87 -> 0.089536221 | D93: =D87 -> 397.76239 | E93: =E87 -> 362.66061 | F93: =F87 -> 418.45865
B94: 4.2 - Intrajornada indenizada | C94: =C89 -> 0.5 | D94: =D90 -> 0 | E94: =E90 -> 226.35378 | F94: =F90 -> 266.48014
B95: Total | D95: =SUM(D93:D94) -> 397.76239 | E95: =SUM(E93:E94) -> 589.0144 | F95: =SUM(F93:F94) -> 684.93879
B97: MÓDULO 5: INSUMOS DIVERSOS
B98: 5 - Insumos Diversos | C98: Valores | D98: Valor (R$) | E98: Valor (R$) | F98: Valor (R$)
B99: A - Uniformes | C99: =Insumos!J13 -> 41.683333 | D99: =C99 -> 41.683333 | E99: =C99 -> 41.683333 | F99: =C99 -> 41.683333
B100: B - Materiais (Valor por posto) | C100: =Insumos!J21 -> 10.203333 | D100: =C100 -> 10.203333 | E100: =C100/2 -> 5.1016667 | F100: =C100/2 -> 5.1016667
B101: C - Outros (especificar) | C101: 0 | D101: =C101 -> 0 | E101: =C101 -> 0 | F101: =C101 -> 0
B102: Total | C102: =SUM(C99:C101) -> 51.886667 | D102: =SUM(D99:D101) -> 51.886667 | E102: =SUM(E99:E101) -> 46.785 | F102: =SUM(F99:F101) -> 46.785
B104: MÓDULO 6: CUSTOS INDIRETOS, TRIBUTOS E LUCRO
B105: 6 - Custos Indiretos, Tributos e Lucro | C105: Percentuais | D105: Valor (R$) | E105: Valor (R$) | F105: Valor (R$)
B106: A - Custos Indiretos | C106: 0.032 | D106: =C106*(D38+D67+D77+D95+D102) -> 156.54796 | E106: =C106*(E38+E67+E77+E95+E102) -> 149.95949 | F106: =C106*(F38+F67+F77+F95+F102) -> 172.97114
B107: B - Lucro | C107: 0.0358 | D107: =C107*(D38+D67+D77+D95+D102+D106) -> 180.74245 | E107: =C107*(E38+E67+E77+E95+E102+E106) -> 173.13573 | F107: =C107*(F38+F67+F77+F95+F102+F106) -> 199.70382
B108: C - Tributos (Percentuais de acordo com o regime tributário da empresa) | C108: =SUM(C109:C112) -> 0.0865 | D108: =((D38+D67+D77+D95+D102+D106+D107)/(1-C108))*C108 -> 495.17714 | E108: =((E38+E67+E77+E95+E102+E106+E107)/(1-C108))*C108 -> 474.33715 | F108: =((F38+F67+F77+F95+F102+F106+F107)/(1-C108))*C108 -> 547.12533
B109: C.1.1 - Tributos Federais (COFINS) | C109: =0.03 -> 0.03 | D109: =((D38+D67+D77+D95+D102+D106+D107)/(1-C108))*C109 -> 171.73774 | E109: =((E38+E67+E77+E95+E102+E106+E107)/(1-C108))*C109 -> 164.50999 | F109: =((F38+F67+F77+F95+F102+F106+F107)/(1-C108))*C109 -> 189.75445
B110: C.1.1 - Tributos Federais (PIS) | C110: =0.0065 -> 0.0065 | D110: =((D38+D67+D77+D95+D102+D106+D107)/(1-C108))*C110 -> 37.209843 | E110: =((E38+E67+E77+E95+E102+E106+E107)/(1-C108))*C110 -> 35.643832 | F110: =((F38+F67+F77+F95+F102+F106+F107)/(1-C108))*C110 -> 41.113464
B111: C.3 - Tributos Municipais (ISSQN do município de prestação do serviço (art. 3º, XVI, LC nº 116/2003)) | C111: 0.05 | D111: =((D38+D67+D77+D95+D102+D106+D107)/(1-C108))*C111 -> 286.22956 | E111: =((E38+E67+E77+E95+E102+E106+E107)/(1-C108))*C111 -> 274.18332 | F111: =((F38+F67+F77+F95+F102+F106+F107)/(1-C108))*C111 -> 316.25741
B112: C.4 - Outros Tributos (especificar)
...

Sheet Dom Eliseu
B1: PLANILHA ESTIMATIVA
B2: Planilha de Custos e Formação de Preços para Serviços de Vigilância - GEX – Belém, Marabá e Santarém-PA
B4: Nº do Processo: | C4: 35014.499513/2022-13
B5: Pregão Eletrônico nº
B6: Data:
B8: Discriminação dos Serviços (dados referentes à contratação)
B9: A – Data de apresentação da proposta (dia/mês/ano)
B10: B – Município/UF | C10: Dom Eliseu – PA
B11: C – Ano Acordo, Convenção ou Sentença Normativa em Dissídio Coletivo | C11: 2023
B12: D – Nº de meses de execução contratual | C12: 12
B14: Identificação do Serviço
B15: Tipo de Serviço | C15: Unid. de Medida | D15: Posto de 44 h semanais (Qtde) | E15: Posto 12X36 Diurnas (Qtde) | F15: Posto 12X36 Noturno (Qtde)
B16: Contratação de serviços de segurança e vigilância orgânica e patrimonial desarmada, visando atender as demandas das Gerências Executivas de Belém, Marabá e Santarém-PA, conforme condições, quantidades e exigências estabelecidas no instrumento convocatório. | C16: Posto | D16: =Resumo!E44 -> 1 | E16: =Resumo!E45 -> 0 | F16: 0
B19: Mão de obra vinculada à execução contratual
B20: Dados para composição dos custos referente à mão de obra
B21: 1 – Tipo de serviço (mesmo serviço com características distintas) | C21: Vigilância
B22: 2 – Classificação Brasileira de Ocupações (CBO) | C22: 517330
B23: 3 – Salário Normativo da Categoria Profissional | C23: 1702.49
B24: 4 – Categoria profissional (vinculada à execução contratual) | C24: Vigilante
B25: 5 – Data base da categoria (dia/mês/ano) | C25: 01 de janeiro
B26: 6 – Numero de registro da convenção coletiva no MTE | C26: PA000985/2022
B28: CUSTOS | C28: Percentuais e Valores de Referência | D28: 44 horas semanais | E28: 12X36 Diurnas | F28: 12X36 Noturnas
B29: MÓDULO 1: COMPOSIÇÃO DA REMUNERAÇÃO
B30: 1 - Composição da Remuneração | C30: Valores/ Percentuais | D30: Valor (R$) | E30: Valor (R$) | F30: Valor (R$)
B31: A – Salário Normativo | C31: =C23 -> 1702.49 | D31: =C31 -> 1702.49 | E31: =C31 -> 1702.49 | F31: =C31 -> 1702.49
B32: B - Adicional de Periculosidade | C32: 0.3 | D32: =D31*C32 -> 510.747 | E32: =E31*C32 -> 510.747 | F32: =F31*C32 -> 510.747
B33: C - Adicional de Insalubridade
B34: D - Adicional Noturno | C34: 0.2 | D34: 0 | E34: 0 | F34: =((F31+F32)/220)*C34*7*15 -> 211.26353
B35: E - Adicional de Hora Noturna Reduzida | D35: 0 | E35: 0 | F35: =((F31+F32)/220)*1.2*15 -> 181.08303
B36: F - Penosidade | D36: 0 | E36: 0 | F36: 0
B37: G - Outros | D37: 0 | E37: 0 | F37: 0
B38: Total | D38: =SUM(D31:D37) -> 2213.237 | E38: =SUM(E31:E37) -> 2213.237 | F38: =SUM(F31:F37) -> 2605.5836
B40: MÓDULO 2: ENCARGOS E BENEFÍCIOS ANUAIS, MENSAIS E DIÁRIOS
B41: 2.1 - 13º Salário, Férias e Adicional de Férias | C41: Percentuais | D41: Valor (R$) | E41: Valor (R$) | F41: Valor (R$)
B42: A - 13º salário | C42: =1/12 -> 0.083333333 | D42: =C42*D38 -> 184.43642 | E42: =C42*E38 -> 184.43642 | F42: =C42*F38 -> 217.13196
B43: B - Férias e Adicional de Férias (O custo com o valor pago ao substituto durante as férias do empregado consta na letra "A" do submódulo 4.1), (custo não renovável). | C43: =C42/3 -> 0.027777778 | D43: =C43*D38 -> 61.478806 | E43: =C43*E38 -> 61.478806 | F43: =C43*F38 -> 72.377321
B44: Total | C44: =SUM(C42:C43) -> 0.11111111 | D44: =SUM(D42:D43) -> 245.91522 | E44: =SUM(E42:E43) -> 245.91522 | F44: =SUM(F42:F43) -> 289.50928
B45: 2.2 - GPS, FGTS e outras contribuições (Incide sobre os Módulos 1 e 2.1) | C45: Percentuais | D45: Valor (R$) | E45: Valor (R$) | F45: Valor (R$)
B46: A - INSS | C46: 0.2 | D46: =C46*(D38+D44) -> 491.83044 | E46: =C46*(E38+E44) -> 491.83044 | F46: =C46*(F38+F44) -> 579.01857
B47: B - Salário Educação | C47: 0.025 | D47: =C47*(D38+D44) -> 61.478806 | E47: =C47*(E38+E44) -> 61.478806 | F47: =C47*(F38+F44) -> 72.377321
B48: C - SAT (Utilizar o RAT Ajustado conforme GFIP: RAT x FAP) | C48: 0.03 | D48: =C48*(D38+D44) -> 73.774567 | E48: =C48*(E38+E44) -> 73.774567 | F48: =C48*(F38+F44) -> 86.852785
B49: D - SESI ou SESC | C49: 0.015 | D49: =C49*(D38+D44) -> 36.887283 | E49: =C49*(E38+E44) -> 36.887283 | F49: =C49*(F38+F44) -> 43.426393
B50: E - SENAI ou SENAC | C50: 0.01 | D50: =C50*(D38+D44) -> 24.591522 | E50: =C50*(E38+E44) -> 24.591522 | F50: =C50*(F38+F44) -> 28.950928
B51: F - SEBRAE | C51: 0.006 | D51: =C51*(D38+D44) -> 14.754913 | E51: =C51*(E38+E44) -> 14.754913 | F51: =C51*(F38+F44) -> 17.370557
B52: G - INCRA | C52: 0.002 | D52: =C52*(D38+D44) -> 4.9183044 | E52: =C52*(E38+E44) -> 4.9183044 | F52: =C52*(F38+F44) -> 5.7901857
B53: F - FGTS | C53: 0.08 | D53: =C53*(D38+D44) -> 196.73218 | E53: =C53*(E38+E44) -> 196.73218 | F53: =C53*(F38+F44) -> 231.60743
B54: Total | C54: =SUM(C46:C53) -> 0.368 | D54: =SUM(D46:D53) -> 904.96802 | E54: =SUM(E46:E53) -> 904.96802 | F54: =SUM(F46:F53) -> 1065.3942
B55: 2.3 - Benefícios Mensais e Diários | C55: Valores/ Percentuais | D55: Valor (R$) | E55: Valor (R$) | F55: Valor (R$)
B56: A – Auxílio Transporte (Por dia trabalhado) | C56: 0
B57: B – Auxílio Alimentação (Jornada igual ou superior a 6 horas) | C57: ='Memória de Cálculo'!C6 -> 36 | D57: ='Memória de Cálculo'!E6 -> 926.64 | E57: ='Memória de Cálculo'!E7 -> 534.6 | F57: ='Memória de Cálculo'!E8 -> 534.6
B58: C – Assistência Médica | C58: 0 | D58: =C58 -> 0 | E58: =C58 -> 0 | F58: =C58 -> 0
B59: D – Auxílio Creche | C59: 0 | D59: =C59 -> 0 | E59: =D59 -> 0 | F59: =E59 -> 0
B60: E – Auxílio Morte/Funeral | C60: 9.55e-05 | D60: =D31*C60*2.5 -> 0.40646949 | E60: =E31*C60*2.5 -> 0.40646949 | F60: =F31*C60*2.5 -> 0.40646949
B61: F – Seguro de Vida | C61: 9.55e-05 | D61: =D38*C61*30 -> 6.340924 | E61: =E38*C61*30 -> 6.340924 | F61: =F38*C61*30 -> 7.4649969
B62: Total | D62: =SUM(D56:D61) -> 933.38739 | E62: =SUM(E56:E61) -> 541.34739 | F62: =SUM(F56:F61) -> 542.47147
B63: 2 - Encargos e Benefícios Anuais, Mensais e Diários | C63: Percentuais | D63: Valor (R$) | E63: Valor (R$) | F63: Valor (R$)
B64: 2.1 - 13º Salário, Férias e Adicional de Férias | C64: =C44 -> 0.11111111 | D64: =D44 -> 245.91522 | E64: =E44 -> 245.91522 | F64: =F44 -> 289.50928
B65: 2.2 - GPS, FGTS e outras contribuições | C65: =C54 -> 0.368 | D65: =D54 -> 904.96802 | E65: =E54 -> 904.96802 | F65: =F54 -> 1065.3942
B66: 2.3 - Benefícios Mensais e Diários | C66: 0 | D66: =D62 -> 933.38739 | E66: =E62 -> 541.34739 | F66: =F62 -> 542.47147
B67: Total | D67: =SUM(D64:D66) -> 2084.2706 | E67: =SUM(E64:E66) -> 1692.2306 | F67: =SUM(F64:F66) -> 1897.3749
B69: MÓDULO 3: PROVISÃO PARA RESCISÃO
B70: 3 - Provisão para Rescisão | C70: Percentuais | D70: Valor (R$) | E70: Valor (R$) | F70: Valor (R$)
B71: A - Aviso Prévio Indenizado (Esta parcela deverá ser reduzida após o primeiro ano da contratação para o percentual máximo de 0,042%: Acórdão 1.186/2017-P) | C71: =1/12*0.05 -> 0.0041666667 | D71: =C71*D38 -> 9.2218208 | E71: =C71*E38 -> 9.2218208 | F71: =C71*F38 -> 10.856598
B72: B - Incidência do FGTS sobre Aviso Prévio Indenizado | C72: =C53*C71 -> 0.00033333333 | D72: =C72*D38 -> 0.73774567 | E72: =C72*E38 -> 0.73774567 | F72: =C72*F38 -> 0.86852785
B73: C - Multa do FGTS e contribuições sociais sobre o Aviso Prévio Indenizado | C73: 0 | D73: =C73*D38 -> 0 | E73: =C73*E38 -> 0 | F73: =C73*F38 -> 0
B74: D - Aviso Prévio Trabalhado (Esta parcela deverá ser reduzida após o primeiro ano da contratação para o percentual máximo de 0,194%: Acórdão 1.186/2017-P) | C74: =1/30*7/12 -> 0.019444444 | D74: =C74*D38 -> 43.035164 | E74: =C74*E38 -> 43.035164 | F74: =C74*F38 -> 50.664125
B75: E - Incidência de GPS, FGTS e outras contribuições (submódulo 2.2) sobre o Aviso Prévio Trabalhado | C75: =C54*C74 -> 0.0071555556 | D75: =C75*D38 -> 15.83694 | E75: =C75*E38 -> 15.83694 | F75: =C75*F38 -> 18.644398
B76: F - Multa do FGTS sobre o Aviso Prévio Trabalhado (Rescisões sem justa causa) | C76: =0.08*0.4*0.9*(1+1/12+1/12+1/3*1/12) -> 0.0344 | D76: =C76*D38 -> 76.135353 | E76: =C76*E38 -> 76.135353 | F76: =C76*F38 -> 89.632074
B77: Total | C77: =SUM(C71:C76) -> 0.0655 | D77: =SUM(D71:D76) -> 144.96702 | E77: =SUM(E71:E76) -> 144.96702 | F77: =SUM(F71:F76) -> 170.66572
B79: MÓDULO 4: CUSTO DE REPOSIÇÃO DO PROFISSIONAL AUSENTE
B80: 4.1 – Substituto nas Ausências Legais | C80: Percentuais | D80: Valor (R$) | E80: Valor (R$) | F80: Valor (R$)
B81: A – Substituto na cobertura de Férias | C81: =1/12 -> 0.083333333 | D81: =C81*(D38+D67+D77) -> 370.20622 | E81: =C81*(E38+E67+E77) -> 337.53622 | F81: =C81*(F38+F67+F77) -> 389.46868
B82: B – Substituto na cobertura de ausências Legais | C82: ='Memória de Cálculo'!C21 -> 0.0028 | D82: =C82*(D38+D67+D77) -> 12.438929 | E82: =C82*(E38+E67+E77) -> 11.341217 | F82: =C82*(F38+F67+F77) -> 13.086148
B83: C - Substituto na cobertura na licença-paternidade | C83: ='Memória de Cálculo'!D28/30/12*'Memória de Cálculo'!D26*'Memória de Cálculo'!D27 -> 0.00018725 | D83: =C83*(D38+D67+D77) -> 0.83185338 | E83: =C83*(E38+E67+E77) -> 0.75844389 | F83: =C83*(F38+F67+F77) -> 0.87513613
B84: D - Substituto na cobertura na ausências por acidente de trabalho | C84: ='Memória de Cálculo'!D32/30/12 -> 0.0019202778 | D84: =C84*(D38+D67+D77) -> 8.5307854 | E84: =C84*(E38+E67+E77) -> 7.7779597 | F84: =C84*(F38+F67+F77) -> 8.9746567
B85: E - Substituto na cobertura de afastamento maternidade | C85: =120/30*'Memória de Cálculo'!D42*'Memória de Cálculo'!D43 -> 0.00129536 | D85: =C85*(D38+D67+D77) -> 5.754604 | E85: =C85*(E38+E67+E77) -> 5.246771 | F85: =C85*(F38+F67+F77) -> 6.0540258
B86: F - Substituto na cobertura de outras ausências (especificar) | C86: 0 | D86: =C86*(D38+D67+D77) -> 0 | E86: =C86*(E38+E67+E77) -> 0 | F86: =C86*(F38+F67+F77) -> 0
B87: Total | C87: =SUM(C81:C86) -> 0.089536221 | D87: =SUM(D81:D86) -> 397.76239 | E87: =SUM(E81:E86) -> 362.66061 | F87: =SUM(F81:F86) -> 418.45865
B88: 4.2 - Substituto na Intrajornada (Indenizada) | C88: Percentuais | D88: Valor (R$) | E88: Valor (R$) | F88: Valor (R$)
B89: A - Substituto na cobertura de intervalo para repouso ou alimentação (Intrajornada indenizada de 1 hora, conforme CCT) | C89: 0.5 | D89: 0 | E89: =(E38/220)*15*1.5 -> 226.35378 | F89: =(F38/220)*15*1.5 -> 266.48014
B90: Total | D90: =SUM(D89:D89) -> 0 | E90: =SUM(E89:E89) -> 226.35378 | F90: =SUM(F89:F89) -> 266.48014
B92: 4 - Custo de Reposição do Profissional Ausente | C92: Percentuais | D92: Valor (R$) | E92: Valor (R$) | F92: Valor (R$)
B93: 4.1 - Substituto nas ausências Legais | C93: =C87 -> 0.089536221 | D93: =D87 -> 397.76239 | E93: =E87 -> 362.66061 | F93: =F87 -> 418.45865
B94: 4.2 - Intrajornada indenizada | C94: =C89 -> 0.5 | D94: =D90 -> 0 | E94: =E90 -> 226.35378 | F94: =F90 -> 266.48014
B95: Total | D95: =SUM(D93:D94) -> 397.76239 | E95: =SUM(E93:E94) -> 589.0144 | F95: =SUM(F93:F94) -> 684.93879
B97: MÓDULO 5: INSUMOS DIVERSOS
B98: 5 - Insumos Diversos | C98: Valores | D98: Valor (R$) | E98: Valor (R$) | F98: Valor (R$)
B99: A - Uniformes | C99: =Insumos!J13 -> 41.683333 | D99: =C99 -> 41.683333 | E99: =C99 -> 41.683333 | F99: =C99 -> 41.683333
B100: B - Materiais (Valor por posto) | C100: =Insumos!J21 -> 10.203333 | D100: =C100 -> 10.203333 | E100: =C100/2 -> 5.1016667 | F100: =C100/2 -> 5.1016667
B101: C - Outros (especificar) | C101: 0 | D101: =C101 -> 0 | E101: =C101 -> 0 | F101: =C101 -> 0
B102: Total | C102: =SUM(C99:C101) -> 51.886667 | D102: =SUM(D99:D101) -> 51.886667 | E102: =SUM(E99:E101) -> 46.785 | F102: =SUM(F99:F101) -> 46.785
B104: MÓDULO 6: CUSTOS INDIRETOS, TRIBUTOS E LUCRO
B105: 6 - Custos Indiretos, Tributos e Lucro | C105: Percentuais | D105: Valor (R$) | E105: Valor (R$) | F105: Valor (R$)
B106: A - Custos Indiretos | C106: 0.032 | D106: =C106*(D38+D67+D77+D95+D102) -> 156.54796 | E106: =C106*(E38+E67+E77+E95+E102) -> 149.95949 | F106: =C106*(F38+F67+F77+F95+F102) -> 172.97114
B107: B - Lucro | C107: 0.0358 | D107: =C107*(D38+D67+D77+D95+D102+D106) -> 180.74245 | E107: =C107*(E38+E67+E77+E95+E102+E106) -> 173.13573 | F107: =C107*(F38+F67+F77+F95+F102+F106) -> 199.70382
B108: C - Tributos (Percentuais de acordo com o regime tributário da empresa) | C108: =SUM(C109:C112) -> 0.0865 | D108: =((D38+D67+D77+D95+D102+D106+D107)/(1-C108))*C108 -> 495.17714 | E108: =((E38+E67+E77+E95+E102+E106+E107)/(1-C108))*C108 -> 474.33715 | F108: =((F38+F67+F77+F95+F102+F106+F107)/(1-C108))*C108 -> 547.12533
B109: C.1.1 - Tributos Federais (COFINS) | C109: =0.03 -> 0.03 | D109: =((D38+D67+D77+D95+D102+D106+D107)/(1-C108))*C109 -> 171.73774 | E109: =((E38+E67+E77+E95+E102+E106+E107)/(1-C108))*C109 -> 164.50999 | F109: =((F38+F67+F77+F95+F102+F106+F107)/(1-C108))*C109 -> 189.75445
B110: C.1.1 - Tributos Federais (PIS) | C110: =0.0065 -> 0.0065 | D110: =((D38+D67+D77+D95+D102+D106+D107)/(1-C108))*C110 -> 37.209843 | E110: =((E38+E67+E77+E95+E102+E106+E107)/(1-C108))*C110 -> 35.643832 | F110: =((F38+F67+F77+F95+F102+F106+F107)/(1-C108))*C110 -> 41.113464
B111: C.3 - Tributos Municipais (ISSQN do município de prestação do serviço (art. 3º, XVI, LC nº 116/2003)) | C111: 0.05 | D111: =((D38+D67+D77+D95+D102+D106+D107)/(1-C108))*C111 -> 286.22956 | E111: =((E38+E67+E77+E95+E102+E106+E107)/(1-C108))*C111 -> 274.18332 | F111: =((F38+F67+F77+F95+F102+F106+F107)/(1-C108))*C111 -> 316.25741
B112: C.4 - Outros Tributos (especificar)
...

Sheet Ipixuna
B1: PLANILHA ESTIMATIVA
B2: Planilha de Custos e Formação de Preços para Serviços de Vigilância - GEX – Belém, Marabá e Santarém-PA
B4: Nº do Processo: | C4: 35014.499513/2022-13
B5: Pregão Eletrônico nº
B6: Data:
B8: Discriminação dos Serviços (dados referentes à contratação)
B9: A – Data de apresentação da proposta (dia/mês/ano)
B10: B – Município/UF | C10: Ipixuna do Pará – PA
B11: C – Ano Acordo, Convenção ou Sentença Normativa em Dissídio Coletivo | C11: 2023
B12: D – Nº de meses de execução contratual | C12: 12
B14: Identificação do Serviço
B15: Tipo de Serviço | C15: Unid. de Medida | D15: Posto de 44 h semanais (Qtde) | E15: Posto 12X36 Diurnas (Qtde) | F15: Posto 12X36 Noturno (Qtde)
B16: Contratação de serviços de segurança e vigilância orgânica e patrimonial desarmada, visando atender as demandas das Gerências Executivas de Belém, Marabá e Santarém-PA, conforme condições, quantidades e exigências estabelecidas no instrumento convocatório. | C16: Posto | D16: =Resumo!E47 -> 1 | E16: =Resumo!E48 -> 0 | F16: 0
B19: Mão de obra vinculada à execução contratual
B20: Dados para composição dos custos referente à mão de obra
B21: 1 – Tipo de serviço (mesmo serviço com características distintas) | C21: Vigilância
B22: 2 – Classificação Brasileira de Ocupações (CBO) | C22: 517330
B23: 3 – Salário Normativo da Categoria Profissional | C23: 1702.49
B24: 4 – Categoria profissional (vinculada à execução contratual) | C24: Vigilante
B25: 5 – Data base da categoria (dia/mês/ano) | C25: 01 de janeiro
B26: 6 – Numero de registro da convenção coletiva no MTE | C26: PA000985/2022
B28: CUSTOS | C28: Percentuais e Valores de Referência | D28: 44 horas semanais | E28: 12X36 Diurnas | F28: 12X36 Noturnas
B29: MÓDULO 1: COMPOSIÇÃO DA REMUNERAÇÃO
B30: 1 - Composição da Remuneração | C30: Valores/ Percentuais | D30: Valor (R$) | E30: Valor (R$) | F30: Valor (R$)
B31: A – Salário Normativo | C31: =C23 -> 1702.49 | D31: =C31 -> 1702.49 | E31: =C31 -> 1702.49 | F31: =C31 -> 1702.49
B32: B - Adicional de Periculosidade | C32: 0.3 | D32: =D31*C32 -> 510.747 | E32: =E31*C32 -> 510.747 | F32: =F31*C32 -> 510.747
B33: C - Adicional de Insalubridade
B34: D - Adicional Noturno | C34: 0.2 | D34: 0 | E34: 0 | F34: =((F31+F32)/220)*C34*7*15 -> 211.26353
B35: E - Adicional de Hora Noturna Reduzida | D35: 0 | E35: 0 | F35: =((F31+F32)/220)*1.2*15 -> 181.08303
B36: F - Penosidade | D36: 0 | E36: 0 | F36: 0
B37: G - Outros | D37: 0 | E37: 0 | F37: 0
B38: Total | D38: =SUM(D31:D37) -> 2213.237 | E38: =SUM(E31:E37) -> 2213.237 | F38: =SUM(F31:F37) -> 2605.5836
B40: MÓDULO 2: ENCARGOS E BENEFÍCIOS ANUAIS, MENSAIS E DIÁRIOS
B41: 2.1 - 13º Salário, Férias e Adicional de Férias | C41: Percentuais | D41: Valor (R$) | E41: Valor (R$) | F41: Valor (R$)
B42: A - 13º salário | C42: =1/12 -> 0.083333333 | D42: =C42*D38 -> 184.43642 | E42: =C42*E38 -> 184.43642 | F42: =C42*F38 -> 217.13196
B43: B - Férias e Adicional de Férias (O custo com o valor pago ao substituto durante as férias do empregado consta na letra "A" do submódulo 4.1), (custo não renovável). | C43: =C42/3 -> 0.027777778 | D43: =C43*D38 -> 61.478806 | E43: =C43*E38 -> 61.478806 | F43: =C43*F38 -> 72.377321
B44: Total | C44: =SUM(C42:C43) -> 0.11111111 | D44: =SUM(D42:D43) -> 245.91522 | E44: =SUM(E42:E43) -> 245.91522 | F44: =SUM(F42:F43) -> 289.50928
B45: 2.2 - GPS, FGTS e outras contribuições (Incide sobre os Módulos 1 e 2.1) | C45: Percentuais | D45: Valor (R$) | E45: Valor (R$) | F45: Valor (R$)
B46: A - INSS | C46: 0.2 | D46: =C46*(D38+D44) -> 491.83044 | E46: =C46*(E38+E44) -> 491.83044 | F46: =C46*(F38+F44) -> 579.01857
B47: B - Salário Educação | C47: 0.025 | D47: =C47*(D38+D44) -> 61.478806 | E47: =C47*(E38+E44) -> 61.478806 | F47: =C47*(F38+F44) -> 72.377321
B48: C - SAT (Utilizar o RAT Ajustado conforme GFIP: RAT x FAP) | C48: 0.03 | D48: =C48*(D38+D44) -> 73.774567 | E48: =C48*(E38+E44) -> 73.774567 | F48: =C48*(F38+F44) -> 86.852785
B49: D - SESI ou SESC | C49: 0.015 | D49: =C49*(D38+D44) -> 36.887283 | E49: =C49*(E38+E44) -> 36.887283 | F49: =C49*(F38+F44) -> 43.426393
B50: E - SENAI ou SENAC | C50: 0.01 | D50: =C50*(D38+D44) -> 24.591522 | E50: =C50*(E38+E44) -> 24.591522 | F50: =C50*(F38+F44) -> 28.950928
B51: F - SEBRAE | C51: 0.006 | D51: =C51*(D38+D44) -> 14.754913 | E51: =C51*(E38+E44) -> 14.754913 | F51: =C51*(F38+F44) -> 17.370557
B52: G - INCRA | C52: 0.002 | D52: =C52*(D38+D44) -> 4.9183044 | E52: =C52*(E38+E44) -> 4.9183044 | F52: =C52*(F38+F44) -> 5.7901857
B53: F - FGTS | C53: 0.08 | D53: =C53*(D38+D44) -> 196.73218 | E53: =C53*(E38+E44) -> 196.73218 | F53: =C53*(F38+F44) -> 231.60743
B54: Total | C54: =SUM(C46:C53) -> 0.368 | D54: =SUM(D46:D53) -> 904.96802 | E54: =SUM(E46:E53) -> 904.96802 | F54: =SUM(F46:F53) -> 1065.3942
B55: 2.3 - Benefícios Mensais e Diários | C55: Valores/ Percentuais | D55: Valor (R$) | E55: Valor (R$) | F55: Valor (R$)
B56: A – Auxílio Transporte (Por dia trabalhado) | C56: 0
B57: B – Auxílio Alimentação (Jornada igual ou superior a 6 horas) | C57: ='Memória de Cálculo'!C6 -> 36 | D57: ='Memória de Cálculo'!E6 -> 926.64 | E57: ='Memória de Cálculo'!E7 -> 534.6 | F57: ='Memória de Cálculo'!E8 -> 534.6
B58: C – Assistência Médica | C58: 0 | D58: =C58 -> 0 | E58: =C58 -> 0 | F58: =C58 -> 0
B59: D – Auxílio Creche | C59: 0 | D59: =C59 -> 0 | E59: =D59 -> 0 | F59: =E59 -> 0
B60: E – Auxílio Morte/Funeral | C60: 9.55e-05 | D60: =D31*C60*2.5 -> 0.40646949 | E60: =E31*C60*2.5 -> 0.40646949 | F60: =F31*C60*2.5 -> 0.40646949
B61: F – Seguro de Vida | C61: 9.55e-05 | D61: =D38*C61*30 -> 6.340924 | E61: =E38*C61*30 -> 6.340924 | F61: =F38*C61*30 -> 7.4649969
B62: Total | D62: =SUM(D56:D61) -> 933.38739 | E62: =SUM(E56:E61) -> 541.34739 | F62: =SUM(F56:F61) -> 542.47147
B63: 2 - Encargos e Benefícios Anuais, Mensais e Diários | C63: Percentuais | D63: Valor (R$) | E63: Valor (R$) | F63: Valor (R$)
B64: 2.1 - 13º Salário, Férias e Adicional de Férias | C64: =C44 -> 0.11111111 | D64: =D44 -> 245.91522 | E64: =E44 -> 245.91522 | F64: =F44 -> 289.50928
B65: 2.2 - GPS, FGTS e outras contribuições | C65: =C54 -> 0.368 | D65: =D54 -> 904.96802 | E65: =E54 -> 904.96802 | F65: =F54 -> 1065.3942
B66: 2.3 - Benefícios Mensais e Diários | C66: 0 | D66: =D62 -> 933.38739 | E66: =E62 -> 541.34739 | F66: =F62 -> 542.47147
B67: Total | D67: =SUM(D64:D66) -> 2084.2706 | E67: =SUM(E64:E66) -> 1692.2306 | F67: =SUM(F64:F66) -> 1897.3749
B69: MÓDULO 3: PROVISÃO PARA RESCISÃO
B70: 3 - Provisão para Rescisão | C70: Percentuais | D70: Valor (R$) | E70: Valor (R$) | F70: Valor (R$)
B71: A - Aviso Prévio Indenizado (Esta parcela deverá ser reduzida após o primeiro ano da contratação para o percentual máximo de 0,042%: Acórdão 1.186/2017-P) | C71: =1/12*0.05 -> 0.0041666667 | D71: =C71*D38 -> 9.2218208 | E71: =C71*E38 -> 9.2218208 | F71: =C71*F38 -> 10.856598
B72: B - Incidência do FGTS sobre Aviso Prévio Indenizado | C72: =C53*C71 -> 0.00033333333 | D72: =C72*D38 -> 0.73774567 | E72: =C72*E38 -> 0.73774567 | F72: =C72*F38 -> 0.86852785
B73: C - Multa do FGTS e contribuições sociais sobre o Aviso Prévio Indenizado | C73: 0 | D73: =C73*D38 -> 0 | E73: =C73*E38 -> 0 | F73: =C73*F38 -> 0
B74: D - Aviso Prévio Trabalhado (Esta parcela deverá ser reduzida após o primeiro ano da contratação para o percentual máximo de 0,194%: Acórdão 1.186/2017-P) | C74: =1/30*7/12 -> 0.019444444 | D74: =C74*D38 -> 43.035164 | E74: =C74*E38 -> 43.035164 | F74: =C74*F38 -> 50.664125
B75: E - Incidência de GPS, FGTS e outras contribuições (submódulo 2.2) sobre o Aviso Prévio Trabalhado | C75: =C54*C74 -> 0.0071555556 | D75: =C75*D38 -> 15.83694 | E75: =C75*E38 -> 15.83694 | F75: =C75*F38 -> 18.644398
B76: F - Multa do FGTS sobre o Aviso Prévio Trabalhado (Rescisões sem justa causa) | C76: =0.08*0.4*0.9*(1+1/12+1/12+1/3*1/12) -> 0.0344 | D76: =C76*D38 -> 76.135353 | E76: =C76*E38 -> 76.135353 | F76: =C76*F38 -> 89.632074
B77: Total | C77: =SUM(C71:C76) -> 0.0655 | D77: =SUM(D71:D76) -> 144.96702 | E77: =SUM(E71:E76) -> 144.96702 | F77: =SUM(F71:F76) -> 170.66572
B79: MÓDULO 4: CUSTO DE REPOSIÇÃO DO PROFISSIONAL AUSENTE
B80: 4.1 – Substituto nas Ausências Legais | C80: Percentuais | D80: Valor (R$) | E80: Valor (R$) | F80: Valor (R$)
B81: A – Substituto na cobertura de Férias | C81: =1/12 -> 0.083333333 | D81: =C81*(D38+D67+D77) -> 370.20622 | E81: =C81*(E38+E67+E77) -> 337.53622 | F81: =C81*(F38+F67+F77) -> 389.46868
B82: B – Substituto na cobertura de ausências Legais | C82: ='Memória de Cálculo'!C21 -> 0.0028 | D82: =C82*(D38+D67+D77) -> 12.438929 | E82: =C82*(E38+E67+E77) -> 11.341217 | F82: =C82*(F38+F67+F77) -> 13.086148
B83: C - Substituto na cobertura na licença-paternidade | C83: ='Memória de Cálculo'!D28/30/12*'Memória de Cálculo'!D26*'Memória de Cálculo'!D27 -> 0.00018725 | D83: =C83*(D38+D67+D77) -> 0.83185338 | E83: =C83*(E38+E67+E77) -> 0.75844389 | F83: =C83*(F38+F67+F77) -> 0.87513613
B84: D - Substituto na cobertura na ausências por acidente de trabalho | C84: ='Memória de Cálculo'!D32/30/12 -> 0.0019202778 | D84: =C84*(D38+D67+D77) -> 8.5307854 | E84: =C84*(E38+E67+E77) -> 7.7779597 | F84: =C84*(F38+F67+F77) -> 8.9746567
B85: E - Substituto na cobertura de afastamento maternidade | C85: =120/30*'Memória de Cálculo'!D42*'Memória de Cálculo'!D43 -> 0.00129536 | D85: =C85*(D38+D67+D77) -> 5.754604 | E85: =C85*(E38+E67+E77) -> 5.246771 | F85: =C85*(F38+F67+F77) -> 6.0540258
B86: F - Substituto na cobertura de outras ausências (especificar) | C86: 0 | D86: =C86*(D38+D67+D77) -> 0 | E86: =C86*(E38+E67+E77) -> 0 | F86: =C86*(F38+F67+F77) -> 0
B87: Total | C87: =SUM(C81:C86) -> 0.089536221 | D87: =SUM(D81:D86) -> 397.76239 | E87: =SUM(E81:E86) -> 362.66061 | F87: =SUM(F81:F86) -> 418.45865
B88: 4.2 - Substituto na Intrajornada (Indenizada) | C88: Percentuais | D88: Valor (R$) | E88: Valor (R$) | F88: Valor (R$)
B89: A - Substituto na cobertura de intervalo para repouso ou alimentação (Intrajornada indenizada de 1 hora, conforme CCT) | C89: 0.5 | D89: 0 | E89: =(E38/220)*15*1.5 -> 226.35378 | F89: =(F38/220)*15*1.5 -> 266.48014
B90: Total | D90: =SUM(D89:D89) -> 0 | E90: =SUM(E89:E89) -> 226.35378 | F90: =SUM(F89:F89) -> 266.48014
B92: 4 - Custo de Reposição do Profissional Ausente | C92: Percentuais | D92: Valor (R$) | E92: Valor (R$) | F92: Valor (R$)
B93: 4.1 - Substituto nas ausências Legais | C93: =C87 -> 0.089536221 | D93: =D87 -> 397.76239 | E93: =E87 -> 362.66061 | F93: =F87 -> 418.45865
B94: 4.2 - Intrajornada indenizada | C94: =C89 -> 0.5 | D94: =D90 -> 0 | E94: =E90 -> 226.35378 | F94: =F90 -> 266.48014
B95: Total | D95: =SUM(D93:D94) -> 397.76239 | E95: =SUM(E93:E94) -> 589.0144 | F95: =SUM(F93:F94) -> 684.93879
B97: MÓDULO 5: INSUMOS DIVERSOS
B98: 5 - Insumos Diversos | C98: Valores | D98: Valor (R$) | E98: Valor (R$) | F98: Valor (R$)
B99: A - Uniformes | C99: =Insumos!J13 -> 41.683333 | D99: =C99 -> 41.683333 | E99: =C99 -> 41.683333 | F99: =C99 -> 41.683333
B100: B - Materiais (Valor por posto) | C100: =Insumos!J21 -> 10.203333 | D100: =C100 -> 10.203333 | E100: =C100/2 -> 5.1016667 | F100: =C100/2 -> 5.1016667
B101: C - Outros (especificar) | C101: 0 | D101: =C101 -> 0 | E101: =C101 -> 0 | F101: =C101 -> 0
B102: Total | C102: =SUM(C99:C101) -> 51.886667 | D102: =SUM(D99:D101) -> 51.886667 | E102: =SUM(E99:E101) -> 46.785 | F102: =SUM(F99:F101) -> 46.785
B104: MÓDULO 6: CUSTOS INDIRETOS, TRIBUTOS E LUCRO
B105: 6 - Custos Indiretos, Tributos e Lucro | C105: Percentuais | D105: Valor (R$) | E105: Valor (R$) | F105: Valor (R$)
B106: A - Custos Indiretos | C106: 0.032 | D106: =C106*(D38+D67+D77+D95+D102) -> 156.54796 | E106: =C106*(E38+E67+E77+E95+E102) -> 149.95949 | F106: =C106*(F38+F67+F77+F95+F102) -> 172.97114
B107: B - Lucro | C107: 0.0358 | D107: =C107*(D38+D67+D77+D95+D102+D106) -> 180.74245 | E107: =C107*(E38+E67+E77+E95+E102+E106) -> 173.13573 | F107: =C107*(F38+F67+F77+F95+F102+F106) -> 199.70382
B108: C - Tributos (Percentuais de acordo com o regime tributário da empresa) | C108: =SUM(C109:C112) -> 0.0865 | D108: =((D38+D67+D77+D95+D102+D106+D107)/(1-C108))*C108 -> 495.17714 | E108: =((E38+E67+E77+E95+E102+E106+E107)/(1-C108))*C108 -> 474.33715 | F108: =((F38+F67+F77+F95+F102+F106+F107)/(1-C108))*C108 -> 547.12533
B109: C.1.1 - Tributos Federais (COFINS) | C109: =0.03 -> 0.03 | D109: =((D38+D67+D77+D95+D102+D106+D107)/(1-C108))*C109 -> 171.73774 | E109: =((E38+E67+E77+E95+E102+E106+E107)/(1-C108))*C109 -> 164.50999 | F109: =((F38+F67+F77+F95+F102+F106+F107)/(1-C108))*C109 -> 189.75445
B110: C.1.1 - Tributos Federais (PIS) | C110: =0.0065 -> 0.0065 | D110: =((D38+D67+D77+D95+D102+D106+D107)/(1-C108))*C110 -> 37.209843 | E110: =((E38+E67+E77+E95+E102+E106+E107)/(1-C108))*C110 -> 35.643832 | F110: =((F38+F67+F77+F95+F102+F106+F107)/(1-C108))*C110 -> 41.113464
B111: C.3 - Tributos Municipais (ISSQN do município de prestação do serviço (art. 3º, XVI, LC nº 116/2003)) | C111: 0.05 | D111: =((D38+D67+D77+D95+D102+D106+D107)/(1-C108))*C111 -> 286.22956 | E111: =((E38+E67+E77+E95+E102+E106+E107)/(1-C108))*C111 -> 274.18332 | F111: =((F38+F67+F77+F95+F102+F106+F107)/(1-C108))*C111 -> 316.25741
B112: C.4 - Outros Tributos (especificar)
...

Sheet Marapanim
B1: PLANILHA ESTIMATIVA
B2: Planilha de Custos e Formação de Preços para Serviços de Vigilância - GEX – Belém, Marabá e Santarém-PA
B4: Nº do Processo: | C4: 35014.499513/2022-13
B5: Pregão Eletrônico nº
B6: Data:
B8: Discriminação dos Serviços (dados referentes à contratação)
B9: A – Data de apresentação da proposta (dia/mês/ano)
B10: B – Município/UF | C10: Marapanim – PA
B11: C – Ano Acordo, Convenção ou Sentença Normativa em Dissídio Coletivo | C11: 2023
B12: D – Nº de meses de execução contratual | C12: 12
B14: Identificação do Serviço
B15: Tipo de Serviço | C15: Unid. de Medida | D15: Posto de 44 h semanais (Qtde) | E15: Posto 12X36 Diurnas (Qtde) | F15: Posto 12X36 Noturno (Qtde)
B16: Contratação de serviços de segurança e vigilância orgânica e patrimonial desarmada, visando atender as demandas das Gerências Executivas de Belém, Marabá e Santarém-PA, conforme condições, quantidades e exigências estabelecidas no instrumento convocatório. | C16: Posto | D16: =Resumo!E50 -> 1 | E16: =Resumo!E51 -> 0 | F16: 0
B19: Mão de obra vinculada à execução contratual
B20: Dados para composição dos custos referente à mão de obra
B21: 1 – Tipo de serviço (mesmo serviço com características distintas) | C21: Vigilância
B22: 2 – Classificação Brasileira de Ocupações (CBO) | C22: 517330
B23: 3 – Salário Normativo da Categoria Profissional | C23: 1702.49
B24: 4 – Categoria profissional (vinculada à execução contratual) | C24: Vigilante
B25: 5 – Data base da categoria (dia/mês/ano) | C25: 01 de janeiro
B26: 6 – Numero de registro da convenção coletiva no MTE | C26: PA000985/2022
B28: CUSTOS | C28: Percentuais e Valores de Referência | D28: 44 horas semanais | E28: 12X36 Diurnas | F28: 12X36 Noturnas
B29: MÓDULO 1: COMPOSIÇÃO DA REMUNERAÇÃO
B30: 1 - Composição da Remuneração | C30: Valores/ Percentuais | D30: Valor (R$) | E30: Valor (R$) | F30: Valor (R$)
B31: A – Salário Normativo | C31: =C23 -> 1702.49 | D31: =C31 -> 1702.49 | E31: =C31 -> 1702.49 | F31: =C31 -> 1702.49
B32: B - Adicional de Periculosidade | C32: 0.3 | D32: =D31*C32 -> 510.747 | E32: =E31*C32 -> 510.747 | F32: =F31*C32 -> 510.747
B33: C - Adicional de Insalubridade
B34: D - Adicional Noturno | C34: 0.2 | D34: 0 | E34: 0 | F34: =((F31+F32)/220)*C34*7*15 -> 211.26353
B35: E - Adicional de Hora Noturna Reduzida | D35: 0 | E35: 0 | F35: =((F31+F32)/220)*1.2*15 -> 181.08303
B36: F - Penosidade | D36: 0 | E36: 0 | F36: 0
B37: G - Outros | D37: 0 | E37: 0 | F37: 0
B38: Total | D38: =SUM(D31:D37) -> 2213.237 | E38: =SUM(E31:E37) -> 2213.237 | F38: =SUM(F31:F37) -> 2605.5836
B40: MÓDULO 2: ENCARGOS E BENEFÍCIOS ANUAIS, MENSAIS E DIÁRIOS
B41: 2.1 - 13º Salário, Férias e Adicional de Férias | C41: Percentuais | D41: Valor (R$) | E41: Valor (R$) | F41: Valor (R$)
B42: A - 13º salário | C42: =1/12 -> 0.083333333 | D42: =C42*D38 -> 184.43642 | E42: =C42*E38 -> 184.43642 | F42: =C42*F38 -> 217.13196
B43: B - Férias e Adicional de Férias (O custo com o valor pago ao substituto durante as férias do empregado consta na letra "A" do submódulo 4.1), (custo não renovável). | C43: =C42/3 -> 0.027777778 | D43: =C43*D38 -> 61.478806 | E43: =C43*E38 -> 61.478806 | F43: =C43*F38 -> 72.377321
B44: Total | C44: =SUM(C42:C43) -> 0.11111111 | D44: =SUM(D42:D43) -> 245.91522 | E44: =SUM(E42:E43) -> 245.91522 | F44: =SUM(F42:F43) -> 289.50928
B45: 2.2 - GPS, FGTS e outras contribuições (Incide sobre os Módulos 1 e 2.1) | C45: Percentuais | D45: Valor (R$) | E45: Valor (R$) | F45: Valor (R$)
B46: A - INSS | C46: 0.2 | D46: =C46*(D38+D44) -> 491.83044 | E46: =C46*(E38+E44) -> 491.83044 | F46: =C46*(F38+F44) -> 579.01857
B47: B - Salário Educação | C47: 0.025 | D47: =C47*(D38+D44) -> 61.478806 | E47: =C47*(E38+E44) -> 61.478806 | F47: =C47*(F38+F44) -> 72.377321
B48: C - SAT (Utilizar o RAT Ajustado conforme GFIP: RAT x FAP) | C48: 0.03 | D48: =C48*(D38+D44) -> 73.774567 | E48: =C48*(E38+E44) -> 73.774567 | F48: =C48*(F38+F44) -> 86.852785
B49: D - SESI ou SESC | C49: 0.015 | D49: =C49*(D38+D44) -> 36.887283 | E49: =C49*(E38+E44) -> 36.887283 | F49: =C49*(F38+F44) -> 43.426393
B50: E - SENAI ou SENAC | C50: 0.01 | D50: =C50*(D38+D44) -> 24.591522 | E50: =C50*(E38+E44) -> 24.591522 | F50: =C50*(F38+F44) -> 28.950928
B51: F - SEBRAE | C51: 0.006 | D51: =C51*(D38+D44) -> 14.754913 | E51: =C51*(E38+E44) -> 14.754913 | F51: =C51*(F38+F44) -> 17.370557
B52: G - INCRA | C52: 0.002 | D52: =C52*(D38+D44) -> 4.9183044 | E52: =C52*(E38+E44) -> 4.9183044 | F52: =C52*(F38+F44) -> 5.7901857
B53: F - FGTS | C53: 0.08 | D53: =C53*(D38+D44) -> 196.73218 | E53: =C53*(E38+E44) -> 196.73218 | F53: =C53*(F38+F44) -> 231.60743
B54: Total | C54: =SUM(C46:C53) -> 0.368 | D54: =SUM(D46:D53) -> 904.96802 | E54: =SUM(E46:E53) -> 904.96802 | F54: =SUM(F46:F53) -> 1065.3942
B55: 2.3 - Benefícios Mensais e Diários | C55: Valores/ Percentuais | D55: Valor (R$) | E55: Valor (R$) | F55: Valor (R$)
B56: A – Auxílio Transporte (Por dia trabalhado) | C56: 0
B57: B – Auxílio Alimentação (Jornada igual ou superior a 6 horas) | C57: ='Memória de Cálculo'!C6 -> 36 | D57: ='Memória de Cálculo'!E6 -> 926.64 | E57: ='Memória de Cálculo'!E7 -> 534.6 | F57: ='Memória de Cálculo'!E8 -> 534.6
B58: C – Assistência Médica | C58: 0 | D58: =C58 -> 0 | E58: =C58 -> 0 | F58: =C58 -> 0
B59: D – Auxílio Creche | C59: 0 | D59: =C59 -> 0 | E59: =D59 -> 0 | F59: =E59 -> 0
B60: E – Auxílio Morte/Funeral | C60: 9.55e-05 | D60: =D31*C60*2.5 -> 0.40646949 | E60: =E31*C60*2.5 -> 0.40646949 | F60: =F31*C60*2.5 -> 0.40646949
B61: F – Seguro de Vida | C61: 9.55e-05 | D61: =D38*C61*30 -> 6.340924 | E61: =E38*C61*30 -> 6.340924 | F61: =F38*C61*30 -> 7.4649969
B62: Total | D62: =SUM(D56:D61) -> 933.38739 | E62: =SUM(E56:E61) -> 541.34739 | F62: =SUM(F56:F61) -> 542.47147
B63: 2 - Encargos e Benefícios Anuais, Mensais e Diários | C63: Percentuais | D63: Valor (R$) | E63: Valor (R$) | F63: Valor (R$)
B64: 2.1 - 13º Salário, Férias e Adicional de Férias | C64: =C44 -> 0.11111111 | D64: =D44 -> 245.91522 | E64: =E44 -> 245.91522 | F64: =F44 -> 289.50928
B65: 2.2 - GPS, FGTS e outras contribuições | C65: =C54 -> 0.368 | D65: =D54 -> 904.96802 | E65: =E54 -> 904.96802 | F65: =F54 -> 1065.3942
B66: 2.3 - Benefícios Mensais e Diários | C66: 0 | D66: =D62 -> 933.38739 | E66: =E62 -> 541.34739 | F66: =F62 -> 542.47147
B67: Total | D67: =SUM(D64:D66) -> 2084.2706 | E67: =SUM(E64:E66) -> 1692.2306 | F67: =SUM(F64:F66) -> 1897.3749
B69: MÓDULO 3: PROVISÃO PARA RESCISÃO
B70: 3 - Provisão para Rescisão | C70: Percentuais | D70: Valor (R$) | E70: Valor (R$) | F70: Valor (R$)
B71: A - Aviso Prévio Indenizado (Esta parcela deverá ser reduzida após o primeiro ano da contratação para o percentual máximo de 0,042%: Acórdão 1.186/2017-P) | C71: =1/12*0.05 -> 0.0041666667 | D71: =C71*D38 -> 9.2218208 | E71: =C71*E38 -> 9.2218208 | F71: =C71*F38 -> 10.856598
B72: B - Incidência do FGTS sobre Aviso Prévio Indenizado | C72: =C53*C71 -> 0.00033333333 | D72: =C72*D38 -> 0.73774567 | E72: =C72*E38 -> 0.73774567 | F72: =C72*F38 -> 0.86852785
B73: C - Multa do FGTS e contribuições sociais sobre o Aviso Prévio Indenizado | C73: 0 | D73: =C73*D38 -> 0 | E73: =C73*E38 -> 0 | F73: =C73*F38 -> 0
B74: D - Aviso Prévio Trabalhado (Esta parcela deverá ser reduzida após o primeiro ano da contratação para o percentual máximo de 0,194%: Acórdão 1.186/2017-P) | C74: =1/30*7/12 -> 0.019444444 | D74: =C74*D38 -> 43.035164 | E74: =C74*E38 -> 43.035164 | F74: =C74*F38 -> 50.664125
B75: E - Incidência de GPS, FGTS e outras contribuições (submódulo 2.2) sobre o Aviso Prévio Trabalhado | C75: =C54*C74 -> 0.0071555556 | D75: =C75*D38 -> 15.83694 | E75: =C75*E38 -> 15.83694 | F75: =C75*F38 -> 18.644398
B76: F - Multa do FGTS sobre o Aviso Prévio Trabalhado (Rescisões sem justa causa) | C76: =0.08*0.4*0.9*(1+1/12+1/12+1/3*1/12) -> 0.0344 | D76: =C76*D38 -> 76.135353 | E76: =C76*E38 -> 76.135353 | F76: =C76*F38 -> 89.632074
B77: Total | C77: =SUM(C71:C76) -> 0.0655 | D77: =SUM(D71:D76) -> 144.96702 | E77: =SUM(E71:E76) -> 144.96702 | F77: =SUM(F71:F76) -> 170.66572
B79: MÓDULO 4: CUSTO DE REPOSIÇÃO DO PROFISSIONAL AUSENTE
B80: 4.1 – Substituto nas Ausências Legais | C80: Percentuais | D80: Valor (R$) | E80: Valor (R$) | F80: Valor (R$)
B81: A – Substituto na cobertura de Férias | C81: =1/12 -> 0.083333333 | D81: =C81*(D38+D67+D77) -> 370.20622 | E81: =C81*(E38+E67+E77) -> 337.53622 | F81: =C81*(F38+F67+F77) -> 389.46868
B82: B – Substituto na cobertura de ausências Legais | C82: ='Memória de Cálculo'!C21 -> 0.0028 | D82: =C82*(D38+D67+D77) -> 12.438929 | E82: =C82*(E38+E67+E77) -> 11.341217 | F82: =C82*(F38+F67+F77) -> 13.086148
B83: C - Substituto na cobertura na licença-paternidade | C83: ='Memória de Cálculo'!D28/30/12*'Memória de Cálculo'!D26*'Memória de Cálculo'!D27 -> 0.00018725 | D83: =C83*(D38+D67+D77) -> 0.83185338 | E83: =C83*(E38+E67+E77) -> 0.75844389 | F83: =C83*(F38+F67+F77) -> 0.87513613
B84: D - Substituto na cobertura na ausências por acidente de trabalho | C84: ='Memória de Cálculo'!D32/30/12 -> 0.0019202778 | D84: =C84*(D38+D67+D77) -> 8.5307854 | E84: =C84*(E38+E67+E77) -> 7.7779597 | F84: =C84*(F38+F67+F77) -> 8.9746567
B85: E - Substituto na cobertura de afastamento maternidade | C85: =120/30*'Memória de Cálculo'!D42*'Memória de Cálculo'!D43 -> 0.00129536 | D85: =C85*(D38+D67+D77) -> 5.754604 | E85: =C85*(E38+E67+E77) -> 5.246771 | F85: =C85*(F38+F67+F77) -> 6.0540258
B86: F - Substituto na cobertura de outras ausências (especificar) | C86: 0 | D86: =C86*(D38+D67+D77) -> 0 | E86: =C86*(E38+E67+E77) -> 0 | F86: =C86*(F38+F67+F77) -> 0
B87: Total | C87: =SUM(C81:C86) -> 0.089536221 | D87: =SUM(D81:D86) -> 397.76239 | E87: =SUM(E81:E86) -> 362.66061 | F87: =SUM(F81:F86) -> 418.45865
B88: 4.2 - Substituto na Intrajornada (Indenizada) | C88: Percentuais | D88: Valor (R$) | E88: Valor (R$) | F88: Valor (R$)
B89: A - Substituto na cobertura de intervalo para repouso ou alimentação (Intrajornada indenizada de 1 hora, conforme CCT) | C89: 0.5 | D89: 0 | E89: =(E38/220)*15*1.5 -> 226.35378 | F89: =(F38/220)*15*1.5 -> 266.48014
B90: Total | D90: =SUM(D89:D89) -> 0 | E90: =SUM(E89:E89) -> 226.35378 | F90: =SUM(F89:F89) -> 266.48014
B92: 4 - Custo de Reposição do Profissional Ausente | C92: Percentuais | D92: Valor (R$) | E92: Valor (R$) | F92: Valor (R$)
B93: 4.1 - Substituto nas ausências Legais | C93: =C87 -> 0.089536221 | D93: =D87 -> 397.76239 | E93: =E87 -> 362.66061 | F93: =F87 -> 418.45865
B94: 4.2 - Intrajornada indenizada | C94: =C89 -> 0.5 | D94: =D90 -> 0 | E94: =E90 -> 226.35378 | F94: =F90 -> 266.48014
B95: Total | D95: =SUM(D93:D94) -> 397.76239 | E95: =SUM(E93:E94) -> 589.0144 | F95: =SUM(F93:F94) -> 684.93879
B97: MÓDULO 5: INSUMOS DIVERSOS
B98: 5 - Insumos Diversos | C98: Valores | D98: Valor (R$) | E98: Valor (R$) | F98: Valor (R$)
B99: A - Uniformes | C99: =Insumos!J13 -> 41.683333 | D99: =C99 -> 41.683333 | E99: =C99 -> 41.683333 | F99: =C99 -> 41.683333
B100: B - Materiais (Valor por posto) | C100: =Insumos!J21 -> 10.203333 | D100: =C100 -> 10.203333 | E100: =C100/2 -> 5.1016667 | F100: =C100/2 -> 5.1016667
B101: C - Outros (especificar) | C101: 0 | D101: =C101 -> 0 | E101: =C101 -> 0 | F101: =C101 -> 0
B102: Total | C102: =SUM(C99:C101) -> 51.886667 | D102: =SUM(D99:D101) -> 51.886667 | E102: =SUM(E99:E101) -> 46.785 | F102: =SUM(F99:F101) -> 46.785
B104: MÓDULO 6: CUSTOS INDIRETOS, TRIBUTOS E LUCRO
B105: 6 - Custos Indiretos, Tributos e Lucro | C105: Percentuais | D105: Valor (R$) | E105: Valor (R$) | F105: Valor (R$)
B106: A - Custos Indiretos | C106: 0.032 | D106: =C106*(D38+D67+D77+D95+D102) -> 156.54796 | E106: =C106*(E38+E67+E77+E95+E102) -> 149.95949 | F106: =C106*(F38+F67+F77+F95+F102) -> 172.97114
B107: B - Lucro | C107: 0.0358 | D107: =C107*(D38+D67+D77+D95+D102+D106) -> 180.74245 | E107: =C107*(E38+E67+E77+E95+E102+E106) -> 173.13573 | F107: =C107*(F38+F67+F77+F95+F102+F106) -> 199.70382
B108: C - Tributos (Percentuais de acordo com o regime tributário da empresa) | C108: =SUM(C109:C112) -> 0.0865 | D108: =((D38+D67+D77+D95+D102+D106+D107)/(1-C108))*C108 -> 495.17714 | E108: =((E38+E67+E77+E95+E102+E106+E107)/(1-C108))*C108 -> 474.33715 | F108: =((F38+F67+F77+F95+F102+F106+F107)/(1-C108))*C108 -> 547.12533
B109: C.1.1 - Tributos Federais (COFINS) | C109: =0.03 -> 0.03 | D109: =((D38+D67+D77+D95+D102+D106+D107)/(1-C108))*C109 -> 171.73774 | E109: =((E38+E67+E77+E95+E102+E106+E107)/(1-C108))*C109 -> 164.50999 | F109: =((F38+F67+F77+F95+F102+F106+F107)/(1-C108))*C109 -> 189.75445
B110: C.1.1 - Tributos Federais (PIS) | C110: =0.0065 -> 0.0065 | D110: =((D38+D67+D77+D95+D102+D106+D107)/(1-C108))*C110 -> 37.209843 | E110: =((E38+E67+E77+E95+E102+E106+E107)/(1-C108))*C110 -> 35.643832 | F110: =((F38+F67+F77+F95+F102+F106+F107)/(1-C108))*C110 -> 41.113464
B111: C.3 - Tributos Municipais (ISSQN do município de prestação do serviço (art. 3º, XVI, LC nº 116/2003)) | C111: 0.05 | D111: =((D38+D67+D77+D95+D102+D106+D107)/(1-C108))*C111 -> 286.22956 | E111: =((E38+E67+E77+E95+E102+E106+E107)/(1-C108))*C111 -> 274.18332 | F111: =((F38+F67+F77+F95+F102+F106+F107)/(1-C108))*C111 -> 316.25741
B112: C.4 - Outros Tributos (especificar)
...

Sheet Mocajuba
B1: PLANILHA ESTIMATIVA
B2: Planilha de Custos e Formação de Preços para Serviços de Vigilância - GEX – Belém, Marabá e Santarém-PA
B4: Nº do Processo: | C4: 35014.499513/2022-13
B5: Pregão Eletrônico nº
B6: Data:
B8: Discriminação dos Serviços (dados referentes à contratação)
B9: A – Data de apresentação da proposta (dia/mês/ano)
B10: B – Município/UF | C10: Mocajuba – PA
B11: C – Ano Acordo, Convenção ou Sentença Normativa em Dissídio Coletivo | C11: 2023
B12: D – Nº de meses de execução contratual | C12: 12
B14: Identificação do Serviço
B15: Tipo de Serviço | C15: Unid. de Medida | D15: Posto de 44 h semanais (Qtde) | E15: Posto 12X36 Diurnas (Qtde) | F15: Posto 12X36 Noturno (Qtde)
B16: Contratação de serviços de segurança e vigilância orgânica e patrimonial desarmada, visando atender as demandas das Gerências Executivas de Belém, Marabá e Santarém-PA, conforme condições, quantidades e exigências estabelecidas no instrumento convocatório. | C16: Posto | D16: =Resumo!E53 -> 1 | E16: =Resumo!E54 -> 0 | F16: 0
B19: Mão de obra vinculada à execução contratual
B20: Dados para composição dos custos referente à mão de obra
B21: 1 – Tipo de serviço (mesmo serviço com características distintas) | C21: Vigilância
B22: 2 – Classificação Brasileira de Ocupações (CBO) | C22: 517330
B23: 3 – Salário Normativo da Categoria Profissional | C23: 1702.49
B24: 4 – Categoria profissional (vinculada à execução contratual) | C24: Vigilante
B25: 5 – Data base da categoria (dia/mês/ano) | C25: 01 de janeiro
B26: 6 – Numero de registro da convenção coletiva no MTE | C26: PA000985/2022
B28: CUSTOS | C28: Percentuais e Valores de Referência | D28: 44 horas semanais | E28: 12X36 Diurnas | F28: 12X36 Noturnas
B29: MÓDULO 1: COMPOSIÇÃO DA REMUNERAÇÃO
B30: 1 - Composição da Remuneração | C30: Valores/ Percentuais | D30: Valor (R$) | E30: Valor (R$) | F30: Valor (R$)
B31: A – Salário Normativo | C31: =C23 -> 1702.49 | D31: =C31 -> 1702.49 | E31: =C31 -> 1702.49 | F31: =C31 -> 1702.49
B32: B - Adicional de Periculosidade | C32: 0.3 | D32: =D31*C32 -> 510.747 | E32: =E31*C32 -> 510.747 | F32: =F31*C32 -> 510.747
B33: C - Adicional de Insalubridade
B34: D - Adicional Noturno | C34: 0.2 | D34: 0 | E34: 0 | F34: =((F31+F32)/220)*C34*7*15 -> 211.26353
B35: E - Adicional de Hora Noturna Reduzida | D35: 0 | E35: 0 | F35: =((F31+F32)/220)*1.2*15 -> 181.08303
B36: F - Penosidade | D36: 0 | E36: 0 | F36: 0
B37: G - Outros | D37: 0 | E37: 0 | F37: 0
B38: Total | D38: =SUM(D31:D37) -> 2213.237 | E38: =SUM(E31:E37) -> 2213.237 | F38: =SUM(F31:F37) -> 2605.5836
B40: MÓDULO 2: ENCARGOS E BENEFÍCIOS ANUAIS, MENSAIS E DIÁRIOS
B41: 2.1 - 13º Salário, Férias e Adicional de Férias | C41: Percentuais | D41: Valor (R$) | E41: Valor (R$) | F41: Valor (R$)
B42: A - 13º salário | C42: =1/12 -> 0.083333333 | D42: =C42*D38 -> 184.43642 | E42: =C42*E38 -> 184.43642 | F42: =C42*F38 -> 217.13196
B43: B - Férias e Adicional de Férias (O custo com o valor pago ao substituto durante as férias do empregado consta na letra "A" do submódulo 4.1), (custo não renovável). | C43: =C42/3 -> 0.027777778 | D43: =C43*D38 -> 61.478806 | E43: =C43*E38 -> 61.478806 | F43: =C43*F38 -> 72.377321
B44: Total | C44: =SUM(C42:C43) -> 0.11111111 | D44: =SUM(D42:D43) -> 245.91522 | E44: =SUM(E42:E43) -> 245.91522 | F44: =SUM(F42:F43) -> 289.50928
B45: 2.2 - GPS, FGTS e outras contribuições (Incide sobre os Módulos 1 e 2.1) | C45: Percentuais | D45: Valor (R$) | E45: Valor (R$) | F45: Valor (R$)
B46: A - INSS | C46: 0.2 | D46: =C46*(D38+D44) -> 491.83044 | E46: =C46*(E38+E44) -> 491.83044 | F46: =C46*(F38+F44) -> 579.01857
B47: B - Salário Educação | C47: 0.025 | D47: =C47*(D38+D44) -> 61.478806 | E47: =C47*(E38+E44) -> 61.478806 | F47: =C47*(F38+F44) -> 72.377321
B48: C - SAT (Utilizar o RAT Ajustado conforme GFIP: RAT x FAP) | C48: 0.03 | D48: =C48*(D38+D44) -> 73.774567 | E48: =C48*(E38+E44) -> 73.774567 | F48: =C48*(F38+F44) -> 86.852785
B49: D - SESI ou SESC | C49: 0.015 | D49: =C49*(D38+D44) -> 36.887283 | E49: =C49*(E38+E44) -> 36.887283 | F49: =C49*(F38+F44) -> 43.426393
B50: E - SENAI ou SENAC | C50: 0.01 | D50: =C50*(D38+D44) -> 24.591522 | E50: =C50*(E38+E44) -> 24.591522 | F50: =C50*(F38+F44) -> 28.950928
B51: F - SEBRAE | C51: 0.006 | D51: =C51*(D38+D44) -> 14.754913 | E51: =C51*(E38+E44) -> 14.754913 | F51: =C51*(F38+F44) -> 17.370557
B52: G - INCRA | C52: 0.002 | D52: =C52*(D38+D44) -> 4.9183044 | E52: =C52*(E38+E44) -> 4.9183044 | F52: =C52*(F38+F44) -> 5.7901857
B53: F - FGTS | C53: 0.08 | D53: =C53*(D38+D44) -> 196.73218 | E53: =C53*(E38+E44) -> 196.73218 | F53: =C53*(F38+F44) -> 231.60743
B54: Total | C54: =SUM(C46:C53) -> 0.368 | D54: =SUM(D46:D53) -> 904.96802 | E54: =SUM(E46:E53) -> 904.96802 | F54: =SUM(F46:F53) -> 1065.3942
B55: 2.3 - Benefícios Mensais e Diários | C55: Valores/ Percentuais | D55: Valor (R$) | E55: Valor (R$) | F55: Valor (R$)
B56: A – Auxílio Transporte (Por dia trabalhado) | C56: 0
B57: B – Auxílio Alimentação (Jornada igual ou superior a 6 horas) | C57: ='Memória de Cálculo'!C6 -> 36 | D57: ='Memória de Cálculo'!E6 -> 926.64 | E57: ='Memória de Cálculo'!E7 -> 534.6 | F57: ='Memória de Cálculo'!E8 -> 534.6
B58: C – Assistência Médica | C58: 0 | D58: =C58 -> 0 | E58: =C58 -> 0 | F58: =C58 -> 0
B59: D – Auxílio Creche | C59: 0 | D59: =C59 -> 0 | E59: =D59 -> 0 | F59: =E59 -> 0
B60: E – Auxílio Morte/Funeral | C60: 9.55e-05 | D60: =D31*C60*2.5 -> 0.40646949 | E60: =E31*C60*2.5 -> 0.40646949 | F60: =F31*C60*2.5 -> 0.40646949
B61: F – Seguro de Vida | C61: 9.55e-05 | D61: =D38*C61*30 -> 6.340924 | E61: =E38*C61*30 -> 6.340924 | F61: =F38*C61*30 -> 7.4649969
B62: Total | D62: =SUM(D56:D61) -> 933.38739 | E62: =SUM(E56:E61) -> 541.34739 | F62: =SUM(F56:F61) -> 542.47147
B63: 2 - Encargos e Benefícios Anuais, Mensais e Diários | C63: Percentuais | D63: Valor (R$) | E63: Valor (R$) | F63: Valor (R$)
B64: 2.1 - 13º Salário, Férias e Adicional de Férias | C64: =C44 -> 0.11111111 | D64: =D44 -> 245.91522 | E64: =E44 -> 245.91522 | F64: =F44 -> 289.50928
B65: 2.2 - GPS, FGTS e outras contribuições | C65: =C54 -> 0.368 | D65: =D54 -> 904.96802 | E65: =E54 -> 904.96802 | F65: =F54 -> 1065.3942
B66: 2.3 - Benefícios Mensais e Diários | C66: 0 | D66: =D62 -> 933.38739 | E66: =E62 -> 541.34739 | F66: =F62 -> 542.47147
B67: Total | D67: =SUM(D64:D66) -> 2084.2706 | E67: =SUM(E64:E66) -> 1692.2306 | F67: =SUM(F64:F66) -> 1897.3749
B69: MÓDULO 3: PROVISÃO PARA RESCISÃO
B70: 3 - Provisão para Rescisão | C70: Percentuais | D70: Valor (R$) | E70: Valor (R$) | F70: Valor (R$)
B71: A - Aviso Prévio Indenizado (Esta parcela deverá ser reduzida após o primeiro ano da contratação para o percentual máximo de 0,042%: Acórdão 1.186/2017-P) | C71: =1/12*0.05 -> 0.0041666667 | D71: =C71*D38 -> 9.2218208 | E71: =C71*E38 -> 9.2218208 | F71: =C71*F38 -> 10.856598
B72: B - Incidência do FGTS sobre Aviso Prévio Indenizado | C72: =C53*C71 -> 0.00033333333 | D72: =C72*D38 -> 0.73774567 | E72: =C72*E38 -> 0.73774567 | F72: =C72*F38 -> 0.86852785
B73: C - Multa do FGTS e contribuições sociais sobre o Aviso Prévio Indenizado | C73: 0 | D73: =C73*D38 -> 0 | E73: =C73*E38 -> 0 | F73: =C73*F38 -> 0
B74: D - Aviso Prévio Trabalhado (Esta parcela deverá ser reduzida após o primeiro ano da contratação para o percentual máximo de 0,194%: Acórdão 1.186/2017-P) | C74: =1/30*7/12 -> 0.019444444 | D74: =C74*D38 -> 43.035164 | E74: =C74*E38 -> 43.035164 | F74: =C74*F38 -> 50.664125
B75: E - Incidência de GPS, FGTS e outras contribuições (submódulo 2.2) sobre o Aviso Prévio Trabalhado | C75: =C54*C74 -> 0.0071555556 | D75: =C75*D38 -> 15.83694 | E75: =C75*E38 -> 15.83694 | F75: =C75*F38 -> 18.644398
B76: F - Multa do FGTS sobre o Aviso Prévio Trabalhado (Rescisões sem justa causa) | C76: =0.08*0.4*0.9*(1+1/12+1/12+1/3*1/12) -> 0.0344 | D76: =C76*D38 -> 76.135353 | E76: =C76*E38 -> 76.135353 | F76: =C76*F38 -> 89.632074
B77: Total | C77: =SUM(C71:C76) -> 0.0655 | D77: =SUM(D71:D76) -> 144.96702 | E77: =SUM(E71:E76) -> 144.96702 | F77: =SUM(F71:F76) -> 170.66572
B79: MÓDULO 4: CUSTO DE REPOSIÇÃO DO PROFISSIONAL AUSENTE
B80: 4.1 – Substituto nas Ausências Legais | C80: Percentuais | D80: Valor (R$) | E80: Valor (R$) | F80: Valor (R$)
B81: A – Substituto na cobertura de Férias | C81: =1/12 -> 0.083333333 | D81: =C81*(D38+D67+D77) -> 370.20622 | E81: =C81*(E38+E67+E77) -> 337.53622 | F81: =C81*(F38+F67+F77) -> 389.46868
B82: B – Substituto na cobertura de ausências Legais | C82: ='Memória de Cálculo'!C21 -> 0.0028 | D82: =C82*(D38+D67+D77) -> 12.438929 | E82: =C82*(E38+E67+E77) -> 11.341217 | F82: =C82*(F38+F67+F77) -> 13.086148
B83: C - Substituto na cobertura na licença-paternidade | C83: ='Memória de Cálculo'!D28/30/12*'Memória de Cálculo'!D26*'Memória de Cálculo'!D27 -> 0.00018725 | D83: =C83*(D38+D67+D77) -> 0.83185338 | E83: =C83*(E38+E67+E77) -> 0.75844389 | F83: =C83*(F38+F67+F77) -> 0.87513613
B84: D - Substituto na cobertura na ausências por acidente de trabalho | C84: ='Memória de Cálculo'!D32/30/12 -> 0.0019202778 | D84: =C84*(D38+D67+D77) -> 8.5307854 | E84: =C84*(E38+E67+E77) -> 7.7779597 | F84: =C84*(F38+F67+F77) -> 8.9746567
B85: E - Substituto na cobertura de afastamento maternidade | C85: =120/30*'Memória de Cálculo'!D42*'Memória de Cálculo'!D43 -> 0.00129536 | D85: =C85*(D38+D67+D77) -> 5.754604 | E85: =C85*(E38+E67+E77) -> 5.246771 | F85: =C85*(F38+F67+F77) -> 6.0540258
B86: F - Substituto na cobertura de outras ausências (especificar) | C86: 0 | D86: =C86*(D38+D67+D77) -> 0 | E86: =C86*(E38+E67+E77) -> 0 | F86: =C86*(F38+F67+F77) -> 0
B87: Total | C87: =SUM(C81:C86) -> 0.089536221 | D87: =SUM(D81:D86) -> 397.76239 | E87: =SUM(E81:E86) -> 362.66061 | F87: =SUM(F81:F86) -> 418.45865
B88: 4.2 - Substituto na Intrajornada (Indenizada) | C88: Percentuais | D88: Valor (R$) | E88: Valor (R$) | F88: Valor (R$)
B89: A - Substituto na cobertura de intervalo para repouso ou alimentação (Intrajornada indenizada de 1 hora, conforme CCT) | C89: 0.5 | D89: 0 | E89: =(E38/220)*15*1.5 -> 226.35378 | F89: =(F38/220)*15*1.5 -> 266.48014
B90: Total | D90: =SUM(D89:D89) -> 0 | E90: =SUM(E89:E89) -> 226.35378 | F90: =SUM(F89:F89) -> 266.48014
B92: 4 - Custo de Reposição do Profissional Ausente | C92: Percentuais | D92: Valor (R$) | E92: Valor (R$) | F92: Valor (R$)
B93: 4.1 - Substituto nas ausências Legais | C93: =C87 -> 0.089536221 | D93: =D87 -> 397.76239 | E93: =E87 -> 362.66061 | F93: =F87 -> 418.45865
B94: 4.2 - Intrajornada indenizada | C94: =C89 -> 0.5 | D94: =D90 -> 0 | E94: =E90 -> 226.35378 | F94: =F90 -> 266.48014
B95: Total | D95: =SUM(D93:D94) -> 397.76239 | E95: =SUM(E93:E94) -> 589.0144 | F95: =SUM(F93:F94) -> 684.93879
B97: MÓDULO 5: INSUMOS DIVERSOS
B98: 5 - Insumos Diversos | C98: Valores | D98: Valor (R$) | E98: Valor (R$) | F98: Valor (R$)
B99: A - Uniformes | C99: =Insumos!J13 -> 41.683333 | D99: =C99 -> 41.683333 | E99: =C99 -> 41.683333 | F99: =C99 -> 41.683333
B100: B - Materiais (Valor por posto) | C100: =Insumos!J21 -> 10.203333 | D100: =C100 -> 10.203333 | E100: =C100/2 -> 5.1016667 | F100: =C100/2 -> 5.1016667
B101: C - Outros (especificar) | C101: 0 | D101: =C101 -> 0 | E101: =C101 -> 0 | F101: =C101 -> 0
B102: Total | C102: =SUM(C99:C101) -> 51.886667 | D102: =SUM(D99:D101) -> 51.886667 | E102: =SUM(E99:E101) -> 46.785 | F102: =SUM(F99:F101) -> 46.785
B104: MÓDULO 6: CUSTOS INDIRETOS, TRIBUTOS E LUCRO
B105: 6 - Custos Indiretos, Tributos e Lucro | C105: Percentuais | D105: Valor (R$) | E105: Valor (R$) | F105: Valor (R$)
B106: A - Custos Indiretos | C106: 0.032 | D106: =C106*(D38+D67+D77+D95+D102) -> 156.54796 | E106: =C106*(E38+E67+E77+E95+E102) -> 149.95949 | F106: =C106*(F38+F67+F77+F95+F102) -> 172.97114
B107: B - Lucro | C107: 0.0358 | D107: =C107*(D38+D67+D77+D95+D102+D106) -> 180.74245 | E107: =C107*(E38+E67+E77+E95+E102+E106) -> 173.13573 | F107: =C107*(F38+F67+F77+F95+F102+F106) -> 199.70382
B108: C - Tributos (Percentuais de acordo com o regime tributário da empresa) | C108: =SUM(C109:C112) -> 0.0865 | D108: =((D38+D67+D77+D95+D102+D106+D107)/(1-C108))*C108 -> 495.17714 | E108: =((E38+E67+E77+E95+E102+E106+E107)/(1-C108))*C108 -> 474.33715 | F108: =((F38+F67+F77+F95+F102+F106+F107)/(1-C108))*C108 -> 547.12533
B109: C.1.1 - Tributos Federais (COFINS) | C109: =0.03 -> 0.03 | D109: =((D38+D67+D77+D95+D102+D106+D107)/(1-C108))*C109 -> 171.73774 | E109: =((E38+E67+E77+E95+E102+E106+E107)/(1-C108))*C109 -> 164.50999 | F109: =((F38+F67+F77+F95+F102+F106+F107)/(1-C108))*C109 -> 189.75445
B110: C.1.1 - Tributos Federais (PIS) | C110: =0.0065 -> 0.0065 | D110: =((D38+D67+D77+D95+D102+D106+D107)/(1-C108))*C110 -> 37.209843 | E110: =((E38+E67+E77+E95+E102+E106+E107)/(1-C108))*C110 -> 35.643832 | F110: =((F38+F67+F77+F95+F102+F106+F107)/(1-C108))*C110 -> 41.113464
B111: C.3 - Tributos Municipais (ISSQN do município de prestação do serviço (art. 3º, XVI, LC nº 116/2003)) | C111: 0.05 | D111: =((D38+D67+D77+D95+D102+D106+D107)/(1-C108))*C111 -> 286.22956 | E111: =((E38+E67+E77+E95+E102+E106+E107)/(1-C108))*C111 -> 274.18332 | F111: =((F38+F67+F77+F95+F102+F106+F107)/(1-C108))*C111 -> 316.25741
B112: C.4 - Outros Tributos (especificar)
...

Sheet Nova Esperança
B1: PLANILHA ESTIMATIVA
B2: Planilha de Custos e Formação de Preços para Serviços de Vigilância - GEX – Belém, Marabá e Santarém-PA
B4: Nº do Processo: | C4: 35014.499513/2022-13
B5: Pregão Eletrônico nº
B6: Data:
B8: Discriminação dos Serviços (dados referentes à contratação)
B9: A – Data de apresentação da proposta (dia/mês/ano)
B10: B – Município/UF | C10: Nova Esperança do Piriá – PA
B11: C – Ano Acordo, Convenção ou Sentença Normativa em Dissídio Coletivo | C11: 2023
B12: D – Nº de meses de execução contratual | C12: 12
B14: Identificação do Serviço
B15: Tipo de Serviço | C15: Unid. de Medida | D15: Posto de 44 h semanais (Qtde) | E15: Posto 12X36 Diurnas (Qtde) | F15: Posto 12X36 Noturno (Qtde)
B16: Contratação de serviços de segurança e vigilância orgânica e patrimonial desarmada, visando atender as demandas das Gerências Executivas de Belém, Marabá e Santarém-PA, conforme condições, quantidades e exigências estabelecidas no instrumento convocatório. | C16: Posto | D16: =Resumo!E56 -> 1 | E16: =Resumo!E57 -> 0 | F16: 0
B19: Mão de obra vinculada à execução contratual
B20: Dados para composição dos custos referente à mão de obra
B21: 1 – Tipo de serviço (mesmo serviço com características distintas) | C21: Vigilância
B22: 2 – Classificação Brasileira de Ocupações (CBO) | C22: 517330
B23: 3 – Salário Normativo da Categoria Profissional | C23: 1702.49
B24: 4 – Categoria profissional (vinculada à execução contratual) | C24: Vigilante
B25: 5 – Data base da categoria (dia/mês/ano) | C25: 01 de janeiro
B26: 6 – Numero de registro da convenção coletiva no MTE | C26: PA000985/2022
B28: CUSTOS | C28: Percentuais e Valores de Referência | D28: 44 horas semanais | E28: 12X36 Diurnas | F28: 12X36 Noturnas
B29: MÓDULO 1: COMPOSIÇÃO DA REMUNERAÇÃO
B30: 1 - Composição da Remuneração | C30: Valores/ Percentuais | D30: Valor (R$) | E30: Valor (R$) | F30: Valor (R$)
B31: A – Salário Normativo | C31: =C23 -> 1702.49 | D31: =C31 -> 1702.49 | E31: =C31 -> 1702.49 | F31: =C31 -> 1702.49
B32: B - Adicional de Periculosidade | C32: 0.3 | D32: =D31*C32 -> 510.747 | E32: =E31*C32 -> 510.747 | F32: =F31*C32 -> 510.747
B33: C - Adicional de Insalubridade
B34: D - Adicional Noturno | C34: 0.2 | D34: 0 | E34: 0 | F34: =((F31+F32)/220)*C34*7*15 -> 211.26353
B35: E - Adicional de Hora Noturna Reduzida | D35: 0 | E35: 0 | F35: =((F31+F32)/220)*1.2*15 -> 181.08303
B36: F - Penosidade | D36: 0 | E36: 0 | F36: 0
B37: G - Outros | D37: 0 | E37: 0 | F37: 0
B38: Total | D38: =SUM(D31:D37) -> 2213.237 | E38: =SUM(E31:E37) -> 2213.237 | F38: =SUM(F31:F37) -> 2605.5836
B40: MÓDULO 2: ENCARGOS E BENEFÍCIOS ANUAIS, MENSAIS E DIÁRIOS
B41: 2.1 - 13º Salário, Férias e Adicional de Férias | C41: Percentuais | D41: Valor (R$) | E41: Valor (R$) | F41: Valor (R$)
B42: A - 13º salário | C42: =1/12 -> 0.083333333 | D42: =C42*D38 -> 184.43642 | E42: =C42*E38 -> 184.43642 | F42: =C42*F38 -> 217.13196
B43: B - Férias e Adicional de Férias (O custo com o valor pago ao substituto durante as férias do empregado consta na letra "A" do submódulo 4.1), (custo não renovável). | C43: =C42/3 -> 0.027777778 | D43: =C43*D38 -> 61.478806 | E43: =C43*E38 -> 61.478806 | F43: =C43*F38 -> 72.377321
B44: Total | C44: =SUM(C42:C43) -> 0.11111111 | D44: =SUM(D42:D43) -> 245.91522 | E44: =SUM(E42:E43) -> 245.91522 | F44: =SUM(F42:F43) -> 289.50928
B45: 2.2 - GPS, FGTS e outras contribuições (Incide sobre os Módulos 1 e 2.1) | C45: Percentuais | D45: Valor (R$) | E45: Valor (R$) | F45: Valor (R$)
B46: A - INSS | C46: 0.2 | D46: =C46*(D38+D44) -> 491.83044 | E46: =C46*(E38+E44) -> 491.83044 | F46: =C46*(F38+F44) -> 579.01857
B47: B - Salário Educação | C47: 0.025 | D47: =C47*(D38+D44) -> 61.478806 | E47: =C47*(E38+E44) -> 61.478806 | F47: =C47*(F38+F44) -> 72.377321
B48: C - SAT (Utilizar o RAT Ajustado conforme GFIP: RAT x FAP) | C48: 0.03 | D48: =C48*(D38+D44) -> 73.774567 | E48: =C48*(E38+E44) -> 73.774567 | F48: =C48*(F38+F44) -> 86.852785
B49: D - SESI ou SESC | C49: 0.015 | D49: =C49*(D38+D44) -> 36.887283 | E49: =C49*(E38+E44) -> 36.887283 | F49: =C49*(F38+F44) -> 43.426393
B50: E - SENAI ou SENAC | C50: 0.01 | D50: =C50*(D38+D44) -> 24.591522 | E50: =C50*(E38+E44) -> 24.591522 | F50: =C50*(F38+F44) -> 28.950928
B51: F - SEBRAE | C51: 0.006 | D51: =C51*(D38+D44) -> 14.754913 | E51: =C51*(E38+E44) -> 14.754913 | F51: =C51*(F38+F44) -> 17.370557
B52: G - INCRA | C52: 0.002 | D52: =C52*(D38+D44) -> 4.9183044 | E52: =C52*(E38+E44) -> 4.9183044 | F52: =C52*(F38+F44) -> 5.7901857
B53: F - FGTS | C53: 0.08 | D53: =C53*(D38+D44) -> 196.73218 | E53: =C53*(E38+E44) -> 196.73218 | F53: =C53*(F38+F44) -> 231.60743
B54: Total | C54: =SUM(C46:C53) -> 0.368 | D54: =SUM(D46:D53) -> 904.96802 | E54: =SUM(E46:E53) -> 904.96802 | F54: =SUM(F46:F53) -> 1065.3942
B55: 2.3 - Benefícios Mensais e Diários | C55: Valores/ Percentuais | D55: Valor (R$) | E55: Valor (R$) | F55: Valor (R$)
B56: A – Auxílio Transporte (Por dia trabalhado) | C56: 0
B57: B – Auxílio Alimentação (Jornada igual ou superior a 6 horas) | C57: ='Memória de Cálculo'!C6 -> 36 | D57: ='Memória de Cálculo'!E6 -> 926.64 | E57: ='Memória de Cálculo'!E7 -> 534.6 | F57: ='Memória de Cálculo'!E8 -> 534.6
B58: C – Assistência Médica | C58: 0 | D58: =C58 -> 0 | E58: =C58 -> 0 | F58: =C58 -> 0
B59: D – Auxílio Creche | C59: 0 | D59: =C59 -> 0 | E59: =D59 -> 0 | F59: =E59 -> 0
B60: E – Auxílio Morte/Funeral | C60: 9.55e-05 | D60: =D31*C60*2.5 -> 0.40646949 | E60: =E31*C60*2.5 -> 0.40646949 | F60: =F31*C60*2.5 -> 0.40646949
B61: F – Seguro de Vida | C61: 9.55e-05 | D61: =D38*C61*30 -> 6.340924 | E61: =E38*C61*30 -> 6.340924 | F61: =F38*C61*30 -> 7.4649969
B62: Total | D62: =SUM(D56:D61) -> 933.38739 | E62: =SUM(E56:E61) -> 541.34739 | F62: =SUM(F56:F61) -> 542.47147
B63: 2 - Encargos e Benefícios Anuais, Mensais e Diários | C63: Percentuais | D63: Valor (R$) | E63: Valor (R$) | F63: Valor (R$)
B64: 2.1 - 13º Salário, Férias e Adicional de Férias | C64: =C44 -> 0.11111111 | D64: =D44 -> 245.91522 | E64: =E44 -> 245.91522 | F64: =F44 -> 289.50928
B65: 2.2 - GPS, FGTS e outras contribuições | C65: =C54 -> 0.368 | D65: =D54 -> 904.96802 | E65: =E54 -> 904.96802 | F65: =F54 -> 1065.3942
B66: 2.3 - Benefícios Mensais e Diários | C66: 0 | D66: =D62 -> 933.38739 | E66: =E62 -> 541.34739 | F66: =F62 -> 542.47147
B67: Total | D67: =SUM(D64:D66) -> 2084.2706 | E67: =SUM(E64:E66) -> 1692.2306 | F67: =SUM(F64:F66) -> 1897.3749
B69: MÓDULO 3: PROVISÃO PARA RESCISÃO
B70: 3 - Provisão para Rescisão | C70: Percentuais | D70: Valor (R$) | E70: Valor (R$) | F70: Valor (R$)
B71: A - Aviso Prévio Indenizado (Esta parcela deverá ser reduzida após o primeiro ano da contratação para o percentual máximo de 0,042%: Acórdão 1.186/2017-P) | C71: =1/12*0.05 -> 0.0041666667 | D71: =C71*D38 -> 9.2218208 | E71: =C71*E38 -> 9.2218208 | F71: =C71*F38 -> 10.856598
B72: B - Incidência do FGTS sobre Aviso Prévio Indenizado | C72: =C53*C71 -> 0.00033333333 | D72: =C72*D38 -> 0.73774567 | E72: =C72*E38 -> 0.73774567 | F72: =C72*F38 -> 0.86852785
B73: C - Multa do FGTS e contribuições sociais sobre o Aviso Prévio Indenizado | C73: 0 | D73: =C73*D38 -> 0 | E73: =C73*E38 -> 0 | F73: =C73*F38 -> 0
B74: D - Aviso Prévio Trabalhado (Esta parcela deverá ser reduzida após o primeiro ano da contratação para o percentual máximo de 0,194%: Acórdão 1.186/2017-P) | C74: =1/30*7/12 -> 0.019444444 | D74: =C74*D38 -> 43.035164 | E74: =C74*E38 -> 43.035164 | F74: =C74*F38 -> 50.664125
B75: E - Incidência de GPS, FGTS e outras contribuições (submódulo 2.2) sobre o Aviso Prévio Trabalhado | C75: =C54*C74 -> 0.0071555556 | D75: =C75*D38 -> 15.83694 | E75: =C75*E38 -> 15.83694 | F75: =C75*F38 -> 18.644398
B76: F - Multa do FGTS sobre o Aviso Prévio Trabalhado (Rescisões sem justa causa) | C76: =0.08*0.4*0.9*(1+1/12+1/12+1/3*1/12) -> 0.0344 | D76: =C76*D38 -> 76.135353 | E76: =C76*E38 -> 76.135353 | F76: =C76*F38 -> 89.632074
B77: Total | C77: =SUM(C71:C76) -> 0.0655 | D77: =SUM(D71:D76) -> 144.96702 | E77: =SUM(E71:E76) -> 144.96702 | F77: =SUM(F71:F76) -> 170.66572
B79: MÓDULO 4: CUSTO DE REPOSIÇÃO DO PROFISSIONAL AUSENTE
B80: 4.1 – Substituto nas Ausências Legais | C80: Percentuais | D80: Valor (R$) | E80: Valor (R$) | F80: Valor (R$)
B81: A – Substituto na cobertura de Férias | C81: =1/12 -> 0.083333333 | D81: =C81*(D38+D67+D77) -> 370.20622 | E81: =C81*(E38+E67+E77) -> 337.53622 | F81: =C81*(F38+F67+F77) -> 389.46868
B82: B – Substituto na cobertura de ausências Legais | C82: ='Memória de Cálculo'!C21 -> 0.0028 | D82: =C82*(D38+D67+D77) -> 12.438929 | E82: =C82*(E38+E67+E77) -> 11.341217 | F82: =C82*(F38+F67+F77) -> 13.086148
B83: C - Substituto na cobertura na licença-paternidade | C83: ='Memória de Cálculo'!D28/30/12*'Memória de Cálculo'!D26*'Memória de Cálculo'!D27 -> 0.00018725 | D83: =C83*(D38+D67+D77) -> 0.83185338 | E83: =C83*(E38+E67+E77) -> 0.75844389 | F83: =C83*(F38+F67+F77) -> 0.87513613
B84: D - Substituto na cobertura na ausências por acidente de trabalho | C84: ='Memória de Cálculo'!D32/30/12 -> 0.0019202778 | D84: =C84*(D38+D67+D77) -> 8.5307854 | E84: =C84*(E38+E67+E77) -> 7.7779597 | F84: =C84*(F38+F67+F77) -> 8.9746567
B85: E - Substituto na cobertura de afastamento maternidade | C85: =120/30*'Memória de Cálculo'!D42*'Memória de Cálculo'!D43 -> 0.00129536 | D85: =C85*(D38+D67+D77) -> 5.754604 | E85: =C85*(E38+E67+E77) -> 5.246771 | F85: =C85*(F38+F67+F77) -> 6.0540258
B86: F - Substituto na cobertura de outras ausências (especificar) | C86: 0 | D86: =C86*(D38+D67+D77) -> 0 | E86: =C86*(E38+E67+E77) -> 0 | F86: =C86*(F38+F67+F77) -> 0
B87: Total | C87: =SUM(C81:C86) -> 0.089536221 | D87: =SUM(D81:D86) -> 397.76239 | E87: =SUM(E81:E86) -> 362.66061 | F87: =SUM(F81:F86) -> 418.45865
B88: 4.2 - Substituto na Intrajornada (Indenizada) | C88: Percentuais | D88: Valor (R$) | E88: Valor (R$) | F88: Valor (R$)
B89: A - Substituto na cobertura de intervalo para repouso ou alimentação (Intrajornada indenizada de 1 hora, conforme CCT) | C89: 0.5 | D89: 0 | E89: =(E38/220)*15*1.5 -> 226.35378 | F89: =(F38/220)*15*1.5 -> 266.48014
B90: Total | D90: =SUM(D89:D89) -> 0 | E90: =SUM(E89:E89) -> 226.35378 | F90: =SUM(F89:F89) -> 266.48014
B92: 4 - Custo de Reposição do Profissional Ausente | C92: Percentuais | D92: Valor (R$) | E92: Valor (R$) | F92: Valor (R$)
B93: 4.1 - Substituto nas ausências Legais | C93: =C87 -> 0.089536221 | D93: =D87 -> 397.76239 | E93: =E87 -> 362.66061 | F93: =F87 -> 418.45865
B94: 4.2 - Intrajornada indenizada | C94: =C89 -> 0.5 | D94: =D90 -> 0 | E94: =E90 -> 226.35378 | F94: =F90 -> 266.48014
B95: Total | D95: =SUM(D93:D94) -> 397.76239 | E95: =SUM(E93:E94) -> 589.0144 | F95: =SUM(F93:F94) -> 684.93879
B97: MÓDULO 5: INSUMOS DIVERSOS
B98: 5 - Insumos Diversos | C98: Valores | D98: Valor (R$) | E98: Valor (R$) | F98: Valor (R$)
B99: A - Uniformes | C99: =Insumos!J13 -> 41.683333 | D99: =C99 -> 41.683333 | E99: =C99 -> 41.683333 | F99: =C99 -> 41.683333
B100: B - Materiais (Valor por posto) | C100: =Insumos!J21 -> 10.203333 | D100: =C100 -> 10.203333 | E100: =C100/2 -> 5.1016667 | F100: =C100/2 -> 5.1016667
B101: C - Outros (especificar) | C101: 0 | D101: =C101 -> 0 | E101: =C101 -> 0 | F101: =C101 -> 0
B102: Total | C102: =SUM(C99:C101) -> 51.886667 | D102: =SUM(D99:D101) -> 51.886667 | E102: =SUM(E99:E101) -> 46.785 | F102: =SUM(F99:F101) -> 46.785
B104: MÓDULO 6: CUSTOS INDIRETOS, TRIBUTOS E LUCRO
B105: 6 - Custos Indiretos, Tributos e Lucro | C105: Percentuais | D105: Valor (R$) | E105: Valor (R$) | F105: Valor (R$)
B106: A - Custos Indiretos | C106: 0.032 | D106: =C106*(D38+D67+D77+D95+D102) -> 156.54796 | E106: =C106*(E38+E67+E77+E95+E102) -> 149.95949 | F106: =C106*(F38+F67+F77+F95+F102) -> 172.97114
B107: B - Lucro | C107: 0.0358 | D107: =C107*(D38+D67+D77+D95+D102+D106) -> 180.74245 | E107: =C107*(E38+E67+E77+E95+E102+E106) -> 173.13573 | F107: =C107*(F38+F67+F77+F95+F102+F106) -> 199.70382
B108: C - Tributos (Percentuais de acordo com o regime tributário da empresa) | C108: =SUM(C109:C112) -> 0.0665 | D108: =((D38+D67+D77+D95+D102+D106+D107)/(1-C108))*C108 -> 372.52923 | E108: =((E38+E67+E77+E95+E102+E106+E107)/(1-C108))*C108 -> 356.85099 | F108: =((F38+F67+F77+F95+F102+F106+F107)/(1-C108))*C108 -> 411.61063
B109: C.1.1 - Tributos Federais (COFINS) | C109: =0.03 -> 0.03 | D109: =((D38+D67+D77+D95+D102+D106+D107)/(1-C108))*C109 -> 168.0583 | E109: =((E38+E67+E77+E95+E102+E106+E107)/(1-C108))*C109 -> 160.98541 | F109: =((F38+F67+F77+F95+F102+F106+F107)/(1-C108))*C109 -> 185.68901
B110: C.1.1 - Tributos Federais (PIS) | C110: =0.0065 -> 0.0065 | D110: =((D38+D67+D77+D95+D102+D106+D107)/(1-C108))*C110 -> 36.412632 | E110: =((E38+E67+E77+E95+E102+E106+E107)/(1-C108))*C110 -> 34.880172 | F110: =((F38+F67+F77+F95+F102+F106+F107)/(1-C108))*C110 -> 40.232618
B111: C.3 - Tributos Municipais (ISSQN do município de prestação do serviço (art. 3º, XVI, LC nº 116/2003)) | C111: 0.03 | D111: =((D38+D67+D77+D95+D102+D106+D107)/(1-C108))*C111 -> 168.0583 | E111: =((E38+E67+E77+E95+E102+E106+E107)/(1-C108))*C111 -> 160.98541 | F111: =((F38+F67+F77+F95+F102+F106+F107)/(1-C108))*C111 -> 185.68901
B112: C.4 - Outros Tributos (especificar)
...

Sheet Abaetetuba
B1: PLANILHA ESTIMATIVA
B2: Planilha de Custos e Formação de Preços para Serviços de Vigilância - GEX – Belém, Marabá e Santarém-PA
B4: Nº do Processo: | C4: 35014.499513/2022-13
B5: Pregão Eletrônico nº
B6: Data:
B8: Discriminação dos Serviços (dados referentes à contratação)
B9: A – Data de apresentação da proposta (dia/mês/ano)
B10: B – Município/UF | C10: Abaetetuba – PA
B11: C – Ano Acordo, Convenção ou Sentença Normativa em Dissídio Coletivo | C11: 2023
B12: D – Nº de meses de execução contratual | C12: 12
B14: Identificação do Serviço
B15: Tipo de Serviço | C15: Unid. de Medida | D15: Posto de 44 h semanais (Qtde) | E15: Posto 12X36 Diurnas (Qtde) | F15: Posto 12X36 Noturno (Qtde)
B16: Contratação de serviços de segurança e vigilância orgânica e patrimonial desarmada, visando atender as demandas das Gerências Executivas de Belém, Marabá e Santarém-PA, conforme condições, quantidades e exigências estabelecidas no instrumento convocatório. | C16: Posto | D16: =Resumo!E59 -> 1 | E16: =Resumo!E60 -> 1 | F16: =Resumo!E61 -> 1
B19: Mão de obra vinculada à execução contratual
B20: Dados para composição dos custos referente à mão de obra
B21: 1 – Tipo de serviço (mesmo serviço com características distintas) | C21: Vigilância
B22: 2 – Classificação Brasileira de Ocupações (CBO) | C22: 517330
B23: 3 – Salário Normativo da Categoria Profissional | C23: 1702.49
B24: 4 – Categoria profissional (vinculada à execução contratual) | C24: Vigilante
B25: 5 – Data base da categoria (dia/mês/ano) | C25: 01 de janeiro
B26: 6 – Numero de registro da convenção coletiva no MTE | C26: PA000985/2022
B28: CUSTOS | C28: Percentuais e Valores de Referência | D28: 44 horas semanais | E28: 12X36 Diurnas | F28: 12X36 Noturnas
B29: MÓDULO 1: COMPOSIÇÃO DA REMUNERAÇÃO
B30: 1 - Composição da Remuneração | C30: Valores/ Percentuais | D30: Valor (R$) | E30: Valor (R$) | F30: Valor (R$)
B31: A – Salário Normativo | C31: =C23 -> 1702.49 | D31: =C31 -> 1702.49 | E31: =C31 -> 1702.49 | F31: =C31 -> 1702.49
B32: B - Adicional de Periculosidade | C32: 0.3 | D32: =D31*C32 -> 510.747 | E32: =E31*C32 -> 510.747 | F32: =F31*C32 -> 510.747
B33: C - Adicional de Insalubridade
B34: D - Adicional Noturno | C34: 0.2 | D34: 0 | E34: 0 | F34: =((F31+F32)/220)*C34*7*15 -> 211.26353
B35: E - Adicional de Hora Noturna Reduzida | D35: 0 | E35: 0 | F35: =((F31+F32)/220)*1.2*15 -> 181.08303
B36: F - Penosidade | D36: 0 | E36: 0 | F36: 0
B37: G - Outros | D37: 0 | E37: 0 | F37: 0
B38: Total | D38: =SUM(D31:D37) -> 2213.237 | E38: =SUM(E31:E37) -> 2213.237 | F38: =SUM(F31:F37) -> 2605.5836
B40: MÓDULO 2: ENCARGOS E BENEFÍCIOS ANUAIS, MENSAIS E DIÁRIOS
B41: 2.1 - 13º Salário, Férias e Adicional de Férias | C41: Percentuais | D41: Valor (R$) | E41: Valor (R$) | F41: Valor (R$)
B42: A - 13º salário | C42: =1/12 -> 0.083333333 | D42: =C42*D38 -> 184.43642 | E42: =C42*E38 -> 184.43642 | F42: =C42*F38 -> 217.13196
B43: B - Férias e Adicional de Férias (O custo com o valor pago ao substituto durante as férias do empregado consta na letra "A" do submódulo 4.1), (custo não renovável). | C43: =C42/3 -> 0.027777778 | D43: =C43*D38 -> 61.478806 | E43: =C43*E38 -> 61.478806 | F43: =C43*F38 -> 72.377321
B44: Total | C44: =SUM(C42:C43) -> 0.11111111 | D44: =SUM(D42:D43) -> 245.91522 | E44: =SUM(E42:E43) -> 245.91522 | F44: =SUM(F42:F43) -> 289.50928
B45: 2.2 - GPS, FGTS e outras contribuições (Incide sobre os Módulos 1 e 2.1) | C45: Percentuais | D45: Valor (R$) | E45: Valor (R$) | F45: Valor (R$)
B46: A - INSS | C46: 0.2 | D46: =C46*(D38+D44) -> 491.83044 | E46: =C46*(E38+E44) -> 491.83044 | F46: =C46*(F38+F44) -> 579.01857
B47: B - Salário Educação | C47: 0.025 | D47: =C47*(D38+D44) -> 61.478806 | E47: =C47*(E38+E44) -> 61.478806 | F47: =C47*(F38+F44) -> 72.377321
B48: C - SAT (Utilizar o RAT Ajustado conforme GFIP: RAT x FAP) | C48: 0.03 | D48: =C48*(D38+D44) -> 73.774567 | E48: =C48*(E38+E44) -> 73.774567 | F48: =C48*(F38+F44) -> 86.852785
B49: D - SESI ou SESC | C49: 0.015 | D49: =C49*(D38+D44) -> 36.887283 | E49: =C49*(E38+E44) -> 36.887283 | F49: =C49*(F38+F44) -> 43.426393
B50: E - SENAI ou SENAC | C50: 0.01 | D50: =C50*(D38+D44) -> 24.591522 | E50: =C50*(E38+E44) -> 24.591522 | F50: =C50*(F38+F44) -> 28.950928
B51: F - SEBRAE | C51: 0.006 | D51: =C51*(D38+D44) -> 14.754913 | E51: =C51*(E38+E44) -> 14.754913 | F51: =C51*(F38+F44) -> 17.370557
B52: G - INCRA | C52: 0.002 | D52: =C52*(D38+D44) -> 4.9183044 | E52: =C52*(E38+E44) -> 4.9183044 | F52: =C52*(F38+F44) -> 5.7901857
B53: F - FGTS | C53: 0.08 | D53: =C53*(D38+D44) -> 196.73218 | E53: =C53*(E38+E44) -> 196.73218 | F53: =C53*(F38+F44) -> 231.60743
B54: Total | C54: =SUM(C46:C53) -> 0.368 | D54: =SUM(D46:D53) -> 904.96802 | E54: =SUM(E46:E53) -> 904.96802 | F54: =SUM(F46:F53) -> 1065.3942
B55: 2.3 - Benefícios Mensais e Diários | C55: Valores/ Percentuais | D55: Valor (R$) | E55: Valor (R$) | F55: Valor (R$)
B56: A – Auxílio Transporte (Por dia trabalhado) | C56: 0
B57: B – Auxílio Alimentação (Jornada igual ou superior a 6 horas) | C57: ='Memória de Cálculo'!C6 -> 36 | D57: ='Memória de Cálculo'!E6 -> 926.64 | E57: ='Memória de Cálculo'!E7 -> 534.6 | F57: ='Memória de Cálculo'!E8 -> 534.6
B58: C – Assistência Médica | C58: 0 | D58: =C58 -> 0 | E58: =C58 -> 0 | F58: =C58 -> 0
B59: D – Auxílio Creche | C59: 0 | D59: =C59 -> 0 | E59: =D59 -> 0 | F59: =E59 -> 0
B60: E – Auxílio Morte/Funeral | C60: 9.55e-05 | D60: =D31*C60*2.5 -> 0.40646949 | E60: =E31*C60*2.5 -> 0.40646949 | F60: =F31*C60*2.5 -> 0.40646949
B61: F – Seguro de Vida | C61: 9.55e-05 | D61: =D38*C61*30 -> 6.340924 | E61: =E38*C61*30 -> 6.340924 | F61: =F38*C61*30 -> 7.4649969
B62: Total | D62: =SUM(D56:D61) -> 933.38739 | E62: =SUM(E56:E61) -> 541.34739 | F62: =SUM(F56:F61) -> 542.47147
B63: 2 - Encargos e Benefícios Anuais, Mensais e Diários | C63: Percentuais | D63: Valor (R$) | E63: Valor (R$) | F63: Valor (R$)
B64: 2.1 - 13º Salário, Férias e Adicional de Férias | C64: =C44 -> 0.11111111 | D64: =D44 -> 245.91522 | E64: =E44 -> 245.91522 | F64: =F44 -> 289.50928
B65: 2.2 - GPS, FGTS e outras contribuições | C65: =C54 -> 0.368 | D65: =D54 -> 904.96802 | E65: =E54 -> 904.96802 | F65: =F54 -> 1065.3942
B66: 2.3 - Benefícios Mensais e Diários | C66: 0 | D66: =D62 -> 933.38739 | E66: =E62 -> 541.34739 | F66: =F62 -> 542.47147
B67: Total | D67: =SUM(D64:D66) -> 2084.2706 | E67: =SUM(E64:E66) -> 1692.2306 | F67: =SUM(F64:F66) -> 1897.3749
B69: MÓDULO 3: PROVISÃO PARA RESCISÃO
B70: 3 - Provisão para Rescisão | C70: Percentuais | D70: Valor (R$) | E70: Valor (R$) | F70: Valor (R$)
B71: A - Aviso Prévio Indenizado (Esta parcela deverá ser reduzida após o primeiro ano da contratação para o percentual máximo de 0,042%: Acórdão 1.186/2017-P) | C71: =1/12*0.05 -> 0.0041666667 | D71: =C71*D38 -> 9.2218208 | E71: =C71*E38 -> 9.2218208 | F71: =C71*F38 -> 10.856598
B72: B - Incidência do FGTS sobre Aviso Prévio Indenizado | C72: =C53*C71 -> 0.00033333333 | D72: =C72*D38 -> 0.73774567 | E72: =C72*E38 -> 0.73774567 | F72: =C72*F38 -> 0.86852785
B73: C - Multa do FGTS e contribuições sociais sobre o Aviso Prévio Indenizado | C73: 0 | D73: =C73*D38 -> 0 | E73: =C73*E38 -> 0 | F73: =C73*F38 -> 0
B74: D - Aviso Prévio Trabalhado (Esta parcela deverá ser reduzida após o primeiro ano da contratação para o percentual máximo de 0,194%: Acórdão 1.186/2017-P) | C74: =1/30*7/12 -> 0.019444444 | D74: =C74*D38 -> 43.035164 | E74: =C74*E38 -> 43.035164 | F74: =C74*F38 -> 50.664125
B75: E - Incidência de GPS, FGTS e outras contribuições (submódulo 2.2) sobre o Aviso Prévio Trabalhado | C75: =C54*C74 -> 0.0071555556 | D75: =C75*D38 -> 15.83694 | E75: =C75*E38 -> 15.83694 | F75: =C75*F38 -> 18.644398
B76: F - Multa do FGTS sobre o Aviso Prévio Trabalhado (Rescisões sem justa causa) | C76: =0.08*0.4*0.9*(1+1/12+1/12+1/3*1/12) -> 0.0344 | D76: =C76*D38 -> 76.135353 | E76: =C76*E38 -> 76.135353 | F76: =C76*F38 -> 89.632074
B77: Total | C77: =SUM(C71:C76) -> 0.0655 | D77: =SUM(D71:D76) -> 144.96702 | E77: =SUM(E71:E76) -> 144.96702 | F77: =SUM(F71:F76) -> 170.66572
B79: MÓDULO 4: CUSTO DE REPOSIÇÃO DO PROFISSIONAL AUSENTE
B80: 4.1 – Substituto nas Ausências Legais | C80: Percentuais | D80: Valor (R$) | E80: Valor (R$) | F80: Valor (R$)
B81: A – Substituto na cobertura de Férias | C81: =1/12 -> 0.083333333 | D81: =C81*(D38+D67+D77) -> 370.20622 | E81: =C81*(E38+E67+E77) -> 337.53622 | F81: =C81*(F38+F67+F77) -> 389.46868
B82: B – Substituto na cobertura de ausências Legais | C82: ='Memória de Cálculo'!C21 -> 0.0028 | D82: =C82*(D38+D67+D77) -> 12.438929 | E82: =C82*(E38+E67+E77) -> 11.341217 | F82: =C82*(F38+F67+F77) -> 13.086148
B83: C - Substituto na cobertura na licença-paternidade | C83: ='Memória de Cálculo'!D28/30/12*'Memória de Cálculo'!D26*'Memória de Cálculo'!D27 -> 0.00018725 | D83: =C83*(D38+D67+D77) -> 0.83185338 | E83: =C83*(E38+E67+E77) -> 0.75844389 | F83: =C83*(F38+F67+F77) -> 0.87513613
B84: D - Substituto na cobertura na ausências por acidente de trabalho | C84: ='Memória de Cálculo'!D32/30/12 -> 0.0019202778 | D84: =C84*(D38+D67+D77) -> 8.5307854 | E84: =C84*(E38+E67+E77) -> 7.7779597 | F84: =C84*(F38+F67+F77) -> 8.9746567
B85: E - Substituto na cobertura de afastamento maternidade | C85: =120/30*'Memória de Cálculo'!D42*'Memória de Cálculo'!D43 -> 0.00129536 | D85: =C85*(D38+D67+D77) -> 5.754604 | E85: =C85*(E38+E67+E77) -> 5.246771 | F85: =C85*(F38+F67+F77) -> 6.0540258
B86: F - Substituto na cobertura de outras ausências (especificar) | C86: 0 | D86: =C86*(D38+D67+D77) -> 0 | E86: =C86*(E38+E67+E77) -> 0 | F86: =C86*(F38+F67+F77) -> 0
B87: Total | C87: =SUM(C81:C86) -> 0.089536221 | D87: =SUM(D81:D86) -> 397.76239 | E87: =SUM(E81:E86) -> 362.66061 | F87: =SUM(F81:F86) -> 418.45865
B88: 4.2 - Substituto na Intrajornada (Indenizada) | C88: Percentuais | D88: Valor (R$) | E88: Valor (R$) | F88: Valor (R$)
B89: A - Substituto na cobertura de intervalo para repouso ou alimentação (Intrajornada indenizada de 1 hora, conforme CCT) | C89: 0.5 | D89: 0 | E89: =(E38/220)*15*1.5 -> 226.35378 | F89: =(F38/220)*15*1.5 -> 266.48014
B90: Total | D90: =SUM(D89:D89) -> 0 | E90: =SUM(E89:E89) -> 226.35378 | F90: =SUM(F89:F89) -> 266.48014
B92: 4 - Custo de Reposição do Profissional Ausente | C92: Percentuais | D92: Valor (R$) | E92: Valor (R$) | F92: Valor (R$)
B93: 4.1 - Substituto nas ausências Legais | C93: =C87 -> 0.089536221 | D93: =D87 -> 397.76239 | E93: =E87 -> 362.66061 | F93: =F87 -> 418.45865
B94: 4.2 - Intrajornada indenizada | C94: =C89 -> 0.5 | D94: =D90 -> 0 | E94: =E90 -> 226.35378 | F94: =F90 -> 266.48014
B95: Total | D95: =SUM(D93:D94) -> 397.76239 | E95: =SUM(E93:E94) -> 589.0144 | F95: =SUM(F93:F94) -> 684.93879
B97: MÓDULO 5: INSUMOS DIVERSOS
B98: 5 - Insumos Diversos | C98: Valores | D98: Valor (R$) | E98: Valor (R$) | F98: Valor (R$)
B99: A - Uniformes | C99: =Insumos!J13 -> 41.683333 | D99: =C99 -> 41.683333 | E99: =C99 -> 41.683333 | F99: =C99 -> 41.683333
B100: B - Materiais (Valor por posto) | C100: =Insumos!J21 -> 10.203333 | D100: =C100 -> 10.203333 | E100: =C100/2 -> 5.1016667 | F100: =C100/2 -> 5.1016667
B101: C - Outros (especificar) | C101: 0 | D101: =C101 -> 0 | E101: =C101 -> 0 | F101: =C101 -> 0
B102: Total | C102: =SUM(C99:C101) -> 51.886667 | D102: =SUM(D99:D101) -> 51.886667 | E102: =SUM(E99:E101) -> 46.785 | F102: =SUM(F99:F101) -> 46.785
B104: MÓDULO 6: CUSTOS INDIRETOS, TRIBUTOS E LUCRO
B105: 6 - Custos Indiretos, Tributos e Lucro | C105: Percentuais | D105: Valor (R$) | E105: Valor (R$) | F105: Valor (R$)
B106: A - Custos Indiretos | C106: 0.032 | D106: =C106*(D38+D67+D77+D95+D102) -> 156.54796 | E106: =C106*(E38+E67+E77+E95+E102) -> 149.95949 | F106: =C106*(F38+F67+F77+F95+F102) -> 172.97114
B107: B - Lucro | C107: 0.0358 | D107: =C107*(D38+D67+D77+D95+D102+D106) -> 180.74245 | E107: =C107*(E38+E67+E77+E95+E102+E106) -> 173.13573 | F107: =C107*(F38+F67+F77+F95+F102+F106) -> 199.70382
B108: C - Tributos (Percentuais de acordo com o regime tributário da empresa) | C108: =SUM(C109:C112) -> 0.0665 | D108: =((D38+D67+D77+D95+D102+D106+D107)/(1-C108))*C108 -> 372.52923 | E108: =((E38+E67+E77+E95+E102+E106+E107)/(1-C108))*C108 -> 356.85099 | F108: =((F38+F67+F77+F95+F102+F106+F107)/(1-C108))*C108 -> 411.61063
B109: C.1.1 - Tributos Federais (COFINS) | C109: =0.03 -> 0.03 | D109: =((D38+D67+D77+D95+D102+D106+D107)/(1-C108))*C109 -> 168.0583 | E109: =((E38+E67+E77+E95+E102+E106+E107)/(1-C108))*C109 -> 160.98541 | F109: =((F38+F67+F77+F95+F102+F106+F107)/(1-C108))*C109 -> 185.68901
B110: C.1.1 - Tributos Federais (PIS) | C110: =0.0065 -> 0.0065 | D110: =((D38+D67+D77+D95+D102+D106+D107)/(1-C108))*C110 -> 36.412632 | E110: =((E38+E67+E77+E95+E102+E106+E107)/(1-C108))*C110 -> 34.880172 | F110: =((F38+F67+F77+F95+F102+F106+F107)/(1-C108))*C110 -> 40.232618
B111: C.3 - Tributos Municipais (ISSQN do município de prestação do serviço (art. 3º, XVI, LC nº 116/2003)) | C111: 0.03 | D111: =((D38+D67+D77+D95+D102+D106+D107)/(1-C108))*C111 -> 168.0583 | E111: =((E38+E67+E77+E95+E102+E106+E107)/(1-C108))*C111 -> 160.98541 | F111: =((F38+F67+F77+F95+F102+F106+F107)/(1-C108))*C111 -> 185.68901
B112: C.4 - Outros Tributos (especificar)
...

Sheet Icoarací
B1: PLANILHA ESTIMATIVA
B2: Planilha de Custos e Formação de Preços para Serviços de Vigilância - GEX – Belém, Marabá e Santarém-PA
B4: Nº do Processo: | C4: 35014.499513/2022-13
B5: Pregão Eletrônico nº
B6: Data:
B8: Discriminação dos Serviços (dados referentes à contratação)
B9: A – Data de apresentação da proposta (dia/mês/ano)
B10: B – Município/UF | C10: Icoarí – PA
B11: C – Ano Acordo, Convenção ou Sentença Normativa em Dissídio Coletivo | C11: 2023
B12: D – Nº de meses de execução contratual | C12: 12
B14: Identificação do Serviço
B15: Tipo de Serviço | C15: Unid. de Medida | D15: Posto de 44 h semanais (Qtde) | E15: Posto 12X36 Diurnas (Qtde) | F15: Posto 12X36 Noturno (Qtde)
B16: Contratação de serviços de segurança e vigilância orgânica e patrimonial desarmada, visando atender as demandas das Gerências Executivas de Belém, Marabá e Santarém-PA, conforme condições, quantidades e exigências estabelecidas no instrumento convocatório. | C16: Posto | D16: =Resumo!E63 -> 2 | E16: =Resumo!E64 -> 1 | F16: =Resumo!E65 -> 1
B19: Mão de obra vinculada à execução contratual
B20: Dados para composição dos custos referente à mão de obra
B21: 1 – Tipo de serviço (mesmo serviço com características distintas) | C21: Vigilância
B22: 2 – Classificação Brasileira de Ocupações (CBO) | C22: 517330
B23: 3 – Salário Normativo da Categoria Profissional | C23: 1702.49
B24: 4 – Categoria profissional (vinculada à execução contratual) | C24: Vigilante
B25: 5 – Data base da categoria (dia/mês/ano) | C25: 01 de janeiro
B26: 6 – Numero de registro da convenção coletiva no MTE | C26: PA000985/2022
B28: CUSTOS | C28: Percentuais e Valores de Referência | D28: 44 horas semanais | E28: 12X36 Diurnas | F28: 12X36 Noturnas
B29: MÓDULO 1: COMPOSIÇÃO DA REMUNERAÇÃO
B30: 1 - Composição da Remuneração | C30: Valores/ Percentuais | D30: Valor (R$) | E30: Valor (R$) | F30: Valor (R$)
B31: A – Salário Normativo | C31: =C23 -> 1702.49 | D31: =C31 -> 1702.49 | E31: =C31 -> 1702.49 | F31: =C31 -> 1702.49
B32: B - Adicional de Periculosidade | C32: 0.3 | D32: =D31*C32 -> 510.747 | E32: =E31*C32 -> 510.747 | F32: =F31*C32 -> 510.747
B33: C - Adicional de Insalubridade
B34: D - Adicional Noturno | C34: 0.2 | D34: 0 | E34: 0 | F34: =((F31+F32)/220)*C34*7*15 -> 211.26353
B35: E - Adicional de Hora Noturna Reduzida | D35: 0 | E35: 0 | F35: =((F31+F32)/220)*1.2*15 -> 181.08303
B36: F - Penosidade | D36: 0 | E36: 0 | F36: 0
B37: G - Outros | D37: 0 | E37: 0 | F37: 0
B38: Total | D38: =SUM(D31:D37) -> 2213.237 | E38: =SUM(E31:E37) -> 2213.237 | F38: =SUM(F31:F37) -> 2605.5836
B40: MÓDULO 2: ENCARGOS E BENEFÍCIOS ANUAIS, MENSAIS E DIÁRIOS
B41: 2.1 - 13º Salário, Férias e Adicional de Férias | C41: Percentuais | D41: Valor (R$) | E41: Valor (R$) | F41: Valor (R$)
B42: A - 13º salário | C42: =1/12 -> 0.083333333 | D42: =C42*D38 -> 184.43642 | E42: =C42*E38 -> 184.43642 | F42: =C42*F38 -> 217.13196
B43: B - Férias e Adicional de Férias (O custo com o valor pago ao substituto durante as férias do empregado consta na letra "A" do submódulo 4.1), (custo não renovável). | C43: =C42/3 -> 0.027777778 | D43: =C43*D38 -> 61.478806 | E43: =C43*E38 -> 61.478806 | F43: =C43*F38 -> 72.377321
B44: Total | C44: =SUM(C42:C43) -> 0.11111111 | D44: =SUM(D42:D43) -> 245.91522 | E44: =SUM(E42:E43) -> 245.91522 | F44: =SUM(F42:F43) -> 289.50928
B45: 2.2 - GPS, FGTS e outras contribuições (Incide sobre os Módulos 1 e 2.1) | C45: Percentuais | D45: Valor (R$) | E45: Valor (R$) | F45: Valor (R$)
B46: A - INSS | C46: 0.2 | D46: =C46*(D38+D44) -> 491.83044 | E46: =C46*(E38+E44) -> 491.83044 | F46: =C46*(F38+F44) -> 579.01857
B47: B - Salário Educação | C47: 0.025 | D47: =C47*(D38+D44) -> 61.478806 | E47: =C47*(E38+E44) -> 61.478806 | F47: =C47*(F38+F44) -> 72.377321
B48: C - SAT (Utilizar o RAT Ajustado conforme GFIP: RAT x FAP) | C48: 0.03 | D48: =C48*(D38+D44) -> 73.774567 | E48: =C48*(E38+E44) -> 73.774567 | F48: =C48*(F38+F44) -> 86.852785
B49: D - SESI ou SESC | C49: 0.015 | D49: =C49*(D38+D44) -> 36.887283 | E49: =C49*(E38+E44) -> 36.887283 | F49: =C49*(F38+F44) -> 43.426393
B50: E - SENAI ou SENAC | C50: 0.01 | D50: =C50*(D38+D44) -> 24.591522 | E50: =C50*(E38+E44) -> 24.591522 | F50: =C50*(F38+F44) -> 28.950928
B51: F - SEBRAE | C51: 0.006 | D51: =C51*(D38+D44) -> 14.754913 | E51: =C51*(E38+E44) -> 14.754913 | F51: =C51*(F38+F44) -> 17.370557
B52: G - INCRA | C52: 0.002 | D52: =C52*(D38+D44) -> 4.9183044 | E52: =C52*(E38+E44) -> 4.9183044 | F52: =C52*(F38+F44) -> 5.7901857
B53: F - FGTS | C53: 0.08 | D53: =C53*(D38+D44) -> 196.73218 | E53: =C53*(E38+E44) -> 196.73218 | F53: =C53*(F38+F44) -> 231.60743
B54: Total | C54: =SUM(C46:C53) -> 0.368 | D54: =SUM(D46:D53) -> 904.96802 | E54: =SUM(E46:E53) -> 904.96802 | F54: =SUM(F46:F53) -> 1065.3942
B55: 2.3 - Benefícios Mensais e Diários | C55: Valores/ Percentuais | D55: Valor (R$) | E55: Valor (R$) | F55: Valor (R$)
B56: A – Auxílio Transporte (Por dia trabalhado) | C56: 0
B57: B – Auxílio Alimentação (Jornada igual ou superior a 6 horas) | C57: ='Memória de Cálculo'!C6 -> 36 | D57: ='Memória de Cálculo'!E6 -> 926.64 | E57: ='Memória de Cálculo'!E7 -> 534.6 | F57: ='Memória de Cálculo'!E8 -> 534.6
B58: C – Assistência Médica | C58: 0 | D58: =C58 -> 0 | E58: =C58 -> 0 | F58: =C58 -> 0
B59: D – Auxílio Creche | C59: 0 | D59: =C59 -> 0 | E59: =D59 -> 0 | F59: =E59 -> 0
B60: E – Auxílio Morte/Funeral | C60: 9.55e-05 | D60: =D31*C60*2.5 -> 0.40646949 | E60: =E31*C60*2.5 -> 0.40646949 | F60: =F31*C60*2.5 -> 0.40646949
B61: F – Seguro de Vida | C61: 9.55e-05 | D61: =D38*C61*30 -> 6.340924 | E61: =E38*C61*30 -> 6.340924 | F61: =F38*C61*30 -> 7.4649969
B62: Total | D62: =SUM(D56:D61) -> 933.38739 | E62: =SUM(E56:E61) -> 541.34739 | F62: =SUM(F56:F61) -> 542.47147
B63: 2 - Encargos e Benefícios Anuais, Mensais e Diários | C63: Percentuais | D63: Valor (R$) | E63: Valor (R$) | F63: Valor (R$)
B64: 2.1 - 13º Salário, Férias e Adicional de Férias | C64: =C44 -> 0.11111111 | D64: =D44 -> 245.91522 | E64: =E44 -> 245.91522 | F64: =F44 -> 289.50928
B65: 2.2 - GPS, FGTS e outras contribuições | C65: =C54 -> 0.368 | D65: =D54 -> 904.96802 | E65: =E54 -> 904.96802 | F65: =F54 -> 1065.3942
B66: 2.3 - Benefícios Mensais e Diários | C66: 0 | D66: =D62 -> 933.38739 | E66: =E62 -> 541.34739 | F66: =F62 -> 542.47147
B67: Total | D67: =SUM(D64:D66) -> 2084.2706 | E67: =SUM(E64:E66) -> 1692.2306 | F67: =SUM(F64:F66) -> 1897.3749
B69: MÓDULO 3: PROVISÃO PARA RESCISÃO
B70: 3 - Provisão para Rescisão | C70: Percentuais | D70: Valor (R$) | E70: Valor (R$) | F70: Valor (R$)
B71: A - Aviso Prévio Indenizado (Esta parcela deverá ser reduzida após o primeiro ano da contratação para o percentual máximo de 0,042%: Acórdão 1.186/2017-P) | C71: =1/12*0.05 -> 0.0041666667 | D71: =C71*D38 -> 9.2218208 | E71: =C71*E38 -> 9.2218208 | F71: =C71*F38 -> 10.856598
B72: B - Incidência do FGTS sobre Aviso Prévio Indenizado | C72: =C53*C71 -> 0.00033333333 | D72: =C72*D38 -> 0.73774567 | E72: =C72*E38 -> 0.73774567 | F72: =C72*F38 -> 0.86852785
B73: C - Multa do FGTS e contribuições sociais sobre o Aviso Prévio Indenizado | C73: 0 | D73: =C73*D38 -> 0 | E73: =C73*E38 -> 0 | F73: =C73*F38 -> 0
B74: D - Aviso Prévio Trabalhado (Esta parcela deverá ser reduzida após o primeiro ano da contratação para o percentual máximo de 0,194%: Acórdão 1.186/2017-P) | C74: =1/30*7/12 -> 0.019444444 | D74: =C74*D38 -> 43.035164 | E74: =C74*E38 -> 43.035164 | F74: =C74*F38 -> 50.664125
B75: E - Incidência de GPS, FGTS e outras contribuições (submódulo 2.2) sobre o Aviso Prévio Trabalhado | C75: =C54*C74 -> 0.0071555556 | D75: =C75*D38 -> 15.83694 | E75: =C75*E38 -> 15.83694 | F75: =C75*F38 -> 18.644398
B76: F - Multa do FGTS sobre o Aviso Prévio Trabalhado (Rescisões sem justa causa) | C76: =0.08*0.4*0.9*(1+1/12+1/12+1/3*1/12) -> 0.0344 | D76: =C76*D38 -> 76.135353 | E76: =C76*E38 -> 76.135353 | F76: =C76*F38 -> 89.632074
B77: Total | C77: =SUM(C71:C76) -> 0.0655 | D77: =SUM(D71:D76) -> 144.96702 | E77: =SUM(E71:E76) -> 144.96702 | F77: =SUM(F71:F76) -> 170.66572
B79: MÓDULO 4: CUSTO DE REPOSIÇÃO DO PROFISSIONAL AUSENTE
B80: 4.1 – Substituto nas Ausências Legais | C80: Percentuais | D80: Valor (R$) | E80: Valor (R$) | F80: Valor (R$)
B81: A – Substituto na cobertura de Férias | C81: =1/12 -> 0.083333333 | D81: =C81*(D38+D67+D77) -> 370.20622 | E81: =C81*(E38+E67+E77) -> 337.53622 | F81: =C81*(F38+F67+F77) -> 389.46868
B82: B – Substituto na cobertura de ausências Legais | C82: ='Memória de Cálculo'!C21 -> 0.0028 | D82: =C82*(D38+D67+D77) -> 12.438929 | E82: =C82*(E38+E67+E77) -> 11.341217 | F82: =C82*(F38+F67+F77) -> 13.086148
B83: C - Substituto na cobertura na licença-paternidade | C83: ='Memória de Cálculo'!D28/30/12*'Memória de Cálculo'!D26*'Memória de Cálculo'!D27 -> 0.00018725 | D83: =C83*(D38+D67+D77) -> 0.83185338 | E83: =C83*(E38+E67+E77) -> 0.75844389 | F83: =C83*(F38+F67+F77) -> 0.87513613
B84: D - Substituto na cobertura na ausências por acidente de trabalho | C84: ='Memória de Cálculo'!D32/30/12 -> 0.0019202778 | D84: =C84*(D38+D67+D77) -> 8.5307854 | E84: =C84*(E38+E67+E77) -> 7.7779597 | F84: =C84*(F38+F67+F77) -> 8.9746567
B85: E - Substituto na cobertura de afastamento maternidade | C85: =120/30*'Memória de Cálculo'!D42*'Memória de Cálculo'!D43 -> 0.00129536 | D85: =C85*(D38+D67+D77) -> 5.754604 | E85: =C85*(E38+E67+E77) -> 5.246771 | F85: =C85*(F38+F67+F77) -> 6.0540258
B86: F - Substituto na cobertura de outras ausências (especificar) | C86: 0 | D86: =C86*(D38+D67+D77) -> 0 | E86: =C86*(E38+E67+E77) -> 0 | F86: =C86*(F38+F67+F77) -> 0
B87: Total | C87: =SUM(C81:C86) -> 0.089536221 | D87: =SUM(D81:D86) -> 397.76239 | E87: =SUM(E81:E86) -> 362.66061 | F87: =SUM(F81:F86) -> 418.45865
B88: 4.2 - Substituto na Intrajornada (Indenizada) | C88: Percentuais | D88: Valor (R$) | E88: Valor (R$) | F88: Valor (R$)
B89: A - Substituto na cobertura de intervalo para repouso ou alimentação (Intrajornada indenizada de 1 hora, conforme CCT) | C89: 0.5 | D89: 0 | E89: =(E38/220)*15*1.5 -> 226.35378 | F89: =(F38/220)*15*1.5 -> 266.48014
B90: Total | D90: =SUM(D89:D89) -> 0 | E90: =SUM(E89:E89) -> 226.35378 | F90: =SUM(F89:F89) -> 266.48014
B92: 4 - Custo de Reposição do Profissional Ausente | C92: Percentuais | D92: Valor (R$) | E92: Valor (R$) | F92: Valor (R$)
B93: 4.1 - Substituto nas ausências Legais | C93: =C87 -> 0.089536221 | D93: =D87 -> 397.76239 | E93: =E87 -> 362.66061 | F93: =F87 -> 418.45865
B94: 4.2 - Intrajornada indenizada | C94: =C89 -> 0.5 | D94: =D90 -> 0 | E94: =E90 -> 226.35378 | F94: =F90 -> 266.48014
B95: Total | D95: =SUM(D93:D94) -> 397.76239 | E95: =SUM(E93:E94) -> 589.0144 | F95: =SUM(F93:F94) -> 684.93879
B97: MÓDULO 5: INSUMOS DIVERSOS
B98: 5 - Insumos Diversos | C98: Valores | D98: Valor (R$) | E98: Valor (R$) | F98: Valor (R$)
B99: A - Uniformes | C99: =Insumos!J13 -> 41.683333 | D99: =C99 -> 41.683333 | E99: =C99 -> 41.683333 | F99: =C99 -> 41.683333
B100: B - Materiais (Valor por posto) | C100: =Insumos!J21 -> 10.203333 | D100: =C100 -> 10.203333 | E100: =C100/2 -> 5.1016667 | F100: =C100/2 -> 5.1016667
B101: C - Outros (especificar) | C101: 0 | D101: =C101 -> 0 | E101: =C101 -> 0 | F101: =C101 -> 0
B102: Total | C102: =SUM(C99:C101) -> 51.886667 | D102: =SUM(D99:D101) -> 51.886667 | E102: =SUM(E99:E101) -> 46.785 | F102: =SUM(F99:F101) -> 46.785
B104: MÓDULO 6: CUSTOS INDIRETOS, TRIBUTOS E LUCRO
B105: 6 - Custos Indiretos, Tributos e Lucro | C105: Percentuais | D105: Valor (R$) | E105: Valor (R$) | F105: Valor (R$)
B106: A - Custos Indiretos | C106: 0.032 | D106: =C106*(D38+D67+D77+D95+D102) -> 156.54796 | E106: =C106*(E38+E67+E77+E95+E102) -> 149.95949 | F106: =C106*(F38+F67+F77+F95+F102) -> 172.97114
B107: B - Lucro | C107: 0.0358 | D107: =C107*(D38+D67+D77+D95+D102+D106) -> 180.74245 | E107: =C107*(E38+E67+E77+E95+E102+E106) -> 173.13573 | F107: =C107*(F38+F67+F77+F95+F102+F106) -> 199.70382
B108: C - Tributos (Percentuais de acordo com o regime tributário da empresa) | C108: =SUM(C109:C112) -> 0.0865 | D108: =((D38+D67+D77+D95+D102+D106+D107)/(1-C108))*C108 -> 495.17714 | E108: =((E38+E67+E77+E95+E102+E106+E107)/(1-C108))*C108 -> 474.33715 | F108: =((F38+F67+F77+F95+F102+F106+F107)/(1-C108))*C108 -> 547.12533
B109: C.1.1 - Tributos Federais (COFINS) | C109: =0.03 -> 0.03 | D109: =((D38+D67+D77+D95+D102+D106+D107)/(1-C108))*C109 -> 171.73774 | E109: =((E38+E67+E77+E95+E102+E106+E107)/(1-C108))*C109 -> 164.50999 | F109: =((F38+F67+F77+F95+F102+F106+F107)/(1-C108))*C109 -> 189.75445
B110: C.1.1 - Tributos Federais (PIS) | C110: =0.0065 -> 0.0065 | D110: =((D38+D67+D77+D95+D102+D106+D107)/(1-C108))*C110 -> 37.209843 | E110: =((E38+E67+E77+E95+E102+E106+E107)/(1-C108))*C110 -> 35.643832 | F110: =((F38+F67+F77+F95+F102+F106+F107)/(1-C108))*C110 -> 41.113464
B111: C.3 - Tributos Municipais (ISSQN do município de prestação do serviço (art. 3º, XVI, LC nº 116/2003)) | C111: 0.05 | D111: =((D38+D67+D77+D95+D102+D106+D107)/(1-C108))*C111 -> 286.22956 | E111: =((E38+E67+E77+E95+E102+E106+E107)/(1-C108))*C111 -> 274.18332 | F111: =((F38+F67+F77+F95+F102+F106+F107)/(1-C108))*C111 -> 316.25741
B112: C.4 - Outros Tributos (especificar)
...

Sheet Bragança
B1: PLANILHA ESTIMATIVA
B2: Planilha de Custos e Formação de Preços para Serviços de Vigilância - GEX – Belém, Marabá e Santarém-PA
B4: Nº do Processo: | C4: 35014.499513/2022-13
B5: Pregão Eletrônico nº
B6: Data:
B8: Discriminação dos Serviços (dados referentes à contratação)
B9: A – Data de apresentação da proposta (dia/mês/ano)
B10: B – Município/UF | C10: Bragança – PA
B11: C – Ano Acordo, Convenção ou Sentença Normativa em Dissídio Coletivo | C11: 2023
B12: D – Nº de meses de execução contratual | C12: 12
B14: Identificação do Serviço
B15: Tipo de Serviço | C15: Unid. de Medida | D15: Posto de 44 h semanais (Qtde) | E15: Posto 12X36 Diurnas (Qtde) | F15: Posto 12X36 Noturno (Qtde)
B16: Contratação de serviços de segurança e vigilância orgânica e patrimonial desarmada, visando atender as demandas das Gerências Executivas de Belém, Marabá e Santarém-PA, conforme condições, quantidades e exigências estabelecidas no instrumento convocatório. | C16: Posto | D16: =Resumo!E67 -> 1 | E16: =Resumo!E68 -> 1 | F16: =Resumo!E69 -> 1
B19: Mão de obra vinculada à execução contratual
B20: Dados para composição dos custos referente à mão de obra
B21: 1 – Tipo de serviço (mesmo serviço com características distintas) | C21: Vigilância
B22: 2 – Classificação Brasileira de Ocupações (CBO) | C22: 517330
B23: 3 – Salário Normativo da Categoria Profissional | C23: 1702.49
B24: 4 – Categoria profissional (vinculada à execução contratual) | C24: Vigilante
B25: 5 – Data base da categoria (dia/mês/ano) | C25: 01 de janeiro
B26: 6 – Numero de registro da convenção coletiva no MTE | C26: PA000985/2022
B28: CUSTOS | C28: Percentuais e Valores de Referência | D28: 44 horas semanais | E28: 12X36 Diurnas | F28: 12X36 Noturnas
B29: MÓDULO 1: COMPOSIÇÃO DA REMUNERAÇÃO
B30: 1 - Composição da Remuneração | C30: Valores/ Percentuais | D30: Valor (R$) | E30: Valor (R$) | F30: Valor (R$)
B31: A – Salário Normativo | C31: =C23 -> 1702.49 | D31: =C31 -> 1702.49 | E31: =C31 -> 1702.49 | F31: =C31 -> 1702.49
B32: B - Adicional de Periculosidade | C32: 0.3 | D32: =D31*C32 -> 510.747 | E32: =E31*C32 -> 510.747 | F32: =F31*C32 -> 510.747
B33: C - Adicional de Insalubridade
B34: D - Adicional Noturno | C34: 0.2 | D34: 0 | E34: 0 | F34: =((F31+F32)/220)*C34*7*15 -> 211.26353
B35: E - Adicional de Hora Noturna Reduzida | D35: 0 | E35: 0 | F35: =((F31+F32)/220)*1.2*15 -> 181.08303
B36: F - Penosidade | D36: 0 | E36: 0 | F36: 0
B37: G - Outros | D37: 0 | E37: 0 | F37: 0
B38: Total | D38: =SUM(D31:D37) -> 2213.237 | E38: =SUM(E31:E37) -> 2213.237 | F38: =SUM(F31:F37) -> 2605.5836
B40: MÓDULO 2: ENCARGOS E BENEFÍCIOS ANUAIS, MENSAIS E DIÁRIOS
B41: 2.1 - 13º Salário, Férias e Adicional de Férias | C41: Percentuais | D41: Valor (R$) | E41: Valor (R$) | F41: Valor (R$)
B42: A - 13º salário | C42: =1/12 -> 0.083333333 | D42: =C42*D38 -> 184.43642 | E42: =C42*E38 -> 184.43642 | F42: =C42*F38 -> 217.13196
B43: B - Férias e Adicional de Férias (O custo com o valor pago ao substituto durante as férias do empregado consta na letra "A" do submódulo 4.1), (custo não renovável). | C43: =C42/3 -> 0.027777778 | D43: =C43*D38 -> 61.478806 | E43: =C43*E38 -> 61.478806 | F43: =C43*F38 -> 72.377321
B44: Total | C44: =SUM(C42:C43) -> 0.11111111 | D44: =SUM(D42:D43) -> 245.91522 | E44: =SUM(E42:E43) -> 245.91522 | F44: =SUM(F42:F43) -> 289.50928
B45: 2.2 - GPS, FGTS e outras contribuições (Incide sobre os Módulos 1 e 2.1) | C45: Percentuais | D45: Valor (R$) | E45: Valor (R$) | F45: Valor (R$)
B46: A - INSS | C46: 0.2 | D46: =C46*(D38+D44) -> 491.83044 | E46: =C46*(E38+E44) -> 491.83044 | F46: =C46*(F38+F44) -> 579.01857
B47: B - Salário Educação | C47: 0.025 | D47: =C47*(D38+D44) -> 61.478806 | E47: =C47*(E38+E44) -> 61.478806 | F47: =C47*(F38+F44) -> 72.377321
B48: C - SAT (Utilizar o RAT Ajustado conforme GFIP: RAT x FAP) | C48: 0.03 | D48: =C48*(D38+D44) -> 73.774567 | E48: =C48*(E38+E44) -> 73.774567 | F48: =C48*(F38+F44) -> 86.852785
B49: D - SESI ou SESC | C49: 0.015 | D49: =C49*(D38+D44) -> 36.887283 | E49: =C49*(E38+E44) -> 36.887283 | F49: =C49*(F38+F44) -> 43.426393
B50: E - SENAI ou SENAC | C50: 0.01 | D50: =C50*(D38+D44) -> 24.591522 | E50: =C50*(E38+E44) -> 24.591522 | F50: =C50*(F38+F44) -> 28.950928
B51: F - SEBRAE | C51: 0.006 | D51: =C51*(D38+D44) -> 14.754913 | E51: =C51*(E38+E44) -> 14.754913 | F51: =C51*(F38+F44) -> 17.370557
B52: G - INCRA | C52: 0.002 | D52: =C52*(D38+D44) -> 4.9183044 | E52: =C52*(E38+E44) -> 4.9183044 | F52: =C52*(F38+F44) -> 5.7901857
B53: F - FGTS | C53: 0.08 | D53: =C53*(D38+D44) -> 196.73218 | E53: =C53*(E38+E44) -> 196.73218 | F53: =C53*(F38+F44) -> 231.60743
B54: Total | C54: =SUM(C46:C53) -> 0.368 | D54: =SUM(D46:D53) -> 904.96802 | E54: =SUM(E46:E53) -> 904.96802 | F54: =SUM(F46:F53) -> 1065.3942
B55: 2.3 - Benefícios Mensais e Diários | C55: Valores/ Percentuais | D55: Valor (R$) | E55: Valor (R$) | F55: Valor (R$)
B56: A – Auxílio Transporte (Por dia trabalhado) | C56: 0
B57: B – Auxílio Alimentação (Jornada igual ou superior a 6 horas) | C57: ='Memória de Cálculo'!C6 -> 36 | D57: ='Memória de Cálculo'!E6 -> 926.64 | E57: ='Memória de Cálculo'!E7 -> 534.6 | F57: ='Memória de Cálculo'!E8 -> 534.6
B58: C – Assistência Médica | C58: 0 | D58: =C58 -> 0 | E58: =C58 -> 0 | F58: =C58 -> 0
B59: D – Auxílio Creche | C59: 0 | D59: =C59 -> 0 | E59: =D59 -> 0 | F59: =E59 -> 0
B60: E – Auxílio Morte/Funeral | C60: 9.55e-05 | D60: =D31*C60*2.5 -> 0.40646949 | E60: =E31*C60*2.5 -> 0.40646949 | F60: =F31*C60*2.5 -> 0.40646949
B61: F – Seguro de Vida | C61: 9.55e-05 | D61: =D38*C61*30 -> 6.340924 | E61: =E38*C61*30 -> 6.340924 | F61: =F38*C61*30 -> 7.4649969
B62: Total | D62: =SUM(D56:D61) -> 933.38739 | E62: =SUM(E56:E61) -> 541.34739 | F62: =SUM(F56:F61) -> 542.47147
B63: 2 - Encargos e Benefícios Anuais, Mensais e Diários | C63: Percentuais | D63: Valor (R$) | E63: Valor (R$) | F63: Valor (R$)
B64: 2.1 - 13º Salário, Férias e Adicional de Férias | C64: =C44 -> 0.11111111 | D64: =D44 -> 245.91522 | E64: =E44 -> 245.91522 | F64: =F44 -> 289.50928
B65: 2.2 - GPS, FGTS e outras contribuições | C65: =C54 -> 0.368 | D65: =D54 -> 904.96802 | E65: =E54 -> 904.96802 | F65: =F54 -> 1065.3942
B66: 2.3 - Benefícios Mensais e Diários | C66: 0 | D66: =D62 -> 933.38739 | E66: =E62 -> 541.34739 | F66: =F62 -> 542.47147
B67: Total | D67: =SUM(D64:D66) -> 2084.2706 | E67: =SUM(E64:E66) -> 1692.2306 | F67: =SUM(F64:F66) -> 1897.3749
B69: MÓDULO 3: PROVISÃO PARA RESCISÃO
B70: 3 - Provisão para Rescisão | C70: Percentuais | D70: Valor (R$) | E70: Valor (R$) | F70: Valor (R$)
B71: A - Aviso Prévio Indenizado (Esta parcela deverá ser reduzida após o primeiro ano da contratação para o percentual máximo de 0,042%: Acórdão 1.186/2017-P) | C71: =1/12*0.05 -> 0.0041666667 | D71: =C71*D38 -> 9.2218208 | E71: =C71*E38 -> 9.2218208 | F71: =C71*F38 -> 10.856598
B72: B - Incidência do FGTS sobre Aviso Prévio Indenizado | C72: =C53*C71 -> 0.00033333333 | D72: =C72*D38 -> 0.73774567 | E72: =C72*E38 -> 0.73774567 | F72: =C72*F38 -> 0.86852785
B73: C - Multa do FGTS e contribuições sociais sobre o Aviso Prévio Indenizado | C73: 0 | D73: =C73*D38 -> 0 | E73: =C73*E38 -> 0 | F73: =C73*F38 -> 0
B74: D - Aviso Prévio Trabalhado (Esta parcela deverá ser reduzida após o primeiro ano da contratação para o percentual máximo de 0,194%: Acórdão 1.186/2017-P) | C74: =1/30*7/12 -> 0.019444444 | D74: =C74*D38 -> 43.035164 | E74: =C74*E38 -> 43.035164 | F74: =C74*F38 -> 50.664125
B75: E - Incidência de GPS, FGTS e outras contribuições (submódulo 2.2) sobre o Aviso Prévio Trabalhado | C75: =C54*C74 -> 0.0071555556 | D75: =C75*D38 -> 15.83694 | E75: =C75*E38 -> 15.83694 | F75: =C75*F38 -> 18.644398
B76: F - Multa do FGTS sobre o Aviso Prévio Trabalhado (Rescisões sem justa causa) | C76: =0.08*0.4*0.9*(1+1/12+1/12+1/3*1/12) -> 0.0344 | D76: =C76*D38 -> 76.135353 | E76: =C76*E38 -> 76.135353 | F76: =C76*F38 -> 89.632074
B77: Total | C77: =SUM(C71:C76) -> 0.0655 | D77: =SUM(D71:D76) -> 144.96702 | E77: =SUM(E71:E76) -> 144.96702 | F77: =SUM(F71:F76) -> 170.66572
B79: MÓDULO 4: CUSTO DE REPOSIÇÃO DO PROFISSIONAL AUSENTE
B80: 4.1 – Substituto nas Ausências Legais | C80: Percentuais | D80: Valor (R$) | E80: Valor (R$) | F80: Valor (R$)
B81: A – Substituto na cobertura de Férias | C81: =1/12 -> 0.083333333 | D81: =C81*(D38+D67+D77) -> 370.20622 | E81: =C81*(E38+E67+E77) -> 337.53622 | F81: =C81*(F38+F67+F77) -> 389.46868
B82: B – Substituto na cobertura de ausências Legais | C82: ='Memória de Cálculo'!C21 -> 0.0028 | D82: =C82*(D38+D67+D77) -> 12.438929 | E82: =C82*(E38+E67+E77) -> 11.341217 | F82: =C82*(F38+F67+F77) -> 13.086148
B83: C - Substituto na cobertura na licença-paternidade | C83: ='Memória de Cálculo'!D28/30/12*'Memória de Cálculo'!D26*'Memória de Cálculo'!D27 -> 0.00018725 | D83: =C83*(D38+D67+D77) -> 0.83185338 | E83: =C83*(E38+E67+E77) -> 0.75844389 | F83: =C83*(F38+F67+F77) -> 0.87513613
B84: D - Substituto na cobertura na ausências por acidente de trabalho | C84: ='Memória de Cálculo'!D32/30/12 -> 0.0019202778 | D84: =C84*(D38+D67+D77) -> 8.5307854 | E84: =C84*(E38+E67+E77) -> 7.7779597 | F84: =C84*(F38+F67+F77) -> 8.9746567
B85: E - Substituto na cobertura de afastamento maternidade | C85: =120/30*'Memória de Cálculo'!D42*'Memória de Cálculo'!D43 -> 0.00129536 | D85: =C85*(D38+D67+D77) -> 5.754604 | E85: =C85*(E38+E67+E77) -> 5.246771 | F85: =C85*(F38+F67+F77) -> 6.0540258
B86: F - Substituto na cobertura de outras ausências (especificar) | C86: 0 | D86: =C86*(D38+D67+D77) -> 0 | E86: =C86*(E38+E67+E77) -> 0 | F86: =C86*(F38+F67+F77) -> 0
B87: Total | C87: =SUM(C81:C86) -> 0.089536221 | D87: =SUM(D81:D86) -> 397.76239 | E87: =SUM(E81:E86) -> 362.66061 | F87: =SUM(F81:F86) -> 418.45865
B88: 4.2 - Substituto na Intrajornada (Indenizada) | C88: Percentuais | D88: Valor (R$) | E88: Valor (R$) | F88: Valor (R$)
B89: A - Substituto na cobertura de intervalo para repouso ou alimentação (Intrajornada indenizada de 1 hora, conforme CCT) | C89: 0.5 | D89: 0 | E89: =(E38/220)*15*1.5 -> 226.35378 | F89: =(F38/220)*15*1.5 -> 266.48014
B90: Total | D90: =SUM(D89:D89) -> 0 | E90: =SUM(E89:E89) -> 226.35378 | F90: =SUM(F89:F89) -> 266.48014
B92: 4 - Custo de Reposição do Profissional Ausente | C92: Percentuais | D92: Valor (R$) | E92: Valor (R$) | F92: Valor (R$)
B93: 4.1 - Substituto nas ausências Legais | C93: =C87 -> 0.089536221 | D93: =D87 -> 397.76239 | E93: =E87 -> 362.66061 | F93: =F87 -> 418.45865
B94: 4.2 - Intrajornada indenizada | C94: =C89 -> 0.5 | D94: =D90 -> 0 | E94: =E90 -> 226.35378 | F94: =F90 -> 266.48014
B95: Total | D95: =SUM(D93:D94) -> 397.76239 | E95: =SUM(E93:E94) -> 589.0144 | F95: =SUM(F93:F94) -> 684.93879
